Workbook
Name AI_Version: #REF!
Name CalcMethod: #REF!
Name DaNet: #REF!
Name Irtysh: #REF!
Name IS_DEMO: #REF!
Name IS_ESTATE: #REF!
Name IS_SUMM: #REF!
Name IS_TRIAL: #REF!
Name KTP: #REF!
Name KTP: #REF!
Name kW_а_ген1: #REF!
Name kW_а_ген1: #REF!
Name kW_а_ген3: #REF!
Name kW_а_ген3: #REF!
Name LanguageID: #REF!
Name line: #REF!
Name month_list: #REF!
Name MR_LIST: #REF!
Name nds: #REF!
Name PORT_PrjPeriods: #REF!
Name PrjTariff: #REF!
Name qr110to10: #REF!
Name qr110to10: #REF!
Name qr110to35: #REF!
Name qr110to35: #REF!
Name qr220to10_2: #REF!
Name qr220to10_2: #REF!
Name qr220to110: #REF!
Name qr220to110: #REF!
Name qr220to35: #REF!
Name qr35to10: #REF!
Name Razd1End: #REF!
Name Razd1End: #REF!
Name Razd1Start: #REF!
Name Razd1Start: #REF!
Name Razd2End: #REF!
Name Razd2End: #REF!
Name Razd2Start: #REF!
Name Razd3Start: #REF!
Name Razd4End: #REF!
Name Razd4Start: #REF!
Name Razd5End: #REF!
Name Razd5Start: #REF!
Name Razd6End: #REF!
Name Razd6Start: #REF!
Name Razd7End: #REF!
Name Razd7Start: #REF!
Name tavrich: #REF!
Name ВЫР: #REF!
Name ДатаТекст: #REF!
Name ДатаТекст: #REF!
Name ктр: #REF!
Name мДата: #REF!
Name НБд: #REF!
Name о_165: #REF!
Name о_165: #REF!
Name о_166: #REF!
Name о_166: #REF!
Name о_167: #REF!
Name о_167: #REF!

Sheet 2023-2027
A1: Основное средство | B1: Инвентарный номер | C1: вид деят | E1: Дата принятия к учету | F1: Подразделение | G1: Основное средство.СПИ (Основные средства) | H1: На 01.01.22 | K1: Облаг | L1: ежемес аморт | N1: годовая амортиз 2022 | AA1: 0.022 | AC1: годовая амортиз 2023 | AP1: 0.022 | AT1: годовая амортиз 2024 | BG1: 0.022 | BI1: годовая амортиз 2025 | BV1: 0.022 | BX1: годовая амортиз 2026 | CK1: 0.022 | CM1: годовая амортиз 2027 | CZ1: 0.022
H2: Стоимость | I2: Амортизация (износ) | J2: Остаточная стоимость | M2: изменения в 2022 (аморт) | O2: 44593 | P2: 44621 | Q2: 44652 | R2: 44682 | S2: 44713 | T2: 44743 | U2: 44774 | V2: 44805 | W2: 44835 | X2: 44866 | Y2: 44896 | Z2: 44927 | AA2: налог 2022 | AB2: изменения в 2023 году (аморт) | AD2: 44958 | AE2: 44986 | AF2: 45017 | AG2: 45047 | AH2: 45078 | AI2: 45108 | AJ2: 45139 | AK2: 45170 | AL2: 45200 | AM2: 45231 | AN2: 45261 | AO2: 45292 | AP2: налог 2023 | AQ2: ежемес аморт | AU2: 45323 | AV2: 45352 | AW2: 45383 | AX2: 45413 | AY2: 45444 | AZ2: 45474 | BA2: 45505 | BB2: 45536 | BC2: 45566 | BD2: 45597 | BE2: 45627 | BF2: 45658 | BG2: налог 2024 | BH2: ежемес аморт | BJ2: 45689 | BK2: 45717 | BL2: 45748 | BM2: 45778 | BN2: 45809 | BO2: 45839 | BP2: 45870 | BQ2: 45901 | BR2: 45931 | BS2: 45962 | BT2: 45992 | BU2: 46023 | BV2: налог 2025 | BW2: ежемес аморт | BY2: 46054 | BZ2: 46082 | CA2: 46113 | CB2: 46143 | CC2: 46174 | CD2: 46204 | CE2: 46235 | CF2: 46266 | CG2: 46296 | CH2: 46327 | CI2: 46357 | CJ2: 46388 | CK2: налог 2026 | CL2: ежемес аморт | CN2: 46419 | CO2: 46447 | CP2: 46478 | CQ2: 46508 | CR2: 46539 | CS2: 46569 | CT2: 46600 | CU2: 46631 | CV2: 46661 | CW2: 46692 | CX2: 46722 | CY2: 46753 | CZ2: налог 2027
A3: производство
A4: ='[1]2021 УГРЦТ'!A7 -> 2 очередь реконст. электрост. Здание ГТЭС-18 2010г | B4: ='[1]2021 УГРЦТ'!B7 -> 00001166 | C4: ='[1]2021 УГРЦТ'!C7 -> ПРОИЗВОДСТВО | D4: ='[1]2021 УГРЦТ'!D7 -> Здания | E4: ='[1]2021 УГРЦТ'!E7 -> 31.03.2010 | F4: ='[1]2021 УГРЦТ'!F7 -> Газотурбинный цех | G4: ='[1]2021 УГРЦТ'!AC7 -> 600 | H4: ='[1]2021 УГРЦТ'!X7 -> 2.1751175e+08 | I4: ='[1]2021 УГРЦТ'!Y7 -> 51115261 | J4: ='[1]2021 УГРЦТ'!Z7 -> 1.6639649e+08 | K4: 1 | L4: 362519.59 | N4: =L4*12 -> 4350235.1 | O4: =J4-$L4 -> 1.6603397e+08 | P4: =O4-$L4 -> 1.6567145e+08 | Q4: =P4-$L4 -> 1.6530893e+08 | R4: =Q4-$L4 -> 1.6494641e+08 | S4: =R4-$L4 -> 1.6458389e+08 | T4: =S4-$L4 -> 1.6422137e+08 | U4: =T4-$L4 -> 1.6385885e+08 | V4: =U4-$L4 -> 1.6349633e+08 | W4: =V4-$L4 -> 1.6313381e+08 | ... Z4: =Y4-$L4 -> 1.6204625e+08 | AA4: =SUM(O4:Z4,J4)/13*$AA$1 -> 3612870.2 | AC4: =L4*12 -> 4350235.1 | AD4: =Z4-$L4 -> 1.6168373e+08 | AE4: =AD4-$L4 -> 1.6132122e+08 | AF4: =AE4-$L4 -> 1.609587e+08 | AG4: =AF4-$L4 -> 1.6059618e+08 | AH4: =AG4-$L4 -> 1.6023366e+08 | AI4: =AH4-$L4 -> 1.5987114e+08 | AJ4: =AI4-$L4 -> 1.5950862e+08 | AK4: =AJ4-$L4 -> 1.591461e+08 | AL4: =AK4-$L4 -> 1.5878358e+08 | ... AO4: =AN4-$L4 -> 1.5769602e+08 | AP4: =IF(K4<1,0,SUM(AD4:AO4,Z4)/13*$BG$1) -> 3517165 | AQ4: 362519.59 | AR4: =AN4-AO4 -> 362519.59 | AS4: =AR4-AQ4 -> -9.95351e-09 | AT4: =L4*12 -> 4350235.1 | AU4: =AO4-$L4 -> 1.573335e+08 | AV4: =AU4-$L4 -> 1.5697098e+08 | AW4: =AV4-$L4 -> 1.5660846e+08 | AX4: =AW4-$L4 -> 1.5624594e+08 | AY4: =AX4-$L4 -> 1.5588342e+08 | AZ4: =AY4-$L4 -> 1.555209e+08 | BA4: =AZ4-$L4 -> 1.5515838e+08 | BB4: =BA4-$L4 -> 1.5479586e+08 | BC4: =BB4-$L4 -> 1.5443334e+08 | ... BF4: =BE4-$L4 -> 1.5334578e+08 | BG4: =IF(K4<1,0,SUM(AU4:BF4,AO4)/13*$BG$1) -> 3421459.8 | BH4: 362519.59 | BI4: =BH4*12 -> 4350235.1 | BJ4: =BF4-BH4 -> 1.5298326e+08 | BK4: =BJ4-$L4 -> 1.5262075e+08 | BL4: =BK4-$L4 -> 1.5225823e+08 | BM4: =BL4-$L4 -> 1.5189571e+08 | BN4: =BM4-$L4 -> 1.5153319e+08 | BO4: =BN4-$L4 -> 1.5117067e+08 | BP4: =BO4-$L4 -> 1.5080815e+08 | BQ4: =BP4-$L4 -> 1.5044563e+08 | BR4: =BQ4-$L4 -> 1.5008311e+08 | ... BU4: =BT4-$L4 -> 1.4899555e+08 | BV4: =IF(AO4<1,0,SUM(BJ4:BU4,BF4)/13*$BG$1) -> 3325754.7 | BW4: 362519.59 | BX4: =BW4*12 -> 4350235.1 | BY4: =BU4-BW4 -> 1.4863303e+08 | BZ4: =BY4-$L4 -> 1.4827051e+08 | CA4: =BZ4-$L4 -> 1.4790799e+08 | CB4: =CA4-$L4 -> 1.4754547e+08 | CC4: =CB4-$L4 -> 1.4718295e+08 | CD4: =CC4-$L4 -> 1.4682043e+08 | CE4: =CD4-$L4 -> 1.4645791e+08 | CF4: =CE4-$L4 -> 1.4609539e+08 | CG4: =CF4-$L4 -> 1.4573287e+08 | ... CJ4: =CI4-$L4 -> 1.4464531e+08 | CK4: =IF(BF4<1,0,SUM(BY4:CJ4,BU4)/13*$BG$1) -> 3230049.5 | CL4: 362519.59 | CM4: =CL4*12 -> 4350235.1 | CN4: =CJ4-CL4 -> 1.4428279e+08 | CO4: =CN4-$L4 -> 1.4392027e+08 | CP4: =CO4-$L4 -> 1.4355776e+08 | CQ4: =CP4-$L4 -> 1.4319524e+08 | CR4: =CQ4-$L4 -> 1.4283272e+08 | CS4: =CR4-$L4 -> 1.424702e+08 | CT4: =CS4-$L4 -> 1.4210768e+08 | CU4: =CT4-$L4 -> 1.4174516e+08 | CV4: =CU4-$L4 -> 1.4138264e+08 | ... CY4: =CX4-$L4 -> 1.4029508e+08 | CZ4: =IF(BU4<1,0,SUM(CN4:CY4,CJ4)/13*$BG$1) -> 3134344.3
A5: ='[1]2021 УГРЦТ'!A8 -> 3х-фазный т/огр РТСТГ-10-250-0,025 УЗ №2 | B5: ='[1]2021 УГРЦТ'!B8 -> 00001173 | C5: ='[1]2021 УГРЦТ'!C8 -> ПРОИЗВОДСТВО | D5: ='[1]2021 УГРЦТ'!D8 -> Машины и оборудование (кроме офисного) | E5: ='[1]2021 УГРЦТ'!E8 -> 31.03.2010 | F5: ='[1]2021 УГРЦТ'!F8 -> Газотурбинный цех | G5: ='[1]2021 УГРЦТ'!AC8 -> 240 | H5: ='[1]2021 УГРЦТ'!X8 -> 2926500 | I5: ='[1]2021 УГРЦТ'!Y8 -> 1719318.8 | J5: ='[1]2021 УГРЦТ'!Z8 -> 1207181.2 | K5: 0 | L5: 12193.75 | N5: =L5*12 -> 146325 | O5: =J5-$L5 -> 1194987.5 | P5: =O5-$L5 -> 1182793.8 | Q5: =P5-$L5 -> 1170600 | R5: =Q5-$L5 -> 1158406.2 | S5: =R5-$L5 -> 1146212.5 | T5: =S5-$L5 -> 1134018.8 | U5: =T5-$L5 -> 1121825 | V5: =U5-$L5 -> 1109631.2 | W5: =V5-$L5 -> 1097437.5 | ... Z5: =Y5-$L5 -> 1060856.2 | AC5: =L5*12 -> 146325 | AD5: =Z5-$L5 -> 1048662.5 | AE5: =AD5-$L5 -> 1036468.8 | AF5: =AE5-$L5 -> 1024275 | AG5: =AF5-$L5 -> 1012081.2 | AH5: =AG5-$L5 -> 999887.5 | AI5: =AH5-$L5 -> 987693.75 | AJ5: =AI5-$L5 -> 975500 | AK5: =AJ5-$L5 -> 963306.25 | AL5: =AK5-$L5 -> 951112.5 | ... AO5: =AN5-$L5 -> 914531.25 | AQ5: 12193.75 | AR5: =AN5-AO5 -> 12193.75 | AS5: =AR5-AQ5 -> 0 | AT5: =L5*12 -> 146325 | AU5: =AO5-$L5 -> 902337.5 | AV5: =AU5-$L5 -> 890143.75 | AW5: =AV5-$L5 -> 877950 | AX5: =AW5-$L5 -> 865756.25 | AY5: =AX5-$L5 -> 853562.5 | AZ5: =AY5-$L5 -> 841368.75 | BA5: =AZ5-$L5 -> 829175 | BB5: =BA5-$L5 -> 816981.25 | BC5: =BB5-$L5 -> 804787.5 | ... BF5: =BE5-$L5 -> 768206.25 | BG5: =IF(K5<1,0,SUM(AU5:BF5,AO5)/13*$BG$1) -> 0 | BH5: 12193.75 | BI5: =BH5*12 -> 146325 | BJ5: =BF5-BH5 -> 756012.5 | BK5: =BJ5-$L5 -> 743818.75 | BL5: =BK5-$L5 -> 731625 | BM5: =BL5-$L5 -> 719431.25 | BN5: =BM5-$L5 -> 707237.5 | BO5: =BN5-$L5 -> 695043.75 | BP5: =BO5-$L5 -> 682850 | BQ5: =BP5-$L5 -> 670656.25 | BR5: =BQ5-$L5 -> 658462.5 | ... BU5: =BT5-$L5 -> 621881.25 | BV5: 0 | BW5: 12193.75 | BX5: =BW5*12 -> 146325 | BY5: =BU5-BW5 -> 609687.5 | BZ5: =BY5-$L5 -> 597493.75 | CA5: =BZ5-$L5 -> 585300 | CB5: =CA5-$L5 -> 573106.25 | CC5: =CB5-$L5 -> 560912.5 | CD5: =CC5-$L5 -> 548718.75 | CE5: =CD5-$L5 -> 536525 | CF5: =CE5-$L5 -> 524331.25 | CG5: =CF5-$L5 -> 512137.5 | ... CJ5: =CI5-$L5 -> 475556.25 | CK5: 0 | CL5: 12193.75 | CM5: =CL5*12 -> 146325 | CN5: =CJ5-CL5 -> 463362.5 | CO5: =CN5-$L5 -> 451168.75 | CP5: =CO5-$L5 -> 438975 | CQ5: =CP5-$L5 -> 426781.25 | CR5: =CQ5-$L5 -> 414587.5 | CS5: =CR5-$L5 -> 402393.75 | CT5: =CS5-$L5 -> 390200 | CU5: =CT5-$L5 -> 378006.25 | CV5: =CU5-$L5 -> 365812.5 | ... CY5: =CX5-$L5 -> 329231.25 | CZ5: 0
A6: ='[1]2021 УГРЦТ'!A9 -> 3х-фазный т/огр РТСТГ-10-250-0,025УЗ №1 | B6: ='[1]2021 УГРЦТ'!B9 -> 00001172 | C6: ='[1]2021 УГРЦТ'!C9 -> ПРОИЗВОДСТВО | D6: ='[1]2021 УГРЦТ'!D9 -> Машины и оборудование (кроме офисного) | E6: ='[1]2021 УГРЦТ'!E9 -> 31.03.2010 | F6: ='[1]2021 УГРЦТ'!F9 -> Газотурбинный цех | G6: ='[1]2021 УГРЦТ'!AC9 -> 240 | H6: ='[1]2021 УГРЦТ'!X9 -> 2926500 | I6: ='[1]2021 УГРЦТ'!Y9 -> 1719318.8 | J6: ='[1]2021 УГРЦТ'!Z9 -> 1207181.2 | K6: 0 | L6: 12193.75 | N6: =L6*12 -> 146325 | O6: =J6-$L6 -> 1194987.5 | P6: =O6-$L6 -> 1182793.8 | Q6: =P6-$L6 -> 1170600 | R6: =Q6-$L6 -> 1158406.2 | S6: =R6-$L6 -> 1146212.5 | T6: =S6-$L6 -> 1134018.8 | U6: =T6-$L6 -> 1121825 | V6: =U6-$L6 -> 1109631.2 | W6: =V6-$L6 -> 1097437.5 | ... Z6: =Y6-$L6 -> 1060856.2 | AC6: =L6*12 -> 146325 | AD6: =Z6-$L6 -> 1048662.5 | AE6: =AD6-$L6 -> 1036468.8 | AF6: =AE6-$L6 -> 1024275 | AG6: =AF6-$L6 -> 1012081.2 | AH6: =AG6-$L6 -> 999887.5 | AI6: =AH6-$L6 -> 987693.75 | AJ6: =AI6-$L6 -> 975500 | AK6: =AJ6-$L6 -> 963306.25 | AL6: =AK6-$L6 -> 951112.5 | ... AO6: =AN6-$L6 -> 914531.25 | AQ6: 12193.75 | AR6: =AN6-AO6 -> 12193.75 | AS6: =AR6-AQ6 -> 0 | AT6: =L6*12 -> 146325 | AU6: =AO6-$L6 -> 902337.5 | AV6: =AU6-$L6 -> 890143.75 | AW6: =AV6-$L6 -> 877950 | AX6: =AW6-$L6 -> 865756.25 | AY6: =AX6-$L6 -> 853562.5 | AZ6: =AY6-$L6 -> 841368.75 | BA6: =AZ6-$L6 -> 829175 | BB6: =BA6-$L6 -> 816981.25 | BC6: =BB6-$L6 -> 804787.5 | ... BF6: =BE6-$L6 -> 768206.25 | BG6: =IF(K6<1,0,SUM(AU6:BF6,AO6)/13*$BG$1) -> 0 | BH6: 12193.75 | BI6: =BH6*12 -> 146325 | BJ6: =BF6-BH6 -> 756012.5 | BK6: =BJ6-$L6 -> 743818.75 | BL6: =BK6-$L6 -> 731625 | BM6: =BL6-$L6 -> 719431.25 | BN6: =BM6-$L6 -> 707237.5 | BO6: =BN6-$L6 -> 695043.75 | BP6: =BO6-$L6 -> 682850 | BQ6: =BP6-$L6 -> 670656.25 | BR6: =BQ6-$L6 -> 658462.5 | ... BU6: =BT6-$L6 -> 621881.25 | BV6: 0 | BW6: 12193.75 | BX6: =BW6*12 -> 146325 | BY6: =BU6-BW6 -> 609687.5 | BZ6: =BY6-$L6 -> 597493.75 | CA6: =BZ6-$L6 -> 585300 | CB6: =CA6-$L6 -> 573106.25 | CC6: =CB6-$L6 -> 560912.5 | CD6: =CC6-$L6 -> 548718.75 | CE6: =CD6-$L6 -> 536525 | CF6: =CE6-$L6 -> 524331.25 | CG6: =CF6-$L6 -> 512137.5 | ... CJ6: =CI6-$L6 -> 475556.25 | CK6: 0 | CL6: 12193.75 | CM6: =CL6*12 -> 146325 | CN6: =CJ6-CL6 -> 463362.5 | CO6: =CN6-$L6 -> 451168.75 | CP6: =CO6-$L6 -> 438975 | CQ6: =CP6-$L6 -> 426781.25 | CR6: =CQ6-$L6 -> 414587.5 | CS6: =CR6-$L6 -> 402393.75 | CT6: =CS6-$L6 -> 390200 | CU6: =CT6-$L6 -> 378006.25 | CV6: =CU6-$L6 -> 365812.5 | ... CY6: =CX6-$L6 -> 329231.25 | CZ6: 0
A7: ='[1]2021 УГРЦТ'!A10 -> TIP-HOL-MT-7 - Универсальный монитор-тестер AHD/CVI/TVI/CVBS/SDI и IP-видеосистем | B7: ='[1]2021 УГРЦТ'!B10 -> 000001855 | C7: ='[1]2021 УГРЦТ'!C10 -> ПРОИЗВОДСТВО | D7: ='[1]2021 УГРЦТ'!D10 -> Машины и оборудование (кроме офисного) | E7: ='[1]2021 УГРЦТ'!E10 -> 23.06.2021 | F7: ='[1]2021 УГРЦТ'!F10 -> Электрический цех | G7: ='[1]2021 УГРЦТ'!AC10 -> 84 | H7: ='[1]2021 УГРЦТ'!X10 -> 82366.67 | I7: ='[1]2021 УГРЦТ'!Y10 -> 5883.3336 | J7: ='[1]2021 УГРЦТ'!Z10 -> 76483.336 | K7: 0 | L7: 980.56 | N7: =L7*12 -> 11766.72 | O7: =J7-$L7 -> 75502.776 | P7: =O7-$L7 -> 74522.216 | Q7: =P7-$L7 -> 73541.656 | R7: =Q7-$L7 -> 72561.096 | S7: =R7-$L7 -> 71580.536 | T7: =S7-$L7 -> 70599.976 | U7: =T7-$L7 -> 69619.416 | V7: =U7-$L7 -> 68638.856 | W7: =V7-$L7 -> 67658.296 | ... Z7: =Y7-$L7 -> 64716.616 | AC7: =L7*12 -> 11766.72 | AD7: =Z7-$L7 -> 63736.056 | AE7: =AD7-$L7 -> 62755.496 | AF7: =AE7-$L7 -> 61774.936 | AG7: =AF7-$L7 -> 60794.376 | AH7: =AG7-$L7 -> 59813.816 | AI7: =AH7-$L7 -> 58833.256 | AJ7: =AI7-$L7 -> 57852.696 | AK7: =AJ7-$L7 -> 56872.136 | AL7: =AK7-$L7 -> 55891.576 | ... AO7: =AN7-$L7 -> 52949.896 | AQ7: 980.56 | AR7: =AN7-AO7 -> 980.56 | AS7: =AR7-AQ7 -> -2.1600499e-12 | AT7: =L7*12 -> 11766.72 | AU7: =AO7-$L7 -> 51969.336 | AV7: =AU7-$L7 -> 50988.776 | AW7: =AV7-$L7 -> 50008.216 | AX7: =AW7-$L7 -> 49027.656 | AY7: =AX7-$L7 -> 48047.096 | AZ7: =AY7-$L7 -> 47066.536 | BA7: =AZ7-$L7 -> 46085.976 | BB7: =BA7-$L7 -> 45105.416 | BC7: =BB7-$L7 -> 44124.856 | ... BF7: =BE7-$L7 -> 41183.176 | BG7: =IF(K7<1,0,SUM(AU7:BF7,AO7)/13*$BG$1) -> 0 | BH7: 980.56 | BI7: =BH7*12 -> 11766.72 | BJ7: =BF7-BH7 -> 40202.616 | BK7: =BJ7-$L7 -> 39222.056 | BL7: =BK7-$L7 -> 38241.496 | BM7: =BL7-$L7 -> 37260.936 | BN7: =BM7-$L7 -> 36280.376 | BO7: =BN7-$L7 -> 35299.816 | BP7: =BO7-$L7 -> 34319.256 | BQ7: =BP7-$L7 -> 33338.696 | BR7: =BQ7-$L7 -> 32358.136 | ... BU7: =BT7-$L7 -> 29416.456 | BV7: 0 | BW7: 980.56 | BX7: =BW7*12 -> 11766.72 | BY7: =BU7-BW7 -> 28435.896 | BZ7: =BY7-$L7 -> 27455.336 | CA7: =BZ7-$L7 -> 26474.776 | CB7: =CA7-$L7 -> 25494.216 | CC7: =CB7-$L7 -> 24513.656 | CD7: =CC7-$L7 -> 23533.096 | CE7: =CD7-$L7 -> 22552.536 | CF7: =CE7-$L7 -> 21571.976 | CG7: =CF7-$L7 -> 20591.416 | ... CJ7: =CI7-$L7 -> 17649.736 | CK7: 0 | CL7: 980.56 | CM7: =CL7*12 -> 11766.72 | CN7: =CJ7-CL7 -> 16669.176 | CO7: =CN7-$L7 -> 15688.616 | CP7: =CO7-$L7 -> 14708.056 | CQ7: =CP7-$L7 -> 13727.496 | CR7: =CQ7-$L7 -> 12746.936 | CS7: =CR7-$L7 -> 11766.376 | CT7: =CS7-$L7 -> 10785.816 | CU7: =CT7-$L7 -> 9805.2564 | CV7: =CU7-$L7 -> 8824.6964 | ... CY7: =CX7-$L7 -> 5883.0164 | CZ7: 0
A8: ='[1]2021 УГРЦТ'!A11 -> Аппарат для испытания масла "ВОЛНА-АИМ90В" | B8: ='[1]2021 УГРЦТ'!B11 -> 000001705 | C8: ='[1]2021 УГРЦТ'!C11 -> ПРОИЗВОДСТВО | D8: ='[1]2021 УГРЦТ'!D11 -> Машины и оборудование (кроме офисного) | E8: ='[1]2021 УГРЦТ'!E11 -> 18.07.2017 | F8: ='[1]2021 УГРЦТ'!F11 -> Электрический цех | G8: ='[1]2021 УГРЦТ'!AC11 -> 120 | H8: ='[1]2021 УГРЦТ'!X11 -> 142372.88 | I8: ='[1]2021 УГРЦТ'!Y11 -> 62881.328 | J8: ='[1]2021 УГРЦТ'!Z11 -> 79491.552 | K8: 0 | L8: 1186.44 | N8: =L8*12 -> 14237.28 | O8: =J8-$L8 -> 78305.112 | P8: =O8-$L8 -> 77118.672 | Q8: =P8-$L8 -> 75932.232 | R8: =Q8-$L8 -> 74745.792 | S8: =R8-$L8 -> 73559.352 | T8: =S8-$L8 -> 72372.912 | U8: =T8-$L8 -> 71186.472 | V8: =U8-$L8 -> 70000.032 | W8: =V8-$L8 -> 68813.592 | ... Z8: =Y8-$L8 -> 65254.272 | AC8: =L8*12 -> 14237.28 | AD8: =Z8-$L8 -> 64067.832 | AE8: =AD8-$L8 -> 62881.392 | AF8: =AE8-$L8 -> 61694.952 | AG8: =AF8-$L8 -> 60508.512 | AH8: =AG8-$L8 -> 59322.072 | AI8: =AH8-$L8 -> 58135.632 | AJ8: =AI8-$L8 -> 56949.192 | AK8: =AJ8-$L8 -> 55762.752 | AL8: =AK8-$L8 -> 54576.312 | ... AO8: =AN8-$L8 -> 51016.992 | AQ8: 1186.44 | AR8: =AN8-AO8 -> 1186.44 | AS8: =AR8-AQ8 -> 2.0463631e-12 | AT8: =L8*12 -> 14237.28 | AU8: =AO8-$L8 -> 49830.552 | AV8: =AU8-$L8 -> 48644.112 | AW8: =AV8-$L8 -> 47457.672 | AX8: =AW8-$L8 -> 46271.232 | AY8: =AX8-$L8 -> 45084.792 | AZ8: =AY8-$L8 -> 43898.352 | BA8: =AZ8-$L8 -> 42711.912 | BB8: =BA8-$L8 -> 41525.472 | BC8: =BB8-$L8 -> 40339.032 | ... BF8: =BE8-$L8 -> 36779.712 | BG8: =IF(K8<1,0,SUM(AU8:BF8,AO8)/13*$BG$1) -> 0 | BH8: 1186.44 | BI8: =BH8*12 -> 14237.28 | BJ8: =BF8-BH8 -> 35593.272 | BK8: =BJ8-$L8 -> 34406.832 | BL8: =BK8-$L8 -> 33220.392 | BM8: =BL8-$L8 -> 32033.952 | BN8: =BM8-$L8 -> 30847.512 | BO8: =BN8-$L8 -> 29661.072 | BP8: =BO8-$L8 -> 28474.632 | BQ8: =BP8-$L8 -> 27288.192 | BR8: =BQ8-$L8 -> 26101.752 | ... BU8: =BT8-$L8 -> 22542.432 | BV8: 0 | BW8: 1186.44 | BX8: =BW8*12 -> 14237.28 | BY8: =BU8-BW8 -> 21355.992 | BZ8: =BY8-$L8 -> 20169.552 | CA8: =BZ8-$L8 -> 18983.112 | CB8: =CA8-$L8 -> 17796.672 | CC8: =CB8-$L8 -> 16610.232 | CD8: =CC8-$L8 -> 15423.792 | CE8: =CD8-$L8 -> 14237.352 | CF8: =CE8-$L8 -> 13050.912 | CG8: =CF8-$L8 -> 11864.472 | ... CJ8: =CI8-$L8 -> 8305.152 | CK8: 0 | CL8: 1186.44 | CM8: 8305.15 | CN8: =CJ8-CL8 -> 7118.712 | CO8: =CN8-$L8 -> 5932.272 | CP8: =CO8-$L8 -> 4745.832 | CQ8: =CP8-$L8 -> 3559.392 | CR8: =CQ8-$L8 -> 2372.952 | CS8: =CR8-$L8 -> 1186.512 | CT8: =CS8-$L8 -> 0.072 | CZ8: 0
A9: ='[1]2021 УГРЦТ'!A12 -> Аппаратура виброконтроля СВКА 1-2-06 | B9: ='[1]2021 УГРЦТ'!B12 -> 000001824 | C9: ='[1]2021 УГРЦТ'!C12 -> ПРОИЗВОДСТВО | D9: ='[1]2021 УГРЦТ'!D12 -> Машины и оборудование (кроме офисного) | E9: ='[1]2021 УГРЦТ'!E12 -> 02.11.2020 | F9: ='[1]2021 УГРЦТ'!F12 -> Газотурбинный цех | G9: ='[1]2021 УГРЦТ'!AC12 -> 84 | H9: ='[1]2021 УГРЦТ'!X12 -> 821895 | I9: ='[1]2021 УГРЦТ'!Y12 -> 127198.03 | J9: ='[1]2021 УГРЦТ'!Z12 -> 694696.97 | K9: 0 | L9: 9784.4658 | N9: =L9*12 -> 117413.59 | O9: =J9-$L9 -> 684912.5 | P9: =O9-$L9 -> 675128.04 | Q9: =P9-$L9 -> 665343.57 | R9: =Q9-$L9 -> 655559.11 | S9: =R9-$L9 -> 645774.64 | T9: =S9-$L9 -> 635990.17 | U9: =T9-$L9 -> 626205.71 | V9: =U9-$L9 -> 616421.24 | W9: =V9-$L9 -> 606636.78 | ... Z9: =Y9-$L9 -> 577283.38 | AC9: =L9*12 -> 117413.59 | AD9: =Z9-$L9 -> 567498.91 | AE9: =AD9-$L9 -> 557714.45 | AF9: =AE9-$L9 -> 547929.98 | AG9: =AF9-$L9 -> 538145.52 | AH9: =AG9-$L9 -> 528361.05 | AI9: =AH9-$L9 -> 518576.58 | AJ9: =AI9-$L9 -> 508792.12 | AK9: =AJ9-$L9 -> 499007.65 | AL9: =AK9-$L9 -> 489223.19 | ... AO9: =AN9-$L9 -> 459869.79 | AQ9: 9784.4658 | AR9: =AN9-AO9 -> 9784.4658 | AS9: =AR9-AQ9 -> 2.3646862e-11 | AT9: =L9*12 -> 117413.59 | AU9: =AO9-$L9 -> 450085.32 | AV9: =AU9-$L9 -> 440300.86 | AW9: =AV9-$L9 -> 430516.39 | AX9: =AW9-$L9 -> 420731.93 | AY9: =AX9-$L9 -> 410947.46 | AZ9: =AY9-$L9 -> 401162.99 | BA9: =AZ9-$L9 -> 391378.53 | BB9: =BA9-$L9 -> 381594.06 | BC9: =BB9-$L9 -> 371809.6 | ... BF9: =BE9-$L9 -> 342456.2 | BG9: =IF(K9<1,0,SUM(AU9:BF9,AO9)/13*$BG$1) -> 0 | BH9: 9784.4658 | BI9: =BH9*12 -> 117413.59 | BJ9: =BF9-BH9 -> 332671.73 | BK9: =BJ9-$L9 -> 322887.27 | BL9: =BK9-$L9 -> 313102.8 | BM9: =BL9-$L9 -> 303318.34 | BN9: =BM9-$L9 -> 293533.87 | BO9: =BN9-$L9 -> 283749.4 | BP9: =BO9-$L9 -> 273964.94 | BQ9: =BP9-$L9 -> 264180.47 | BR9: =BQ9-$L9 -> 254396.01 | ... BU9: =BT9-$L9 -> 225042.61 | BV9: 0 | BW9: 9784.4658 | BX9: =BW9*12 -> 117413.59 | BY9: =BU9-BW9 -> 215258.14 | BZ9: =BY9-$L9 -> 205473.68 | CA9: =BZ9-$L9 -> 195689.21 | CB9: =CA9-$L9 -> 185904.75 | CC9: =CB9-$L9 -> 176120.28 | CD9: =CC9-$L9 -> 166335.81 | CE9: =CD9-$L9 -> 156551.35 | CF9: =CE9-$L9 -> 146766.88 | CG9: =CF9-$L9 -> 136982.42 | ... CJ9: =CI9-$L9 -> 107629.02 | CK9: 0 | CL9: 9784.4658 | CM9: 107629.02 | CN9: =CJ9-CL9 -> 97844.553 | CO9: =CN9-$L9 -> 88060.087 | CP9: =CO9-$L9 -> 78275.621 | CQ9: =CP9-$L9 -> 68491.155 | CR9: =CQ9-$L9 -> 58706.689 | CS9: =CR9-$L9 -> 48922.224 | CT9: =CS9-$L9 -> 39137.758 | CU9: =CT9-$L9 -> 29353.292 | CV9: =CU9-$L9 -> 19568.826 | CW9: =CV9-$L9 -> 9784.3603 | CZ9: 0
A10: ='[1]2021 УГРЦТ'!A13 -> Блок управления БУШ ДГ-011 №960811011058 | B10: ='[1]2021 УГРЦТ'!B13 -> 00001378 | C10: ='[1]2021 УГРЦТ'!C13 -> ПРОИЗВОДСТВО | D10: ='[1]2021 УГРЦТ'!D13 -> Машины и оборудование (кроме офисного) | E10: ='[1]2021 УГРЦТ'!E13 -> 18.10.2011 | F10: ='[1]2021 УГРЦТ'!F13 -> Газотурбинный цех | G10: ='[1]2021 УГРЦТ'!AC13 -> 120 | H10: ='[1]2021 УГРЦТ'!X13 -> 315000 | I10: ='[1]2021 УГРЦТ'!Y13 -> 315000 | J10: ='[1]2021 УГРЦТ'!Z13 -> 0 | K10: 0 | L10: 0 | N10: =L10*12 -> 0 | O10: =J10-$L10 -> 0 | P10: =O10-$L10 -> 0 | Q10: =P10-$L10 -> 0 | R10: =Q10-$L10 -> 0 | S10: =R10-$L10 -> 0 | T10: =S10-$L10 -> 0 | U10: =T10-$L10 -> 0 | V10: =U10-$L10 -> 0 | W10: =V10-$L10 -> 0 | ... Z10: =Y10-$L10 -> 0 | AQ10: 0 | AR10: =AN10-AO10 -> 0 | AS10: =AR10-AQ10 -> 0 | BG10: =IF(K10<1,0,SUM(AU10:BF10,AO10)/13*$BG$1) -> 0 | BH10: 0 | BV10: =IF(Z10<1,0,SUM(BJ10:BU10,BF10)/13*$BG$1) -> 0 | BW10: 0 | CK10: =IF(AO10<1,0,SUM(BY10:CJ10,BU10)/13*$BG$1) -> 0 | CL10: 0 | CZ10: =IF(BF10<1,0,SUM(CN10:CY10,CJ10)/13*$BG$1) -> 0
A11: ='[1]2021 УГРЦТ'!A14 -> Видеоэндоскоп jProbe VJ-ADV, диаметр рабочей части 6,9 мм, длин. зонда -3м | B11: ='[1]2021 УГРЦТ'!B14 -> 000001640 | C11: ='[1]2021 УГРЦТ'!C14 -> ПРОИЗВОДСТВО | D11: ='[1]2021 УГРЦТ'!D14 -> Машины и оборудование (кроме офисного) | E11: ='[1]2021 УГРЦТ'!E14 -> 31.07.2014 | F11: ='[1]2021 УГРЦТ'!F14 -> Газотурбинный цех | G11: ='[1]2021 УГРЦТ'!AC14 -> 84 | H11: ='[1]2021 УГРЦТ'!X14 -> 338983.05 | I11: ='[1]2021 УГРЦТ'!Y14 -> 338983.05 | J11: ='[1]2021 УГРЦТ'!Z14 -> 0 | K11: 0 | L11: 0 | N11: =L11*12 -> 0 | O11: =J11-$L11 -> 0 | P11: =O11-$L11 -> 0 | Q11: =P11-$L11 -> 0 | R11: =Q11-$L11 -> 0 | S11: =R11-$L11 -> 0 | T11: =S11-$L11 -> 0 | U11: =T11-$L11 -> 0 | V11: =U11-$L11 -> 0 | W11: =V11-$L11 -> 0 | ... Z11: =Y11-$L11 -> 0 | AQ11: 0 | AR11: =AN11-AO11 -> 0 | AS11: =AR11-AQ11 -> 0 | BG11: =IF(K11<1,0,SUM(AU11:BF11,AO11)/13*$BG$1) -> 0 | BH11: 0 | BV11: =IF(Z11<1,0,SUM(BJ11:BU11,BF11)/13*$BG$1) -> 0 | BW11: 0 | CK11: =IF(AO11<1,0,SUM(BY11:CJ11,BU11)/13*$BG$1) -> 0 | CL11: 0 | CZ11: =IF(BF11<1,0,SUM(CN11:CY11,CJ11)/13*$BG$1) -> 0
A12: ='[1]2021 УГРЦТ'!A15 -> Воздушная линия 0,4 кВ (ТУ 487 от 02.07.20) | B12: ='[1]2021 УГРЦТ'!B15 -> 000001867 | C12: ='[1]2021 УГРЦТ'!C15 -> ПРОИЗВОДСТВО | D12: ='[1]2021 УГРЦТ'!D15 -> Сооружения | E12: ='[1]2021 УГРЦТ'!E15 -> 21.10.2021 | F12: ='[1]2021 УГРЦТ'!F15 -> ДЭС п.Красное | G12: ='[1]2021 УГРЦТ'!AC15 -> 480 | H12: ='[1]2021 УГРЦТ'!X15 -> 205964.57 | I12: ='[1]2021 УГРЦТ'!Y15 -> 858.18571 | J12: ='[1]2021 УГРЦТ'!Z15 -> 205106.38 | K12: 1 | L12: 429.09 | N12: =L12*12 -> 5149.08 | O12: =J12-$L12 -> 204677.29 | P12: =O12-$L12 -> 204248.2 | Q12: =P12-$L12 -> 203819.11 | R12: =Q12-$L12 -> 203390.02 | S12: =R12-$L12 -> 202960.93 | T12: =S12-$L12 -> 202531.84 | U12: =T12-$L12 -> 202102.75 | V12: =U12-$L12 -> 201673.66 | W12: =V12-$L12 -> 201244.57 | ... Z12: =Y12-$L12 -> 199957.3 | AA12: =SUM(O12:Z12,J12)/13*$AA$1 -> 4455.7006 | AC12: =L12*12 -> 5149.08 | AD12: =Z12-$L12 -> 199528.21 | AE12: =AD12-$L12 -> 199099.12 | AF12: =AE12-$L12 -> 198670.03 | AG12: =AF12-$L12 -> 198240.94 | AH12: =AG12-$L12 -> 197811.85 | AI12: =AH12-$L12 -> 197382.76 | AJ12: =AI12-$L12 -> 196953.67 | AK12: =AJ12-$L12 -> 196524.58 | AL12: =AK12-$L12 -> 196095.49 | ... AO12: =AN12-$L12 -> 194808.22 | AP12: =IF(K12<1,0,SUM(AD12:AO12,Z12)/13*$BG$1) -> 4342.4208 | AQ12: 429.09 | AR12: =AN12-AO12 -> 429.09 | AS12: =AR12-AQ12 -> -3.4674486e-12 | AT12: =L12*12 -> 5149.08 | AU12: =AO12-$L12 -> 194379.13 | AV12: =AU12-$L12 -> 193950.04 | AW12: =AV12-$L12 -> 193520.95 | AX12: =AW12-$L12 -> 193091.86 | AY12: =AX12-$L12 -> 192662.77 | AZ12: =AY12-$L12 -> 192233.68 | BA12: =AZ12-$L12 -> 191804.59 | BB12: =BA12-$L12 -> 191375.5 | BC12: =BB12-$L12 -> 190946.41 | ... BF12: =BE12-$L12 -> 189659.14 | BG12: =IF(K12<1,0,SUM(AU12:BF12,AO12)/13*$BG$1) -> 4229.1411 | BH12: 429.09 | BI12: =BH12*12 -> 5149.08 | BJ12: =BF12-BH12 -> 189230.05 | BK12: =BJ12-$L12 -> 188800.96 | BL12: =BK12-$L12 -> 188371.87 | BM12: =BL12-$L12 -> 187942.78 | BN12: =BM12-$L12 -> 187513.69 | BO12: =BN12-$L12 -> 187084.6 | BP12: =BO12-$L12 -> 186655.51 | BQ12: =BP12-$L12 -> 186226.42 | BR12: =BQ12-$L12 -> 185797.33 | ... BU12: =BT12-$L12 -> 184510.06 | BV12: =IF(Z12<1,0,SUM(BJ12:BU12,BF12)/13*$BG$1) -> 4115.8613 | BW12: 429.09 | BX12: =BW12*12 -> 5149.08 | BY12: =BU12-BW12 -> 184080.97 | BZ12: =BY12-$L12 -> 183651.88 | CA12: =BZ12-$L12 -> 183222.79 | CB12: =CA12-$L12 -> 182793.7 | CC12: =CB12-$L12 -> 182364.61 | CD12: =CC12-$L12 -> 181935.52 | CE12: =CD12-$L12 -> 181506.43 | CF12: =CE12-$L12 -> 181077.34 | CG12: =CF12-$L12 -> 180648.25 | ... CJ12: =CI12-$L12 -> 179360.98 | CK12: =IF(AO12<1,0,SUM(BY12:CJ12,BU12)/13*$BG$1) -> 4002.5815 | CL12: 429.09 | CM12: =CL12*12 -> 5149.08 | CN12: =CJ12-CL12 -> 178931.89 | CO12: =CN12-$L12 -> 178502.8 | CP12: =CO12-$L12 -> 178073.71 | CQ12: =CP12-$L12 -> 177644.62 | CR12: =CQ12-$L12 -> 177215.53 | CS12: =CR12-$L12 -> 176786.44 | CT12: =CS12-$L12 -> 176357.35 | CU12: =CT12-$L12 -> 175928.26 | CV12: =CU12-$L12 -> 175499.17 | ... CY12: =CX12-$L12 -> 174211.9 | CZ12: =IF(BF12<1,0,SUM(CN12:CY12,CJ12)/13*$BG$1) -> 3889.3018
A13: ='[1]2021 УГРЦТ'!A16 -> Вольтамперфазометр РЕТОМЕТР-М2 (НПП "ДИНАМИКА") | B13: ='[1]2021 УГРЦТ'!B16 -> 000001719 | C13: ='[1]2021 УГРЦТ'!C16 -> ПРОИЗВОДСТВО | D13: ='[1]2021 УГРЦТ'!D16 -> Машины и оборудование (кроме офисного) | E13: ='[1]2021 УГРЦТ'!E16 -> 28.04.2018 | F13: ='[1]2021 УГРЦТ'!F16 -> Электрический цех | G13: ='[1]2021 УГРЦТ'!AC16 -> 60 | H13: ='[1]2021 УГРЦТ'!X16 -> 63431.72 | I13: ='[1]2021 УГРЦТ'!Y16 -> 46516.744 | J13: ='[1]2021 УГРЦТ'!Z16 -> 16914.976 | K13: 0 | L13: 1057.2 | N13: =L13*12 -> 12686.4 | O13: =J13-$L13 -> 15857.776 | P13: =O13-$L13 -> 14800.576 | Q13: =P13-$L13 -> 13743.376 | R13: =Q13-$L13 -> 12686.176 | S13: =R13-$L13 -> 11628.976 | T13: =S13-$L13 -> 10571.776 | U13: =T13-$L13 -> 9514.576 | V13: =U13-$L13 -> 8457.376 | W13: =V13-$L13 -> 7400.176 | ... Z13: =Y13-$L13 -> 4228.576 | AC13: =L13*4-0.22 -> 4228.58 | AD13: =Z13-$L13 -> 3171.376 | AE13: =AD13-$L13 -> 2114.176 | AF13: =AE13-$L13 -> 1056.976 | AQ13: 0 | AR13: =AN13-AO13 -> 0 | AS13: =AR13-AQ13 -> 0 | BG13: =IF(K13<1,0,SUM(AU13:BF13,AO13)/13*$BG$1) -> 0 | BH13: 0 | BV13: =IF(Z13<1,0,SUM(BJ13:BU13,BF13)/13*$BG$1) -> 0 | BW13: 0 | CK13: =IF(AO13<1,0,SUM(BY13:CJ13,BU13)/13*$BG$1) -> 0 | CL13: 0 | CZ13: =IF(BF13<1,0,SUM(CN13:CY13,CJ13)/13*$BG$1) -> 0
A14: ='[1]2021 УГРЦТ'!A17 -> Выпрямитель для стац аккум установок №1 | B14: ='[1]2021 УГРЦТ'!B17 -> 00001177 | C14: ='[1]2021 УГРЦТ'!C17 -> ПРОИЗВОДСТВО | D14: ='[1]2021 УГРЦТ'!D17 -> Машины и оборудование (кроме офисного) | E14: ='[1]2021 УГРЦТ'!E17 -> 31.03.2010 | F14: ='[1]2021 УГРЦТ'!F17 -> Газотурбинный цех | G14: ='[1]2021 УГРЦТ'!AC17 -> 240 | H14: ='[1]2021 УГРЦТ'!X17 -> 474500 | I14: ='[1]2021 УГРЦТ'!Y17 -> 278768.32 | J14: ='[1]2021 УГРЦТ'!Z17 -> 195731.68 | K14: 0 | L14: 1977.09 | N14: =L14*12 -> 23725.08 | O14: =J14-$L14 -> 193754.59 | P14: =O14-$L14 -> 191777.5 | Q14: =P14-$L14 -> 189800.41 | R14: =Q14-$L14 -> 187823.32 | S14: =R14-$L14 -> 185846.23 | T14: =S14-$L14 -> 183869.14 | U14: =T14-$L14 -> 181892.05 | V14: =U14-$L14 -> 179914.96 | W14: =V14-$L14 -> 177937.87 | ... Z14: =Y14-$L14 -> 172006.6 | AC14: =L14*12 -> 23725.08 | AD14: =Z14-$L14 -> 170029.51 | AE14: =AD14-$L14 -> 168052.42 | AF14: =AE14-$L14 -> 166075.33 | AG14: =AF14-$L14 -> 164098.24 | AH14: =AG14-$L14 -> 162121.15 | AI14: =AH14-$L14 -> 160144.06 | AJ14: =AI14-$L14 -> 158166.97 | AK14: =AJ14-$L14 -> 156189.88 | AL14: =AK14-$L14 -> 154212.79 | ... AO14: =AN14-$L14 -> 148281.52 | AQ14: 1977.09 | AR14: =AN14-AO14 -> 1977.09 | AS14: =AR14-AQ14 -> -3.4106051e-12 | AT14: =L14*12 -> 23725.08 | AU14: =AO14-$L14 -> 146304.43 | AV14: =AU14-$L14 -> 144327.34 | AW14: =AV14-$L14 -> 142350.25 | AX14: =AW14-$L14 -> 140373.16 | AY14: =AX14-$L14 -> 138396.07 | AZ14: =AY14-$L14 -> 136418.98 | BA14: =AZ14-$L14 -> 134441.89 | BB14: =BA14-$L14 -> 132464.8 | BC14: =BB14-$L14 -> 130487.71 | ... BF14: =BE14-$L14 -> 124556.44 | BG14: =IF(K14<1,0,SUM(AU14:BF14,AO14)/13*$BG$1) -> 0 | BH14: 1977.09 | BI14: =BH14*12 -> 23725.08 | BJ14: =BF14-BH14 -> 122579.35 | BK14: =BJ14-$L14 -> 120602.26 | BL14: =BK14-$L14 -> 118625.17 | BM14: =BL14-$L14 -> 116648.08 | BN14: =BM14-$L14 -> 114670.99 | BO14: =BN14-$L14 -> 112693.9 | BP14: =BO14-$L14 -> 110716.81 | BQ14: =BP14-$L14 -> 108739.72 | BR14: =BQ14-$L14 -> 106762.63 | ... BU14: =BT14-$L14 -> 100831.36 | BV14: 0 | BW14: 1977.09 | BX14: =BW14*12 -> 23725.08 | BY14: =BU14-BW14 -> 98854.27 | BZ14: =BY14-$L14 -> 96877.18 | CA14: =BZ14-$L14 -> 94900.09 | CB14: =CA14-$L14 -> 92923 | CC14: =CB14-$L14 -> 90945.91 | CD14: =CC14-$L14 -> 88968.82 | CE14: =CD14-$L14 -> 86991.73 | CF14: =CE14-$L14 -> 85014.64 | CG14: =CF14-$L14 -> 83037.55 | ... CJ14: =CI14-$L14 -> 77106.28 | CK14: 0 | CL14: 1977.09 | CM14: =CL14*12 -> 23725.08 | CN14: =CJ14-CL14 -> 75129.19 | CO14: =CN14-$L14 -> 73152.1 | CP14: =CO14-$L14 -> 71175.01 | CQ14: =CP14-$L14 -> 69197.92 | CR14: =CQ14-$L14 -> 67220.83 | CS14: =CR14-$L14 -> 65243.74 | CT14: =CS14-$L14 -> 63266.65 | CU14: =CT14-$L14 -> 61289.56 | CV14: =CU14-$L14 -> 59312.47 | ... CY14: =CX14-$L14 -> 53381.2 | CZ14: 0
A15: ='[1]2021 УГРЦТ'!A18 -> Выпрямитель для стац аккум установок №2 | B15: ='[1]2021 УГРЦТ'!B18 -> 00001178 | C15: ='[1]2021 УГРЦТ'!C18 -> ПРОИЗВОДСТВО | D15: ='[1]2021 УГРЦТ'!D18 -> Машины и оборудование (кроме офисного) | E15: ='[1]2021 УГРЦТ'!E18 -> 31.03.2010 | F15: ='[1]2021 УГРЦТ'!F18 -> Газотурбинный цех | G15: ='[1]2021 УГРЦТ'!AC18 -> 240 | H15: ='[1]2021 УГРЦТ'!X18 -> 474500 | I15: ='[1]2021 УГРЦТ'!Y18 -> 278768.32 | J15: ='[1]2021 УГРЦТ'!Z18 -> 195731.68 | K15: 0 | L15: 1977.09 | N15: =L15*12 -> 23725.08 | O15: =J15-$L15 -> 193754.59 | P15: =O15-$L15 -> 191777.5 | Q15: =P15-$L15 -> 189800.41 | R15: =Q15-$L15 -> 187823.32 | S15: =R15-$L15 -> 185846.23 | T15: =S15-$L15 -> 183869.14 | U15: =T15-$L15 -> 181892.05 | V15: =U15-$L15 -> 179914.96 | W15: =V15-$L15 -> 177937.87 | ... Z15: =Y15-$L15 -> 172006.6 | AC15: =L15*12 -> 23725.08 | AD15: =Z15-$L15 -> 170029.51 | AE15: =AD15-$L15 -> 168052.42 | AF15: =AE15-$L15 -> 166075.33 | AG15: =AF15-$L15 -> 164098.24 | AH15: =AG15-$L15 -> 162121.15 | AI15: =AH15-$L15 -> 160144.06 | AJ15: =AI15-$L15 -> 158166.97 | AK15: =AJ15-$L15 -> 156189.88 | AL15: =AK15-$L15 -> 154212.79 | ... AO15: =AN15-$L15 -> 148281.52 | AQ15: 1977.09 | AR15: =AN15-AO15 -> 1977.09 | AS15: =AR15-AQ15 -> -3.4106051e-12 | AT15: =L15*12 -> 23725.08 | AU15: =AO15-$L15 -> 146304.43 | AV15: =AU15-$L15 -> 144327.34 | AW15: =AV15-$L15 -> 142350.25 | AX15: =AW15-$L15 -> 140373.16 | AY15: =AX15-$L15 -> 138396.07 | AZ15: =AY15-$L15 -> 136418.98 | BA15: =AZ15-$L15 -> 134441.89 | BB15: =BA15-$L15 -> 132464.8 | BC15: =BB15-$L15 -> 130487.71 | ... BF15: =BE15-$L15 -> 124556.44 | BG15: =IF(K15<1,0,SUM(AU15:BF15,AO15)/13*$BG$1) -> 0 | BH15: 1977.09 | BI15: =BH15*12 -> 23725.08 | BJ15: =BF15-BH15 -> 122579.35 | BK15: =BJ15-$L15 -> 120602.26 | BL15: =BK15-$L15 -> 118625.17 | BM15: =BL15-$L15 -> 116648.08 | BN15: =BM15-$L15 -> 114670.99 | BO15: =BN15-$L15 -> 112693.9 | BP15: =BO15-$L15 -> 110716.81 | BQ15: =BP15-$L15 -> 108739.72 | BR15: =BQ15-$L15 -> 106762.63 | ... BU15: =BT15-$L15 -> 100831.36 | BV15: 0 | BW15: 1977.09 | BX15: =BW15*12 -> 23725.08 | BY15: =BU15-BW15 -> 98854.27 | BZ15: =BY15-$L15 -> 96877.18 | CA15: =BZ15-$L15 -> 94900.09 | CB15: =CA15-$L15 -> 92923 | CC15: =CB15-$L15 -> 90945.91 | CD15: =CC15-$L15 -> 88968.82 | CE15: =CD15-$L15 -> 86991.73 | CF15: =CE15-$L15 -> 85014.64 | CG15: =CF15-$L15 -> 83037.55 | ... CJ15: =CI15-$L15 -> 77106.28 | CK15: 0 | CL15: 1977.09 | CM15: =CL15*12 -> 23725.08 | CN15: =CJ15-CL15 -> 75129.19 | CO15: =CN15-$L15 -> 73152.1 | CP15: =CO15-$L15 -> 71175.01 | CQ15: =CP15-$L15 -> 69197.92 | CR15: =CQ15-$L15 -> 67220.83 | CS15: =CR15-$L15 -> 65243.74 | CT15: =CS15-$L15 -> 63266.65 | CU15: =CT15-$L15 -> 61289.56 | CV15: =CU15-$L15 -> 59312.47 | ... CY15: =CX15-$L15 -> 53381.2 | CZ15: 0
A16: ='[1]2021 УГРЦТ'!A19 -> Высоковольтная установка для испытания кабелей из сшитого полиэтилена (СПЭ) повышенным напряжением сверхнизкой частоты (СНЧ/VLF) АИСТ СНЧ 36 | B16: ='[1]2021 УГРЦТ'!B19 -> 000001818 | C16: ='[1]2021 УГРЦТ'!C19 -> ПРОИЗВОДСТВО | D16: ='[1]2021 УГРЦТ'!D19 -> Машины и оборудование (кроме офисного) | E16: ='[1]2021 УГРЦТ'!E19 -> 29.06.2020 | F16: ='[1]2021 УГРЦТ'!F19 -> Электрический цех | G16: ='[1]2021 УГРЦТ'!AC19 -> 84 | H16: ='[1]2021 УГРЦТ'!X19 -> 564250 | I16: ='[1]2021 УГРЦТ'!Y19 -> 120910.7 | J16: ='[1]2021 УГРЦТ'!Z19 -> 443339.3 | K16: 0 | L16: 6717.26 | N16: =L16*12 -> 80607.12 | O16: =J16-$L16 -> 436622.04 | P16: =O16-$L16 -> 429904.78 | Q16: =P16-$L16 -> 423187.52 | R16: =Q16-$L16 -> 416470.26 | S16: =R16-$L16 -> 409753 | T16: =S16-$L16 -> 403035.74 | U16: =T16-$L16 -> 396318.48 | V16: =U16-$L16 -> 389601.22 | W16: =V16-$L16 -> 382883.96 | ... Z16: =Y16-$L16 -> 362732.18 | AC16: =L16*12 -> 80607.12 | AD16: =Z16-$L16 -> 356014.92 | AE16: =AD16-$L16 -> 349297.66 | AF16: =AE16-$L16 -> 342580.4 | AG16: =AF16-$L16 -> 335863.14 | AH16: =AG16-$L16 -> 329145.88 | AI16: =AH16-$L16 -> 322428.62 | AJ16: =AI16-$L16 -> 315711.36 | AK16: =AJ16-$L16 -> 308994.1 | AL16: =AK16-$L16 -> 302276.84 | ... AO16: =AN16-$L16 -> 282125.06 | AQ16: 6717.26 | AR16: =AN16-AO16 -> 6717.26 | AS16: =AR16-AQ16 -> 1.0004442e-11 | AT16: =L16*12 -> 80607.12 | AU16: =AO16-$L16 -> 275407.8 | AV16: =AU16-$L16 -> 268690.54 | AW16: =AV16-$L16 -> 261973.28 | AX16: =AW16-$L16 -> 255256.02 | AY16: =AX16-$L16 -> 248538.76 | AZ16: =AY16-$L16 -> 241821.5 | BA16: =AZ16-$L16 -> 235104.24 | BB16: =BA16-$L16 -> 228386.98 | BC16: =BB16-$L16 -> 221669.72 | ... BF16: =BE16-$L16 -> 201517.94 | BG16: =IF(K16<1,0,SUM(AU16:BF16,AO16)/13*$BG$1) -> 0 | BH16: 6717.26 | BI16: =BH16*12 -> 80607.12 | BJ16: =BF16-BH16 -> 194800.68 | BK16: =BJ16-$L16 -> 188083.42 | BL16: =BK16-$L16 -> 181366.16 | BM16: =BL16-$L16 -> 174648.9 | BN16: =BM16-$L16 -> 167931.64 | BO16: =BN16-$L16 -> 161214.38 | BP16: =BO16-$L16 -> 154497.12 | BQ16: =BP16-$L16 -> 147779.86 | BR16: =BQ16-$L16 -> 141062.6 | ... BU16: =BT16-$L16 -> 120910.82 | BV16: 0 | BW16: 6717.26 | BX16: =BW16*12 -> 80607.12 | BY16: =BU16-BW16 -> 114193.56 | BZ16: =BY16-$L16 -> 107476.3 | CA16: =BZ16-$L16 -> 100759.04 | CB16: =CA16-$L16 -> 94041.777 | CC16: =CB16-$L16 -> 87324.517 | CD16: =CC16-$L16 -> 80607.257 | CE16: =CD16-$L16 -> 73889.997 | CF16: =CE16-$L16 -> 67172.737 | CG16: =CF16-$L16 -> 60455.477 | ... CJ16: =CI16-$L16 -> 40303.697 | CK16: 0 | CL16: 6717.26 | CM16: 40303.7 | CN16: =CJ16-CL16 -> 33586.437 | CO16: =CN16-$L16 -> 26869.177 | CP16: =CO16-$L16 -> 20151.917 | CQ16: =CP16-$L16 -> 13434.657 | CR16: =CQ16-$L16 -> 6717.3971 | CS16: =CR16-$L16 -> 0.13714286 | CZ16: 0
A17: ='[1]2021 УГРЦТ'!A20 -> Газоанализатор СГОЭС (метан) | B17: ='[1]2021 УГРЦТ'!B20 -> 000001757 | C17: ='[1]2021 УГРЦТ'!C20 -> ПРОИЗВОДСТВО | D17: ='[1]2021 УГРЦТ'!D20 -> Машины и оборудование (кроме офисного) | E17: ='[1]2021 УГРЦТ'!E20 -> 27.02.2019 | F17: ='[1]2021 УГРЦТ'!F20 -> Газотурбинный цех | G17: ='[1]2021 УГРЦТ'!AC20 -> 60 | H17: ='[1]2021 УГРЦТ'!X20 -> 71300 | I17: ='[1]2021 УГРЦТ'!Y20 -> 40403.26 | J17: ='[1]2021 УГРЦТ'!Z20 -> 30896.74 | K17: 0 | L17: 1188.33 | N17: =L17*12 -> 14259.96 | O17: =J17-$L17 -> 29708.41 | P17: =O17-$L17 -> 28520.08 | Q17: =P17-$L17 -> 27331.75 | R17: =Q17-$L17 -> 26143.42 | S17: =R17-$L17 -> 24955.09 | T17: =S17-$L17 -> 23766.76 | U17: =T17-$L17 -> 22578.43 | V17: =U17-$L17 -> 21390.1 | W17: =V17-$L17 -> 20201.77 | ... Z17: =Y17-$L17 -> 16636.78 | AC17: =L17*12 -> 14259.96 | AD17: =Z17-$L17 -> 15448.45 | AE17: =AD17-$L17 -> 14260.12 | AF17: =AE17-$L17 -> 13071.79 | AG17: =AF17-$L17 -> 11883.46 | AH17: =AG17-$L17 -> 10695.13 | AI17: =AH17-$L17 -> 9506.8 | AJ17: =AI17-$L17 -> 8318.47 | AK17: =AJ17-$L17 -> 7130.14 | AL17: =AK17-$L17 -> 5941.81 | ... AO17: =AN17-$L17 -> 2376.82 | AQ17: 1188.33 | AR17: =AN17-AO17 -> 1188.33 | AS17: =AR17-AQ17 -> 0 | AT17: =L17*2+0.16 -> 2376.82 | AU17: =AO17-$L17 -> 1188.49 | BG17: =IF(K17<1,0,SUM(AU17:BF17,AO17)/13*$BG$1) -> 0 | BH17: 1188.33 | BI17: 0 | BV17: =IF(Z17<1,0,SUM(BJ17:BU17,BF17)/13*$BG$1) -> 0 | BW17: 1188.33 | CK17: =IF(AO17<1,0,SUM(BY17:CJ17,BU17)/13*$BG$1) -> 0 | CL17: 1188.33 | CM17: 0 | CZ17: =IF(BF17<1,0,SUM(CN17:CY17,CJ17)/13*$BG$1) -> 0
A18: ='[1]2021 УГРЦТ'!A21 -> Газоанализатор СГОЭС метан ЖСКФ | B18: ='[1]2021 УГРЦТ'!B21 -> 000001744 | C18: ='[1]2021 УГРЦТ'!C21 -> ПРОИЗВОДСТВО | D18: ='[1]2021 УГРЦТ'!D21 -> Машины и оборудование (кроме офисного) | E18: ='[1]2021 УГРЦТ'!E21 -> 28.08.2018 | F18: ='[1]2021 УГРЦТ'!F21 -> Газотурбинный цех | G18: ='[1]2021 УГРЦТ'!AC21 -> 60 | H18: ='[1]2021 УГРЦТ'!X21 -> 120511.36 | I18: ='[1]2021 УГРЦТ'!Y21 -> 80340.832 | J18: ='[1]2021 УГРЦТ'!Z21 -> 40170.528 | K18: 0 | L18: 2008.52 | N18: =L18*12 -> 24102.24 | O18: =J18-$L18 -> 38162.008 | P18: =O18-$L18 -> 36153.488 | Q18: =P18-$L18 -> 34144.968 | R18: =Q18-$L18 -> 32136.448 | S18: =R18-$L18 -> 30127.928 | T18: =S18-$L18 -> 28119.408 | U18: =T18-$L18 -> 26110.888 | V18: =U18-$L18 -> 24102.368 | W18: =V18-$L18 -> 22093.848 | ... Z18: =Y18-$L18 -> 16068.288 | AC18: =L18*8+0.13 -> 16068.29 | AD18: =Z18-$L18 -> 14059.768 | AE18: =AD18-$L18 -> 12051.248 | AF18: =AE18-$L18 -> 10042.728 | AG18: =AF18-$L18 -> 8034.208 | AH18: =AG18-$L18 -> 6025.688 | AI18: =AH18-$L18 -> 4017.168 | AJ18: =AI18-$L18 -> 2008.648 | AK18: =AJ18-$L18 -> 0.128 | AQ18: 0 | AR18: =AN18-AO18 -> 0 | AS18: =AR18-AQ18 -> 0 | BG18: =IF(K18<1,0,SUM(AU18:BF18,AO18)/13*$BG$1) -> 0 | BH18: 0 | BV18: =IF(Z18<1,0,SUM(BJ18:BU18,BF18)/13*$BG$1) -> 0 | BW18: 0 | CK18: =IF(AO18<1,0,SUM(BY18:CJ18,BU18)/13*$BG$1) -> 0 | CL18: 0 | CZ18: =IF(BF18<1,0,SUM(CN18:CY18,CJ18)/13*$BG$1) -> 0
A19: ='[1]2021 УГРЦТ'!A22 -> Газон 600 м2 в районе ГТЭС-18 | B19: ='[1]2021 УГРЦТ'!B22 -> 00001147 | C19: ='[1]2021 УГРЦТ'!C22 -> ПРОИЗВОДСТВО | D19: ='[1]2021 УГРЦТ'!D22 -> Машины и оборудование (кроме офисного) | E19: ='[1]2021 УГРЦТ'!E22 -> 30.10.2009 | F19: ='[1]2021 УГРЦТ'!F22 -> Газотурбинный цех | G19: ='[1]2021 УГРЦТ'!AC22 -> 60 | H19: ='[1]2021 УГРЦТ'!X22 -> 325875.88 | I19: ='[1]2021 УГРЦТ'!Y22 -> 325875.88 | J19: ='[1]2021 УГРЦТ'!Z22 -> 325875.88 | K19: 0 | L19: 0 | N19: =L19*12 -> 0 | O19: =J19-$L19 -> 325875.88 | P19: =O19-$L19 -> 325875.88 | Q19: =P19-$L19 -> 325875.88 | R19: =Q19-$L19 -> 325875.88 | S19: =R19-$L19 -> 325875.88 | T19: =S19-$L19 -> 325875.88 | U19: =T19-$L19 -> 325875.88 | V19: =U19-$L19 -> 325875.88 | W19: =V19-$L19 -> 325875.88 | ... Z19: =Y19-$L19 -> 325875.88 | AC19: =L19*12 -> 0 | AD19: =Z19-$L19 -> 325875.88 | AE19: =AD19-$L19 -> 325875.88 | AF19: =AE19-$L19 -> 325875.88 | AG19: =AF19-$L19 -> 325875.88 | AH19: =AG19-$L19 -> 325875.88 | AI19: =AH19-$L19 -> 325875.88 | AJ19: =AI19-$L19 -> 325875.88 | AK19: =AJ19-$L19 -> 325875.88 | AL19: =AK19-$L19 -> 325875.88 | ... AO19: =AN19-$L19 -> 325875.88 | AQ19: 0 | AR19: =AN19-AO19 -> 0 | AS19: =AR19-AQ19 -> 0 | AT19: =L19*12 -> 0 | AU19: =AO19-$L19 -> 325875.88 | AV19: =AU19-$L19 -> 325875.88 | AW19: =AV19-$L19 -> 325875.88 | AX19: =AW19-$L19 -> 325875.88 | AY19: =AX19-$L19 -> 325875.88 | AZ19: =AY19-$L19 -> 325875.88 | BA19: =AZ19-$L19 -> 325875.88 | BB19: =BA19-$L19 -> 325875.88 | BC19: =BB19-$L19 -> 325875.88 | ... BF19: =BE19-$L19 -> 325875.88 | BG19: =IF(K19<1,0,SUM(AU19:BF19,AO19)/13*$BG$1) -> 0 | BH19: 0 | BI19: 0 | BJ19: =BF19 -> 325875.88 | BK19: =BJ19-$L19 -> 325875.88 | BL19: =BK19-$L19 -> 325875.88 | BM19: =BL19-$L19 -> 325875.88 | BN19: =BM19-$L19 -> 325875.88 | BO19: =BN19-$L19 -> 325875.88 | BP19: =BO19-$L19 -> 325875.88 | BQ19: =BP19-$L19 -> 325875.88 | BR19: =BQ19-$L19 -> 325875.88 | ... BU19: =BT19-$L19 -> 325875.88 | BV19: 0 | BW19: 0 | BX19: 0 | BY19: =BU19 -> 325875.88 | BZ19: =BY19-$L19 -> 325875.88 | CA19: =BZ19-$L19 -> 325875.88 | CB19: =CA19-$L19 -> 325875.88 | CC19: =CB19-$L19 -> 325875.88 | CD19: =CC19-$L19 -> 325875.88 | CE19: =CD19-$L19 -> 325875.88 | CF19: =CE19-$L19 -> 325875.88 | CG19: =CF19-$L19 -> 325875.88 | ... CJ19: =CI19-$L19 -> 325875.88 | CK19: 0 | CL19: 0 | CM19: 0 | CN19: =CJ19 -> 325875.88 | CO19: =CN19-$L19 -> 325875.88 | CP19: =CO19-$L19 -> 325875.88 | CQ19: =CP19-$L19 -> 325875.88 | CR19: =CQ19-$L19 -> 325875.88 | CS19: =CR19-$L19 -> 325875.88 | CT19: =CS19-$L19 -> 325875.88 | CU19: =CT19-$L19 -> 325875.88 | CV19: =CU19-$L19 -> 325875.88 | ... CY19: =CX19-$L19 -> 325875.88 | CZ19: 0
A20: ='[1]2021 УГРЦТ'!A23 -> Газон в районе основного здания | B20: ='[1]2021 УГРЦТ'!B23 -> 00001236 | C20: ='[1]2021 УГРЦТ'!C23 -> ПРОИЗВОДСТВО | D20: ='[1]2021 УГРЦТ'!D23 -> Машины и оборудование (кроме офисного) | E20: ='[1]2021 УГРЦТ'!E23 -> 10.10.2010 | F20: ='[1]2021 УГРЦТ'!F23 -> Тепломеханический цех | G20: ='[1]2021 УГРЦТ'!AC23 -> 60 | H20: ='[1]2021 УГРЦТ'!X23 -> 33100 | I20: ='[1]2021 УГРЦТ'!Y23 -> 33100 | J20: ='[1]2021 УГРЦТ'!Z23 -> 33100 | K20: 0 | L20: 0 | N20: =L20*12 -> 0 | O20: =J20-$L20 -> 33100 | P20: =O20-$L20 -> 33100 | Q20: =P20-$L20 -> 33100 | R20: =Q20-$L20 -> 33100 | S20: =R20-$L20 -> 33100 | T20: =S20-$L20 -> 33100 | U20: =T20-$L20 -> 33100 | V20: =U20-$L20 -> 33100 | W20: =V20-$L20 -> 33100 | ... Z20: =Y20-$L20 -> 33100 | AC20: =L20*12 -> 0 | AD20: =Z20-$L20 -> 33100 | AE20: =AD20-$L20 -> 33100 | AF20: =AE20-$L20 -> 33100 | AG20: =AF20-$L20 -> 33100 | AH20: =AG20-$L20 -> 33100 | AI20: =AH20-$L20 -> 33100 | AJ20: =AI20-$L20 -> 33100 | AK20: =AJ20-$L20 -> 33100 | AL20: =AK20-$L20 -> 33100 | ... AO20: =AN20-$L20 -> 33100 | AQ20: 0 | AR20: =AN20-AO20 -> 0 | AS20: =AR20-AQ20 -> 0 | AT20: =L20*12 -> 0 | AU20: =AO20-$L20 -> 33100 | AV20: =AU20-$L20 -> 33100 | AW20: =AV20-$L20 -> 33100 | AX20: =AW20-$L20 -> 33100 | AY20: =AX20-$L20 -> 33100 | AZ20: =AY20-$L20 -> 33100 | BA20: =AZ20-$L20 -> 33100 | BB20: =BA20-$L20 -> 33100 | BC20: =BB20-$L20 -> 33100 | ... BF20: =BE20-$L20 -> 33100 | BG20: =IF(K20<1,0,SUM(AU20:BF20,AO20)/13*$BG$1) -> 0 | BH20: 0 | BI20: 0 | BJ20: =BF20 -> 33100 | BK20: =BJ20-$L20 -> 33100 | BL20: =BK20-$L20 -> 33100 | BM20: =BL20-$L20 -> 33100 | BN20: =BM20-$L20 -> 33100 | BO20: =BN20-$L20 -> 33100 | BP20: =BO20-$L20 -> 33100 | BQ20: =BP20-$L20 -> 33100 | BR20: =BQ20-$L20 -> 33100 | ... BU20: =BT20-$L20 -> 33100 | BV20: 0 | BW20: 0 | BX20: 0 | BY20: =BU20 -> 33100 | BZ20: =BY20-$L20 -> 33100 | CA20: =BZ20-$L20 -> 33100 | CB20: =CA20-$L20 -> 33100 | CC20: =CB20-$L20 -> 33100 | CD20: =CC20-$L20 -> 33100 | CE20: =CD20-$L20 -> 33100 | CF20: =CE20-$L20 -> 33100 | CG20: =CF20-$L20 -> 33100 | ... CJ20: =CI20-$L20 -> 33100 | CK20: 0 | CL20: 0 | CM20: 0 | CN20: =CJ20 -> 33100 | CO20: =CN20-$L20 -> 33100 | CP20: =CO20-$L20 -> 33100 | CQ20: =CP20-$L20 -> 33100 | CR20: =CQ20-$L20 -> 33100 | CS20: =CR20-$L20 -> 33100 | CT20: =CS20-$L20 -> 33100 | CU20: =CT20-$L20 -> 33100 | CV20: =CU20-$L20 -> 33100 | ... CY20: =CX20-$L20 -> 33100 | CZ20: 0
A21: ='[1]2021 УГРЦТ'!A24 -> Газопровод выс. давления(наружный) 2003г | B21: ='[1]2021 УГРЦТ'!B24 -> 00000596 | C21: ='[1]2021 УГРЦТ'!C24 -> ПРОИЗВОДСТВО | D21: ='[1]2021 УГРЦТ'!D24 -> Сооружения | E21: ='[1]2021 УГРЦТ'!E24 -> 01.10.2003 | F21: ='[1]2021 УГРЦТ'!F24 -> Газотурбинный цех | G21: ='[1]2021 УГРЦТ'!AC24 -> 300 | H21: ='[1]2021 УГРЦТ'!X24 -> 538189.2 | I21: ='[1]2021 УГРЦТ'!Y24 -> 391083.38 | J21: ='[1]2021 УГРЦТ'!Z24 -> 147105.82 | K21: 1 | L21: 1793.9725 | N21: =L21*12 -> 21527.67 | O21: =J21-$L21 -> 145311.85 | P21: =O21-$L21 -> 143517.88 | Q21: =P21-$L21 -> 141723.9 | R21: =Q21-$L21 -> 139929.93 | S21: =R21-$L21 -> 138135.96 | T21: =S21-$L21 -> 136341.99 | U21: =T21-$L21 -> 134548.01 | V21: =U21-$L21 -> 132754.04 | W21: =V21-$L21 -> 130960.07 | ... Z21: =Y21-$L21 -> 125578.15 | AA21: =SUM(O21:Z21,J21)/13*$AA$1 -> 2999.5237 | AC21: =L21*12 -> 21527.67 | AD21: =Z21-$L21 -> 123784.18 | AE21: =AD21-$L21 -> 121990.21 | AF21: =AE21-$L21 -> 120196.23 | AG21: =AF21-$L21 -> 118402.26 | AH21: =AG21-$L21 -> 116608.29 | AI21: =AH21-$L21 -> 114814.32 | AJ21: =AI21-$L21 -> 113020.34 | AK21: =AJ21-$L21 -> 111226.37 | AL21: =AK21-$L21 -> 109432.4 | ... AO21: =AN21-$L21 -> 104050.48 | AP21: =IF(K21<1,0,SUM(AD21:AO21,Z21)/13*$BG$1) -> 2525.915 | AQ21: 1793.9725 | AR21: =AN21-AO21 -> 1793.9725 | AS21: =AR21-AQ21 -> 3.4106051e-12 | AT21: =L21*12 -> 21527.67 | AU21: =AO21-$L21 -> 102256.51 | AV21: =AU21-$L21 -> 100462.54 | AW21: =AV21-$L21 -> 98668.564 | AX21: =AW21-$L21 -> 96874.592 | AY21: =AX21-$L21 -> 95080.619 | AZ21: =AY21-$L21 -> 93286.647 | BA21: =AZ21-$L21 -> 91492.674 | BB21: =BA21-$L21 -> 89698.702 | BC21: =BB21-$L21 -> 87904.729 | ... BF21: =BE21-$L21 -> 82522.812 | BG21: =IF(K21<1,0,SUM(AU21:BF21,AO21)/13*$BG$1) -> 2052.3062 | BH21: 1793.9725 | BI21: =BH21*12 -> 21527.67 | BJ21: =BF21-BH21 -> 80728.839 | BK21: =BJ21-$L21 -> 78934.867 | BL21: =BK21-$L21 -> 77140.894 | BM21: =BL21-$L21 -> 75346.922 | BN21: =BM21-$L21 -> 73552.949 | BO21: =BN21-$L21 -> 71758.977 | BP21: =BO21-$L21 -> 69965.004 | BQ21: =BP21-$L21 -> 68171.032 | BR21: =BQ21-$L21 -> 66377.059 | ... BU21: =BT21-$L21 -> 60995.142 | BV21: =IF(Z21<1,0,SUM(BJ21:BU21,BF21)/13*$BG$1) -> 1578.6975 | BW21: 1793.9725 | BX21: =BW21*12 -> 21527.67 | BY21: =BU21-BW21 -> 59201.169 | BZ21: =BY21-$L21 -> 57407.197 | CA21: =BZ21-$L21 -> 55613.224 | CB21: =CA21-$L21 -> 53819.252 | CC21: =CB21-$L21 -> 52025.279 | CD21: =CC21-$L21 -> 50231.307 | CE21: =CD21-$L21 -> 48437.334 | CF21: =CE21-$L21 -> 46643.362 | CG21: =CF21-$L21 -> 44849.389 | ... CJ21: =CI21-$L21 -> 39467.472 | CK21: =IF(AO21<1,0,SUM(BY21:CJ21,BU21)/13*$BG$1) -> 1105.0888 | CL21: 1793.9725 | CM21: =CL21*12 -> 21527.67 | CN21: =CJ21-CL21 -> 37673.499 | CO21: =CN21-$L21 -> 35879.527 | CP21: =CO21-$L21 -> 34085.554 | CQ21: =CP21-$L21 -> 32291.582 | CR21: =CQ21-$L21 -> 30497.609 | CS21: =CR21-$L21 -> 28703.637 | CT21: =CS21-$L21 -> 26909.664 | CU21: =CT21-$L21 -> 25115.692 | CV21: =CU21-$L21 -> 23321.719 | ... CY21: =CX21-$L21 -> 17939.802 | CZ21: =IF(BF21<1,0,SUM(CN21:CY21,CJ21)/13*$BG$1) -> 631.48001
A22: ='[1]2021 УГРЦТ'!A25 -> Газотурбинный агрегат ГТА-6РМ №1 | B22: ='[1]2021 УГРЦТ'!B25 -> 00001168 | C22: ='[1]2021 УГРЦТ'!C25 -> ПРОИЗВОДСТВО | D22: ='[1]2021 УГРЦТ'!D25 -> Машины и оборудование (кроме офисного) | E22: ='[1]2021 УГРЦТ'!E25 -> 31.03.2010 | F22: ='[1]2021 УГРЦТ'!F25 -> Газотурбинный цех | G22: ='[1]2021 УГРЦТ'!AC25 -> 180 | H22: ='[1]2021 УГРЦТ'!X25 -> 63489677 | I22: ='[1]2021 УГРЦТ'!Y25 -> #REF! | J22: ='[1]2021 УГРЦТ'!Z25 -> 63489677 | K22: 0 | L22: 0 | N22: =L22*12 -> 0 | O22: =J22-$L22 -> 63489677 | P22: =O22-$L22 -> 63489677 | Q22: =P22-$L22 -> 63489677 | R22: =Q22-$L22 -> 63489677 | S22: =R22-$L22 -> 63489677 | T22: =S22-$L22 -> 63489677 | U22: =T22-$L22 -> 63489677 | V22: =U22-$L22 -> 63489677 | W22: =V22-$L22 -> 63489677 | ... Z22: =Y22-$L22 -> 63489677 | AC22: =L22*12 -> 0 | AD22: =Z22-$L22 -> 63489677 | AE22: =AD22-$L22 -> 63489677 | AF22: =AE22-$L22 -> 63489677 | AG22: =AF22-$L22 -> 63489677 | AH22: =AG22-$L22 -> 63489677 | AI22: =AH22-$L22 -> 63489677 | AJ22: =AI22-$L22 -> 63489677 | AK22: =AJ22-$L22 -> 63489677 | AL22: =AK22-$L22 -> 63489677 | ... AO22: =AN22-$L22 -> 63489677 | AQ22: 0 | AR22: =AN22-AO22 -> 0 | AS22: =AR22-AQ22 -> 0 | AT22: =L22*12 -> 0 | AU22: =AO22-$L22 -> 63489677 | AV22: =AU22-$L22 -> 63489677 | AW22: =AV22-$L22 -> 63489677 | AX22: =AW22-$L22 -> 63489677 | AY22: =AX22-$L22 -> 63489677 | AZ22: =AY22-$L22 -> 63489677 | BA22: =AZ22-$L22 -> 63489677 | BB22: =BA22-$L22 -> 63489677 | BC22: =BB22-$L22 -> 63489677 | ... BF22: =BE22-$L22 -> 63489677 | BG22: =IF(K22<1,0,SUM(AU22:BF22,AO22)/13*$BG$1) -> 0 | BH22: 0 | BI22: =AC22*12 -> 0 | BJ22: =BF22-BH22 -> 63489677 | BK22: =BJ22-$L22 -> 63489677 | BL22: =BK22-$L22 -> 63489677 | BM22: =BL22-$L22 -> 63489677 | BN22: =BM22-$L22 -> 63489677 | BO22: =BN22-$L22 -> 63489677 | BP22: =BO22-$L22 -> 63489677 | BQ22: =BP22-$L22 -> 63489677 | BR22: =BQ22-$L22 -> 63489677 | ... BU22: =BT22-$L22 -> 63489677 | BV22: 0 | BW22: 0 | BX22: =AT22*12 -> 0 | BY22: =BU22-BW22 -> 63489677 | BZ22: =BY22-$L22 -> 63489677 | CA22: =BZ22-$L22 -> 63489677 | CB22: =CA22-$L22 -> 63489677 | CC22: =CB22-$L22 -> 63489677 | CD22: =CC22-$L22 -> 63489677 | CE22: =CD22-$L22 -> 63489677 | CF22: =CE22-$L22 -> 63489677 | CG22: =CF22-$L22 -> 63489677 | ... CJ22: =CI22-$L22 -> 63489677 | CK22: 0 | CL22: 0 | CM22: =BI22*12 -> 0 | CN22: =CJ22-CL22 -> 63489677 | CO22: =CN22-$L22 -> 63489677 | CP22: =CO22-$L22 -> 63489677 | CQ22: =CP22-$L22 -> 63489677 | CR22: =CQ22-$L22 -> 63489677 | CS22: =CR22-$L22 -> 63489677 | CT22: =CS22-$L22 -> 63489677 | CU22: =CT22-$L22 -> 63489677 | CV22: =CU22-$L22 -> 63489677 | ... CY22: =CX22-$L22 -> 63489677 | CZ22: 0
A23: ='[1]2021 УГРЦТ'!A26 -> Газотурбинный агрегат ГТА-6РМ №1 | B23: ='[1]2021 УГРЦТ'!B26 -> #REF! | C23: ='[1]2021 УГРЦТ'!C26 -> ПРОИЗВОДСТВО | D23: ='[1]2021 УГРЦТ'!D26 -> Машины и оборудование (кроме офисного) | E23: ='[1]2021 УГРЦТ'!E26 -> #REF! | F23: ='[1]2021 УГРЦТ'!F26 -> Газотурбинный цех | G23: ='[1]2021 УГРЦТ'!AC26 -> 100 | H23: ='[1]2021 УГРЦТ'!X26 -> 37399701 | I23: ='[1]2021 УГРЦТ'!Y26 -> 29415401 | J23: ='[1]2021 УГРЦТ'!Z26 -> 7984300 | K23: 0 | L23: 80649.5 | N23: =L23*12 -> 967794 | O23: =J23-$L23 -> 7903650.5 | P23: =O23-$L23 -> 7823001 | Q23: =P23-$L23 -> 7742351.5 | R23: =Q23-$L23 -> 7661702 | S23: =R23-$L23 -> 7581052.5 | T23: =S23-$L23 -> 7500403 | U23: =T23-$L23 -> 7419753.5 | V23: =U23-$L23 -> 7339104 | W23: =V23-$L23 -> 7258454.5 | ... Z23: =Y23-$L23 -> 7016506 | AC23: =L23*12 -> 967794 | AD23: =Z23-$L23 -> 6935856.5 | AE23: =AD23-$L23 -> 6855207 | AF23: =AE23-$L23 -> 6774557.5 | AG23: =AF23-$L23 -> 6693908 | AH23: =AG23-$L23 -> 6613258.5 | AI23: =AH23-$L23 -> 6532609 | AJ23: =AI23-$L23 -> 6451959.5 | AK23: =AJ23-$L23 -> 6371310 | AL23: =AK23-$L23 -> 6290660.5 | ... AO23: =AN23-$L23 -> 6048712 | AQ23: 80649.5 | AR23: =AN23-AO23 -> 80649.5 | AS23: =AR23-AQ23 -> 0 | AT23: =L23*12 -> 967794 | AU23: =AO23-$L23 -> 5968062.5 | AV23: =AU23-$L23 -> 5887413 | AW23: =AV23-$L23 -> 5806763.5 | AX23: =AW23-$L23 -> 5726114 | AY23: =AX23-$L23 -> 5645464.5 | AZ23: =AY23-$L23 -> 5564815 | BA23: =AZ23-$L23 -> 5484165.5 | BB23: =BA23-$L23 -> 5403516 | BC23: =BB23-$L23 -> 5322866.5 | ... BF23: =BE23-$L23 -> 5080918 | BG23: =IF(K23<1,0,SUM(AU23:BF23,AO23)/13*$BG$1) -> 0 | BH23: 80649.5 | BI23: =BH23*12 -> 967794 | BJ23: =BF23-BH23 -> 5000268.5 | BK23: =BJ23-$L23 -> 4919619 | BL23: =BK23-$L23 -> 4838969.5 | BM23: =BL23-$L23 -> 4758320 | BN23: =BM23-$L23 -> 4677670.5 | BO23: =BN23-$L23 -> 4597021 | BP23: =BO23-$L23 -> 4516371.5 | BQ23: =BP23-$L23 -> 4435722 | BR23: =BQ23-$L23 -> 4355072.5 | ... BU23: =BT23-$L23 -> 4113124 | BV23: 0 | BW23: 80649.5 | BX23: =BW23*12 -> 967794 | BY23: =BU23-BW23 -> 4032474.5 | BZ23: =BY23-$L23 -> 3951825 | CA23: =BZ23-$L23 -> 3871175.5 | CB23: =CA23-$L23 -> 3790526 | CC23: =CB23-$L23 -> 3709876.5 | CD23: =CC23-$L23 -> 3629227 | CE23: =CD23-$L23 -> 3548577.5 | CF23: =CE23-$L23 -> 3467928 | CG23: =CF23-$L23 -> 3387278.5 | ... CJ23: =CI23-$L23 -> 3145330 | CK23: 0 | CL23: 80649.5 | CM23: =CL23*12 -> 967794 | CN23: =CJ23-CL23 -> 3064680.5 | CO23: =CN23-$L23 -> 2984031 | CP23: =CO23-$L23 -> 2903381.5 | CQ23: =CP23-$L23 -> 2822732 | CR23: =CQ23-$L23 -> 2742082.5 | CS23: =CR23-$L23 -> 2661433 | CT23: =CS23-$L23 -> 2580783.5 | CU23: =CT23-$L23 -> 2500134 | CV23: =CU23-$L23 -> 2419484.5 | ... CY23: =CX23-$L23 -> 2177536 | CZ23: 0
A24: ='[1]2021 УГРЦТ'!A27 -> Газотурбинный агрегат ГТА-6РМ №2 | B24: ='[1]2021 УГРЦТ'!B27 -> 00001169 | C24: ='[1]2021 УГРЦТ'!C27 -> ПРОИЗВОДСТВО | D24: ='[1]2021 УГРЦТ'!D27 -> Машины и оборудование (кроме офисного) | E24: ='[1]2021 УГРЦТ'!E27 -> 31.03.2010 | F24: ='[1]2021 УГРЦТ'!F27 -> Газотурбинный цех | G24: ='[1]2021 УГРЦТ'!AC27 -> 180 | H24: ='[1]2021 УГРЦТ'!X27 -> 63489677 | I24: ='[1]2021 УГРЦТ'!Y27 -> #REF! | J24: ='[1]2021 УГРЦТ'!Z27 -> 63489677 | K24: 0 | L24: 0 | N24: =L24*12 -> 0 | O24: =J24-$L24 -> 63489677 | P24: =O24-$L24 -> 63489677 | Q24: =P24-$L24 -> 63489677 | R24: =Q24-$L24 -> 63489677 | S24: =R24-$L24 -> 63489677 | T24: =S24-$L24 -> 63489677 | U24: =T24-$L24 -> 63489677 | V24: =U24-$L24 -> 63489677 | W24: =V24-$L24 -> 63489677 | ... Z24: =Y24-$L24 -> 63489677 | AC24: =L24*12 -> 0 | AD24: =Z24-$L24 -> 63489677 | AE24: =AD24-$L24 -> 63489677 | AF24: =AE24-$L24 -> 63489677 | AG24: =AF24-$L24 -> 63489677 | AH24: =AG24-$L24 -> 63489677 | AI24: =AH24-$L24 -> 63489677 | AJ24: =AI24-$L24 -> 63489677 | AK24: =AJ24-$L24 -> 63489677 | AL24: =AK24-$L24 -> 63489677 | ... AO24: =AN24-$L24 -> 63489677 | AQ24: 0 | AR24: =AN24-AO24 -> 0 | AS24: =AR24-AQ24 -> 0 | AT24: =L24*12 -> 0 | AU24: =AO24-$L24 -> 63489677 | AV24: =AU24-$L24 -> 63489677 | AW24: =AV24-$L24 -> 63489677 | AX24: =AW24-$L24 -> 63489677 | AY24: =AX24-$L24 -> 63489677 | AZ24: =AY24-$L24 -> 63489677 | BA24: =AZ24-$L24 -> 63489677 | BB24: =BA24-$L24 -> 63489677 | BC24: =BB24-$L24 -> 63489677 | ... BF24: =BE24-$L24 -> 63489677 | BG24: =IF(K24<1,0,SUM(AU24:BF24,AO24)/13*$BG$1) -> 0 | BH24: 0 | BI24: =AC24*12 -> 0 | BJ24: =BF24-BH24 -> 63489677 | BK24: =BJ24-$L24 -> 63489677 | BL24: =BK24-$L24 -> 63489677 | BM24: =BL24-$L24 -> 63489677 | BN24: =BM24-$L24 -> 63489677 | BO24: =BN24-$L24 -> 63489677 | BP24: =BO24-$L24 -> 63489677 | BQ24: =BP24-$L24 -> 63489677 | BR24: =BQ24-$L24 -> 63489677 | ... BU24: =BT24-$L24 -> 63489677 | BV24: 0 | BW24: 0 | BX24: =AT24*12 -> 0 | BY24: =BU24-BW24 -> 63489677 | BZ24: =BY24-$L24 -> 63489677 | CA24: =BZ24-$L24 -> 63489677 | CB24: =CA24-$L24 -> 63489677 | CC24: =CB24-$L24 -> 63489677 | CD24: =CC24-$L24 -> 63489677 | CE24: =CD24-$L24 -> 63489677 | CF24: =CE24-$L24 -> 63489677 | CG24: =CF24-$L24 -> 63489677 | ... CJ24: =CI24-$L24 -> 63489677 | CK24: 0 | CL24: 0 | CM24: =BI24*12 -> 0 | CN24: =CJ24-CL24 -> 63489677 | CO24: =CN24-$L24 -> 63489677 | CP24: =CO24-$L24 -> 63489677 | CQ24: =CP24-$L24 -> 63489677 | CR24: =CQ24-$L24 -> 63489677 | CS24: =CR24-$L24 -> 63489677 | CT24: =CS24-$L24 -> 63489677 | CU24: =CT24-$L24 -> 63489677 | CV24: =CU24-$L24 -> 63489677 | ... CY24: =CX24-$L24 -> 63489677 | CZ24: 0
A25: ='[1]2021 УГРЦТ'!A28 -> Газотурбинный агрегат ГТА-6РМ №2 | B25: ='[1]2021 УГРЦТ'!B28 -> #REF! | C25: ='[1]2021 УГРЦТ'!C28 -> ПРОИЗВОДСТВО | D25: ='[1]2021 УГРЦТ'!D28 -> Машины и оборудование (кроме офисного) | E25: ='[1]2021 УГРЦТ'!E28 -> #REF! | F25: ='[1]2021 УГРЦТ'!F28 -> Газотурбинный цех | G25: ='[1]2021 УГРЦТ'!AC28 -> 100 | H25: ='[1]2021 УГРЦТ'!X28 -> 37399701 | I25: ='[1]2021 УГРЦТ'!Y28 -> 29415401 | J25: ='[1]2021 УГРЦТ'!Z28 -> 7984300 | K25: 0 | L25: 80649.5 | N25: =L25*12 -> 967794 | O25: =J25-$L25 -> 7903650.5 | P25: =O25-$L25 -> 7823001 | Q25: =P25-$L25 -> 7742351.5 | R25: =Q25-$L25 -> 7661702 | S25: =R25-$L25 -> 7581052.5 | T25: =S25-$L25 -> 7500403 | U25: =T25-$L25 -> 7419753.5 | V25: =U25-$L25 -> 7339104 | W25: =V25-$L25 -> 7258454.5 | ... Z25: =Y25-$L25 -> 7016506 | AC25: =L25*12 -> 967794 | AD25: =Z25-$L25 -> 6935856.5 | AE25: =AD25-$L25 -> 6855207 | AF25: =AE25-$L25 -> 6774557.5 | AG25: =AF25-$L25 -> 6693908 | AH25: =AG25-$L25 -> 6613258.5 | AI25: =AH25-$L25 -> 6532609 | AJ25: =AI25-$L25 -> 6451959.5 | AK25: =AJ25-$L25 -> 6371310 | AL25: =AK25-$L25 -> 6290660.5 | ... AO25: =AN25-$L25 -> 6048712 | AQ25: 80649.5 | AR25: =AN25-AO25 -> 80649.5 | AS25: =AR25-AQ25 -> 0 | AT25: =L25*12 -> 967794 | AU25: =AO25-$L25 -> 5968062.5 | AV25: =AU25-$L25 -> 5887413 | AW25: =AV25-$L25 -> 5806763.5 | AX25: =AW25-$L25 -> 5726114 | AY25: =AX25-$L25 -> 5645464.5 | AZ25: =AY25-$L25 -> 5564815 | BA25: =AZ25-$L25 -> 5484165.5 | BB25: =BA25-$L25 -> 5403516 | BC25: =BB25-$L25 -> 5322866.5 | ... BF25: =BE25-$L25 -> 5080918 | BG25: =IF(K25<1,0,SUM(AU25:BF25,AO25)/13*$BG$1) -> 0 | BH25: 80649.5 | BI25: =BH25*12 -> 967794 | BJ25: =BF25-BH25 -> 5000268.5 | BK25: =BJ25-$L25 -> 4919619 | BL25: =BK25-$L25 -> 4838969.5 | BM25: =BL25-$L25 -> 4758320 | BN25: =BM25-$L25 -> 4677670.5 | BO25: =BN25-$L25 -> 4597021 | BP25: =BO25-$L25 -> 4516371.5 | BQ25: =BP25-$L25 -> 4435722 | BR25: =BQ25-$L25 -> 4355072.5 | ... BU25: =BT25-$L25 -> 4113124 | BV25: 0 | BW25: 80649.5 | BX25: =BW25*12 -> 967794 | BY25: =BU25-BW25 -> 4032474.5 | BZ25: =BY25-$L25 -> 3951825 | CA25: =BZ25-$L25 -> 3871175.5 | CB25: =CA25-$L25 -> 3790526 | CC25: =CB25-$L25 -> 3709876.5 | CD25: =CC25-$L25 -> 3629227 | CE25: =CD25-$L25 -> 3548577.5 | CF25: =CE25-$L25 -> 3467928 | CG25: =CF25-$L25 -> 3387278.5 | ... CJ25: =CI25-$L25 -> 3145330 | CK25: 0 | CL25: 80649.5 | CM25: =CL25*12 -> 967794 | CN25: =CJ25-CL25 -> 3064680.5 | CO25: =CN25-$L25 -> 2984031 | CP25: =CO25-$L25 -> 2903381.5 | CQ25: =CP25-$L25 -> 2822732 | CR25: =CQ25-$L25 -> 2742082.5 | CS25: =CR25-$L25 -> 2661433 | CT25: =CS25-$L25 -> 2580783.5 | CU25: =CT25-$L25 -> 2500134 | CV25: =CU25-$L25 -> 2419484.5 | ... CY25: =CX25-$L25 -> 2177536 | CZ25: 0
A26: ='[1]2021 УГРЦТ'!A29 -> Газотурбинный агрегат ГТА-6РМ №3 | B26: ='[1]2021 УГРЦТ'!B29 -> 00001170 | C26: ='[1]2021 УГРЦТ'!C29 -> ПРОИЗВОДСТВО | D26: ='[1]2021 УГРЦТ'!D29 -> Машины и оборудование (кроме офисного) | E26: ='[1]2021 УГРЦТ'!E29 -> 31.03.2010 | F26: ='[1]2021 УГРЦТ'!F29 -> Газотурбинный цех | G26: ='[1]2021 УГРЦТ'!AC29 -> 180 | H26: ='[1]2021 УГРЦТ'!X29 -> 63230670 | I26: ='[1]2021 УГРЦТ'!Y29 -> #REF! | J26: ='[1]2021 УГРЦТ'!Z29 -> 63230670 | K26: 0 | L26: 0 | N26: =L26*12 -> 0 | O26: =J26-$L26 -> 63230670 | P26: =O26-$L26 -> 63230670 | Q26: =P26-$L26 -> 63230670 | R26: =Q26-$L26 -> 63230670 | S26: =R26-$L26 -> 63230670 | T26: =S26-$L26 -> 63230670 | U26: =T26-$L26 -> 63230670 | V26: =U26-$L26 -> 63230670 | W26: =V26-$L26 -> 63230670 | ... Z26: =Y26-$L26 -> 63230670 | AC26: =L26*12 -> 0 | AD26: =Z26-$L26 -> 63230670 | AE26: =AD26-$L26 -> 63230670 | AF26: =AE26-$L26 -> 63230670 | AG26: =AF26-$L26 -> 63230670 | AH26: =AG26-$L26 -> 63230670 | AI26: =AH26-$L26 -> 63230670 | AJ26: =AI26-$L26 -> 63230670 | AK26: =AJ26-$L26 -> 63230670 | AL26: =AK26-$L26 -> 63230670 | ... AO26: =AN26-$L26 -> 63230670 | AQ26: 0 | AR26: =AN26-AO26 -> 0 | AS26: =AR26-AQ26 -> 0 | AT26: =L26*12 -> 0 | AU26: =AO26-$L26 -> 63230670 | AV26: =AU26-$L26 -> 63230670 | AW26: =AV26-$L26 -> 63230670 | AX26: =AW26-$L26 -> 63230670 | AY26: =AX26-$L26 -> 63230670 | AZ26: =AY26-$L26 -> 63230670 | BA26: =AZ26-$L26 -> 63230670 | BB26: =BA26-$L26 -> 63230670 | BC26: =BB26-$L26 -> 63230670 | ... BF26: =BE26-$L26 -> 63230670 | BG26: =IF(K26<1,0,SUM(AU26:BF26,AO26)/13*$BG$1) -> 0 | BH26: 0 | BI26: =AC26*12 -> 0 | BJ26: =BF26-BH26 -> 63230670 | BK26: =BJ26-$L26 -> 63230670 | BL26: =BK26-$L26 -> 63230670 | BM26: =BL26-$L26 -> 63230670 | BN26: =BM26-$L26 -> 63230670 | BO26: =BN26-$L26 -> 63230670 | BP26: =BO26-$L26 -> 63230670 | BQ26: =BP26-$L26 -> 63230670 | BR26: =BQ26-$L26 -> 63230670 | ... BU26: =BT26-$L26 -> 63230670 | BV26: 0 | BW26: 0 | BX26: =AT26*12 -> 0 | BY26: =BU26-BW26 -> 63230670 | BZ26: =BY26-$L26 -> 63230670 | CA26: =BZ26-$L26 -> 63230670 | CB26: =CA26-$L26 -> 63230670 | CC26: =CB26-$L26 -> 63230670 | CD26: =CC26-$L26 -> 63230670 | CE26: =CD26-$L26 -> 63230670 | CF26: =CE26-$L26 -> 63230670 | CG26: =CF26-$L26 -> 63230670 | ... CJ26: =CI26-$L26 -> 63230670 | CK26: 0 | CL26: 0 | CM26: =BI26*12 -> 0 | CN26: =CJ26-CL26 -> 63230670 | CO26: =CN26-$L26 -> 63230670 | CP26: =CO26-$L26 -> 63230670 | CQ26: =CP26-$L26 -> 63230670 | CR26: =CQ26-$L26 -> 63230670 | CS26: =CR26-$L26 -> 63230670 | CT26: =CS26-$L26 -> 63230670 | CU26: =CT26-$L26 -> 63230670 | CV26: =CU26-$L26 -> 63230670 | ... CY26: =CX26-$L26 -> 63230670 | CZ26: 0
A27: ='[1]2021 УГРЦТ'!A30 -> Газотурбинный агрегат ГТА-6РМ №3 | B27: ='[1]2021 УГРЦТ'!B30 -> #REF! | C27: ='[1]2021 УГРЦТ'!C30 -> ПРОИЗВОДСТВО | D27: ='[1]2021 УГРЦТ'!D30 -> Машины и оборудование (кроме офисного) | E27: ='[1]2021 УГРЦТ'!E30 -> #REF! | F27: ='[1]2021 УГРЦТ'!F30 -> Газотурбинный цех | G27: ='[1]2021 УГРЦТ'!AC30 -> 100 | H27: ='[1]2021 УГРЦТ'!X30 -> 37140694 | I27: ='[1]2021 УГРЦТ'!Y30 -> 28969741 | J27: ='[1]2021 УГРЦТ'!Z30 -> 8170952.8 | K27: 0 | L27: 82534.88 | N27: =L27*12 -> 990418.56 | O27: =J27-$L27 -> 8088417.9 | P27: =O27-$L27 -> 8005883 | Q27: =P27-$L27 -> 7923348.1 | R27: =Q27-$L27 -> 7840813.2 | S27: =R27-$L27 -> 7758278.4 | T27: =S27-$L27 -> 7675743.5 | U27: =T27-$L27 -> 7593208.6 | V27: =U27-$L27 -> 7510673.7 | W27: =V27-$L27 -> 7428138.8 | ... Z27: =Y27-$L27 -> 7180534.2 | AC27: =L27*12 -> 990418.56 | AD27: =Z27-$L27 -> 7097999.3 | AE27: =AD27-$L27 -> 7015464.4 | AF27: =AE27-$L27 -> 6932929.6 | AG27: =AF27-$L27 -> 6850394.7 | AH27: =AG27-$L27 -> 6767859.8 | AI27: =AH27-$L27 -> 6685324.9 | AJ27: =AI27-$L27 -> 6602790 | AK27: =AJ27-$L27 -> 6520255.2 | AL27: =AK27-$L27 -> 6437720.3 | ... AO27: =AN27-$L27 -> 6190115.6 | AQ27: 82534.88 | AR27: =AN27-AO27 -> 82534.88 | AS27: =AR27-AQ27 -> -1.1641532e-10 | AT27: =L27*12 -> 990418.56 | AU27: =AO27-$L27 -> 6107580.8 | AV27: =AU27-$L27 -> 6025045.9 | AW27: =AV27-$L27 -> 5942511 | AX27: =AW27-$L27 -> 5859976.1 | AY27: =AX27-$L27 -> 5777441.2 | AZ27: =AY27-$L27 -> 5694906.4 | BA27: =AZ27-$L27 -> 5612371.5 | BB27: =BA27-$L27 -> 5529836.6 | BC27: =BB27-$L27 -> 5447301.7 | ... BF27: =BE27-$L27 -> 5199697.1 | BG27: =IF(K27<1,0,SUM(AU27:BF27,AO27)/13*$BG$1) -> 0 | BH27: 82534.88 | BI27: =BH27*12 -> 990418.56 | BJ27: =BF27-BH27 -> 5117162.2 | BK27: =BJ27-$L27 -> 5034627.3 | BL27: =BK27-$L27 -> 4952092.4 | BM27: =BL27-$L27 -> 4869557.6 | BN27: =BM27-$L27 -> 4787022.7 | BO27: =BN27-$L27 -> 4704487.8 | BP27: =BO27-$L27 -> 4621952.9 | BQ27: =BP27-$L27 -> 4539418 | BR27: =BQ27-$L27 -> 4456883.2 | ... BU27: =BT27-$L27 -> 4209278.5 | BV27: 0 | BW27: 82534.88 | BX27: =BW27*12 -> 990418.56 | BY27: =BU27-BW27 -> 4126743.6 | BZ27: =BY27-$L27 -> 4044208.8 | CA27: =BZ27-$L27 -> 3961673.9 | CB27: =CA27-$L27 -> 3879139 | CC27: =CB27-$L27 -> 3796604.1 | CD27: =CC27-$L27 -> 3714069.2 | CE27: =CD27-$L27 -> 3631534.4 | CF27: =CE27-$L27 -> 3548999.5 | CG27: =CF27-$L27 -> 3466464.6 | ... CJ27: =CI27-$L27 -> 3218860 | CK27: 0 | CL27: 82534.88 | CM27: =CL27*12 -> 990418.56 | CN27: =CJ27-CL27 -> 3136325.1 | CO27: =CN27-$L27 -> 3053790.2 | CP27: =CO27-$L27 -> 2971255.3 | CQ27: =CP27-$L27 -> 2888720.4 | CR27: =CQ27-$L27 -> 2806185.6 | CS27: =CR27-$L27 -> 2723650.7 | CT27: =CS27-$L27 -> 2641115.8 | CU27: =CT27-$L27 -> 2558580.9 | CV27: =CU27-$L27 -> 2476046 | ... CY27: =CX27-$L27 -> 2228441.4 | CZ27: 0
A28: ='[1]2021 УГРЦТ'!A31 -> Гараж на 5 машин 1989г | B28: ='[1]2021 УГРЦТ'!B31 -> 00000514 | C28: ='[1]2021 УГРЦТ'!C31 -> ПРОИЗВОДСТВО | D28: ='[1]2021 УГРЦТ'!D31 -> Здания | E28: ='[1]2021 УГРЦТ'!E31 -> 31.12.2003 | F28: ='[1]2021 УГРЦТ'!F31 -> Тепломеханический цех | G28: ='[1]2021 УГРЦТ'!AC31 -> 480 | H28: ='[1]2021 УГРЦТ'!X31 -> 1449374.7 | I28: ='[1]2021 УГРЦТ'!Y31 -> 536104.96 | J28: ='[1]2021 УГРЦТ'!Z31 -> 913269.78 | K28: 1 | L28: 3459.36 | N28: =L28*12 -> 41512.32 | O28: =J28-$L28 -> 909810.42 | P28: =O28-$L28 -> 906351.06 | Q28: =P28-$L28 -> 902891.7 | R28: =Q28-$L28 -> 899432.34 | S28: =R28-$L28 -> 895972.98 | T28: =S28-$L28 -> 892513.62 | U28: =T28-$L28 -> 889054.26 | V28: =U28-$L28 -> 885594.9 | W28: =V28-$L28 -> 882135.54 | ... Z28: =Y28-$L28 -> 871757.46 | AA28: =SUM(O28:Z28,J28)/13*$AA$1 -> 19635.3 | AC28: =L28*12 -> 41512.32 | AD28: =Z28-$L28 -> 868298.1 | AE28: =AD28-$L28 -> 864838.74 | AF28: =AE28-$L28 -> 861379.38 | AG28: =AF28-$L28 -> 857920.02 | AH28: =AG28-$L28 -> 854460.66 | AI28: =AH28-$L28 -> 851001.3 | AJ28: =AI28-$L28 -> 847541.94 | AK28: =AJ28-$L28 -> 844082.58 | AL28: =AK28-$L28 -> 840623.22 | ... AO28: =AN28-$L28 -> 830245.14 | AP28: =IF(K28<1,0,SUM(AD28:AO28,Z28)/13*$BG$1) -> 18722.029 | AQ28: 3459.36 | AR28: =AN28-AO28 -> 3459.36 | AS28: =AR28-AQ28 -> -1.4097168e-11 | AT28: =L28*12 -> 41512.32 | AU28: =AO28-$L28 -> 826785.78 | AV28: =AU28-$L28 -> 823326.42 | AW28: =AV28-$L28 -> 819867.06 | AX28: =AW28-$L28 -> 816407.7 | AY28: =AX28-$L28 -> 812948.34 | AZ28: =AY28-$L28 -> 809488.98 | BA28: =AZ28-$L28 -> 806029.62 | BB28: =BA28-$L28 -> 802570.26 | BC28: =BB28-$L28 -> 799110.9 | ... BF28: =BE28-$L28 -> 788732.82 | BG28: =IF(K28<1,0,SUM(AU28:BF28,AO28)/13*$BG$1) -> 17808.758 | BH28: 3459.36 | BI28: =BH28*12 -> 41512.32 | BJ28: =BF28-BH28 -> 785273.46 | BK28: =BJ28-$L28 -> 781814.1 | BL28: =BK28-$L28 -> 778354.74 | BM28: =BL28-$L28 -> 774895.38 | BN28: =BM28-$L28 -> 771436.02 | BO28: =BN28-$L28 -> 767976.66 | BP28: =BO28-$L28 -> 764517.3 | BQ28: =BP28-$L28 -> 761057.94 | BR28: =BQ28-$L28 -> 757598.58 | ... BU28: =BT28-$L28 -> 747220.5 | BV28: =IF(Z28<1,0,SUM(BJ28:BU28,BF28)/13*$BG$1) -> 16895.487 | BW28: 3459.36 | BX28: =BW28*12 -> 41512.32 | BY28: =BU28-BW28 -> 743761.14 | BZ28: =BY28-$L28 -> 740301.78 | CA28: =BZ28-$L28 -> 736842.42 | CB28: =CA28-$L28 -> 733383.06 | CC28: =CB28-$L28 -> 729923.7 | CD28: =CC28-$L28 -> 726464.34 | CE28: =CD28-$L28 -> 723004.98 | CF28: =CE28-$L28 -> 719545.62 | CG28: =CF28-$L28 -> 716086.26 | ... CJ28: =CI28-$L28 -> 705708.18 | CK28: =IF(AO28<1,0,SUM(BY28:CJ28,BU28)/13*$BG$1) -> 15982.215 | CL28: 3459.36 | CM28: =CL28*12 -> 41512.32 | CN28: =CJ28-CL28 -> 702248.82 | CO28: =CN28-$L28 -> 698789.46 | CP28: =CO28-$L28 -> 695330.1 | CQ28: =CP28-$L28 -> 691870.74 | CR28: =CQ28-$L28 -> 688411.38 | CS28: =CR28-$L28 -> 684952.02 | CT28: =CS28-$L28 -> 681492.66 | CU28: =CT28-$L28 -> 678033.3 | CV28: =CU28-$L28 -> 674573.94 | ... CY28: =CX28-$L28 -> 664195.86 | CZ28: =IF(BF28<1,0,SUM(CN28:CY28,CJ28)/13*$BG$1) -> 15068.944
A29: ='[1]2021 УГРЦТ'!A32 -> Градирня (бассейн) | B29: ='[1]2021 УГРЦТ'!B32 -> 00000280 | C29: ='[1]2021 УГРЦТ'!C32 -> ПРОИЗВОДСТВО | D29: ='[1]2021 УГРЦТ'!D32 -> Сооружения | E29: ='[1]2021 УГРЦТ'!E32 -> 30.01.1974 | F29: ='[1]2021 УГРЦТ'!F32 -> Тепломеханический цех | G29: ='[1]2021 УГРЦТ'!AC32 -> 600 | H29: ='[1]2021 УГРЦТ'!X32 -> 191276.19 | I29: ='[1]2021 УГРЦТ'!Y32 -> 159145.7 | J29: ='[1]2021 УГРЦТ'!Z32 -> 32130.49 | K29: 1 | L29: 1286.96 | N29: =L29*12 -> 15443.52 | O29: =J29-$L29 -> 30843.53 | P29: =O29-$L29 -> 29556.57 | Q29: =P29-$L29 -> 28269.61 | R29: =Q29-$L29 -> 26982.65 | S29: =R29-$L29 -> 25695.69 | T29: =S29-$L29 -> 24408.73 | U29: =T29-$L29 -> 23121.77 | V29: =U29-$L29 -> 21834.81 | W29: =V29-$L29 -> 20547.85 | ... Z29: =Y29-$L29 -> 16686.97 | AA29: =SUM(O29:Z29,J29)/13*$AA$1 -> 536.99206 | AC29: =L29*12 -> 15443.52 | AD29: =Z29-$L29 -> 15400.01 | AE29: =AD29-$L29 -> 14113.05 | AF29: =AE29-$L29 -> 12826.09 | AG29: =AF29-$L29 -> 11539.13 | AH29: =AG29-$L29 -> 10252.17 | AI29: =AH29-$L29 -> 8965.21 | AJ29: =AI29-$L29 -> 7678.25 | AK29: =AJ29-$L29 -> 6391.29 | AL29: =AK29-$L29 -> 5104.33 | ... AO29: =AN29-$L29 -> 1243.45 | AP29: =IF(K29<1,0,SUM(AD29:AO29,Z29)/13*$BG$1) -> 197.23462 | AQ29: 1286.96 | AR29: =AN29-AO29 -> 1286.96 | AS29: =AR29-AQ29 -> 0 | AT29: =L29*1-43.51 -> 1243.45 | BG29: =IF(K29<1,0,SUM(AU29:BF29,AO29)/13*$BG$1) -> 2.1043 | BH29: 1286.96 | BV29: =IF(Z29<1,0,SUM(BJ29:BU29,BF29)/13*$BG$1) -> 0 | BW29: 1286.96 | CK29: =IF(AO29<1,0,SUM(BY29:CJ29,BU29)/13*$BG$1) -> 0 | CL29: 1286.96 | CZ29: =IF(BF29<1,0,SUM(CN29:CY29,CJ29)/13*$BG$1) -> 0
A30: ='[1]2021 УГРЦТ'!A33 -> ГТА-6 РМ №1 (газотурбинная энергетич установка) | B30: ='[1]2021 УГРЦТ'!B33 -> 00000505 | C30: ='[1]2021 УГРЦТ'!C33 -> ПРОИЗВОДСТВО | D30: ='[1]2021 УГРЦТ'!D33 -> Машины и оборудование (кроме офисного) | E30: ='[1]2021 УГРЦТ'!E33 -> 30.09.2005 | F30: ='[1]2021 УГРЦТ'!F33 -> Газотурбинный цех | G30: ='[1]2021 УГРЦТ'!AC33 -> 132 | H30: ='[1]2021 УГРЦТ'!X33 -> 30784100 | I30: ='[1]2021 УГРЦТ'!Y33 -> 27031032 | J30: ='[1]2021 УГРЦТ'!Z33 -> 3753068.6 | K30: 0 | L30: 64708.08 | N30: =L30*12 -> 776496.96 | O30: =J30-$L30 -> 3688360.5 | P30: =O30-$L30 -> 3623652.4 | Q30: =P30-$L30 -> 3558944.3 | R30: =Q30-$L30 -> 3494236.2 | S30: =R30-$L30 -> 3429528.2 | T30: =S30-$L30 -> 3364820.1 | U30: =T30-$L30 -> 3300112 | V30: =U30-$L30 -> 3235403.9 | W30: =V30-$L30 -> 3170695.8 | ... Z30: =Y30-$L30 -> 2976571.6 | AC30: =L30*12 -> 776496.96 | AD30: =Z30-$L30 -> 2911863.5 | AE30: =AD30-$L30 -> 2847155.4 | AF30: =AE30-$L30 -> 2782447.3 | AG30: =AF30-$L30 -> 2717739.3 | AH30: =AG30-$L30 -> 2653031.2 | AI30: =AH30-$L30 -> 2588323.1 | AJ30: =AI30-$L30 -> 2523615 | AK30: =AJ30-$L30 -> 2458906.9 | AL30: =AK30-$L30 -> 2394198.9 | ... AO30: =AN30-$L30 -> 2200074.6 | AQ30: 64708.08 | AR30: =AN30-AO30 -> 64708.08 | AS30: =AR30-AQ30 -> 8.0035534e-11 | AT30: =L30*12 -> 776496.96 | AU30: =AO30-$L30 -> 2135366.5 | AV30: =AU30-$L30 -> 2070658.5 | AW30: =AV30-$L30 -> 2005950.4 | AX30: =AW30-$L30 -> 1941242.3 | AY30: =AX30-$L30 -> 1876534.2 | AZ30: =AY30-$L30 -> 1811826.1 | BA30: =AZ30-$L30 -> 1747118.1 | BB30: =BA30-$L30 -> 1682410 | BC30: =BB30-$L30 -> 1617701.9 | ... BF30: =BE30-$L30 -> 1423577.7 | BG30: =IF(K30<1,0,SUM(AU30:BF30,AO30)/13*$BG$1) -> 0 | BH30: 64708.08 | BI30: =BH30*12 -> 776496.96 | BJ30: =BF30-BH30 -> 1358869.6 | BK30: =BJ30-$L30 -> 1294161.5 | BL30: =BK30-$L30 -> 1229453.4 | BM30: =BL30-$L30 -> 1164745.3 | BN30: =BM30-$L30 -> 1100037.3 | BO30: =BN30-$L30 -> 1035329.2 | BP30: =BO30-$L30 -> 970621.11 | BQ30: =BP30-$L30 -> 905913.03 | BR30: =BQ30-$L30 -> 841204.95 | ... BU30: =BT30-$L30 -> 647080.71 | BV30: 0 | BW30: 64708.08 | BX30: 647080.71 | BY30: =BU30-BW30 -> 582372.63 | BZ30: =BY30-$L30 -> 517664.55 | CA30: =BZ30-$L30 -> 452956.47 | CB30: =CA30-$L30 -> 388248.39 | CC30: =CB30-$L30 -> 323540.31 | CD30: =CC30-$L30 -> 258832.23 | CE30: =CD30-$L30 -> 194124.15 | CF30: =CE30-$L30 -> 129416.07 | CG30: =CF30-$L30 -> 64707.99 | CK30: 0 | CL30: 64708.08 | CZ30: 0
A31: ='[1]2021 УГРЦТ'!A34 -> ГТА-6РМ №2 | B31: ='[1]2021 УГРЦТ'!B34 -> 00000534 | C31: ='[1]2021 УГРЦТ'!C34 -> ПРОИЗВОДСТВО | D31: ='[1]2021 УГРЦТ'!D34 -> Машины и оборудование (кроме офисного) | E31: ='[1]2021 УГРЦТ'!E34 -> 30.09.2005 | F31: ='[1]2021 УГРЦТ'!F34 -> Газотурбинный цех | G31: ='[1]2021 УГРЦТ'!AC34 -> 132 | H31: ='[1]2021 УГРЦТ'!X34 -> 30784121 | I31: ='[1]2021 УГРЦТ'!Y34 -> 27031044 | J31: ='[1]2021 УГРЦТ'!Z34 -> 3753077.4 | K31: 0 | L31: 64708.24 | N31: =L31*12 -> 776498.88 | O31: =J31-$L31 -> 3688369.2 | P31: =O31-$L31 -> 3623661 | Q31: =P31-$L31 -> 3558952.7 | R31: =Q31-$L31 -> 3494244.5 | S31: =R31-$L31 -> 3429536.2 | T31: =S31-$L31 -> 3364828 | U31: =T31-$L31 -> 3300119.8 | V31: =U31-$L31 -> 3235411.5 | W31: =V31-$L31 -> 3170703.3 | ... Z31: =Y31-$L31 -> 2976578.6 | AC31: =L31*12 -> 776498.88 | AD31: =Z31-$L31 -> 2911870.3 | AE31: =AD31-$L31 -> 2847162.1 | AF31: =AE31-$L31 -> 2782453.8 | AG31: =AF31-$L31 -> 2717745.6 | AH31: =AG31-$L31 -> 2653037.4 | AI31: =AH31-$L31 -> 2588329.1 | AJ31: =AI31-$L31 -> 2523620.9 | AK31: =AJ31-$L31 -> 2458912.6 | AL31: =AK31-$L31 -> 2394204.4 | ... AO31: =AN31-$L31 -> 2200079.7 | AQ31: 64708.24 | AR31: =AN31-AO31 -> 64708.24 | AS31: =AR31-AQ31 -> 2.2555469e-10 | AT31: =L31*12 -> 776498.88 | AU31: =AO31-$L31 -> 2135371.4 | AV31: =AU31-$L31 -> 2070663.2 | AW31: =AV31-$L31 -> 2005955 | AX31: =AW31-$L31 -> 1941246.7 | AY31: =AX31-$L31 -> 1876538.5 | AZ31: =AY31-$L31 -> 1811830.2 | BA31: =AZ31-$L31 -> 1747122 | BB31: =BA31-$L31 -> 1682413.8 | BC31: =BB31-$L31 -> 1617705.5 | ... BF31: =BE31-$L31 -> 1423580.8 | BG31: =IF(K31<1,0,SUM(AU31:BF31,AO31)/13*$BG$1) -> 0 | BH31: 64708.24 | BI31: =BH31*12 -> 776498.88 | BJ31: =BF31-BH31 -> 1358872.6 | BK31: =BJ31-$L31 -> 1294164.3 | BL31: =BK31-$L31 -> 1229456.1 | BM31: =BL31-$L31 -> 1164747.8 | BN31: =BM31-$L31 -> 1100039.6 | BO31: =BN31-$L31 -> 1035331.4 | BP31: =BO31-$L31 -> 970623.12 | BQ31: =BP31-$L31 -> 905914.88 | BR31: =BQ31-$L31 -> 841206.64 | ... BU31: =BT31-$L31 -> 647081.92 | BV31: 0 | BW31: 64708.24 | BX31: 647081.92 | BY31: =BU31-BW31 -> 582373.68 | BZ31: =BY31-$L31 -> 517665.44 | CA31: =BZ31-$L31 -> 452957.2 | CB31: =CA31-$L31 -> 388248.96 | CC31: =CB31-$L31 -> 323540.72 | CD31: =CC31-$L31 -> 258832.48 | CE31: =CD31-$L31 -> 194124.24 | CF31: =CE31-$L31 -> 129416 | CG31: =CF31-$L31 -> 64707.76 | CK31: 0 | CL31: 64708.24 | CZ31: 0
A32: ='[1]2021 УГРЦТ'!A35 -> Двигатель газотурбинный резервный ГТД-6/РМ (2007г) | B32: ='[1]2021 УГРЦТ'!B35 -> 00001025 | C32: ='[1]2021 УГРЦТ'!C35 -> ПРОИЗВОДСТВО | D32: ='[1]2021 УГРЦТ'!D35 -> Машины и оборудование (кроме офисного) | E32: ='[1]2021 УГРЦТ'!E35 -> 28.02.2007 | F32: ='[1]2021 УГРЦТ'!F35 -> Газотурбинный цех | G32: ='[1]2021 УГРЦТ'!AC35 -> 190 | H32: ='[1]2021 УГРЦТ'!X35 -> 26107351 | I32: ='[1]2021 УГРЦТ'!Y35 -> 23296463 | J32: ='[1]2021 УГРЦТ'!Z35 -> 2810887.9 | K32: 0 | L32: 128915.42 | N32: =L32*12 -> 1546985 | O32: =J32-$L32 -> 2681972.5 | P32: =O32-$L32 -> 2553057.1 | Q32: =P32-$L32 -> 2424141.7 | R32: =Q32-$L32 -> 2295226.2 | S32: =R32-$L32 -> 2166310.8 | T32: =S32-$L32 -> 2037395.4 | U32: =T32-$L32 -> 1908480 | V32: =U32-$L32 -> 1779564.6 | W32: =V32-$L32 -> 1650649.2 | ... Z32: =Y32-$L32 -> 1263902.9 | AC32: =L32*10-25251.31 -> 1263902.9 | AD32: =Z32-$L32 -> 1134987.5 | AE32: =AD32-$L32 -> 1006072.1 | AF32: =AE32-$L32 -> 877156.63 | AG32: =AF32-$L32 -> 748241.21 | AH32: =AG32-$L32 -> 619325.79 | AI32: =AH32-$L32 -> 490410.37 | AJ32: =AI32-$L32 -> 361494.95 | AK32: =AJ32-$L32 -> 232579.53 | AL32: =AK32-$L32 -> 103664.11 | AQ32: 128915.42 | BG32: =IF(K32<1,0,SUM(AU32:BF32,AO32)/13*$BG$1) -> 0 | BH32: 128915.42 | BV32: =IF(Z32<1,0,SUM(BJ32:BU32,BF32)/13*$BG$1) -> 0 | BW32: 128915.42 | CK32: =IF(AO32<1,0,SUM(BY32:CJ32,BU32)/13*$BG$1) -> 0 | CL32: 128915.42 | CZ32: =IF(BF32<1,0,SUM(CN32:CY32,CJ32)/13*$BG$1) -> 0
A33: ='[1]2021 УГРЦТ'!A36 -> Двигатель ГТД-6РМ № В6-17 | B33: ='[1]2021 УГРЦТ'!B36 -> 00000928 | C33: ='[1]2021 УГРЦТ'!C36 -> ПРОИЗВОДСТВО | D33: ='[1]2021 УГРЦТ'!D36 -> Машины и оборудование (кроме офисного) | E33: ='[1]2021 УГРЦТ'!E36 -> 30.09.2005 | F33: ='[1]2021 УГРЦТ'!F36 -> Газотурбинный цех | G33: ='[1]2021 УГРЦТ'!AC36 -> 180 | H33: ='[1]2021 УГРЦТ'!X36 -> 32415719 | I33: ='[1]2021 УГРЦТ'!Y36 -> 28188954 | J33: ='[1]2021 УГРЦТ'!Z36 -> 4226765 | K33: 0 | L33: 234820.25 | N33: =L33*12 -> 2817843 | O33: =J33-$L33 -> 3991944.7 | P33: =O33-$L33 -> 3757124.5 | Q33: =P33-$L33 -> 3522304.2 | R33: =Q33-$L33 -> 3287484 | S33: =R33-$L33 -> 3052663.7 | T33: =S33-$L33 -> 2817843.5 | U33: =T33-$L33 -> 2583023.2 | V33: =U33-$L33 -> 2348203 | W33: =V33-$L33 -> 2113382.7 | ... Z33: =Y33-$L33 -> 1408922 | AC33: =L33*6+0.49 -> 1408922 | AD33: =Z33-$L33 -> 1174101.7 | AE33: =AD33-$L33 -> 939281.49 | AF33: =AE33-$L33 -> 704461.24 | AG33: =AF33-$L33 -> 469640.99 | AH33: =AG33-$L33 -> 234820.74 | AI33: =AH33-$L33 -> 0.49 | AQ33: 234820.25 | BG33: =IF(K33<1,0,SUM(AU33:BF33,AO33)/13*$BG$1) -> 0 | BH33: 234820.25 | BV33: =IF(Z33<1,0,SUM(BJ33:BU33,BF33)/13*$BG$1) -> 0 | BW33: 234820.25 | CK33: =IF(AO33<1,0,SUM(BY33:CJ33,BU33)/13*$BG$1) -> 0 | CL33: 234820.25 | CZ33: =IF(BF33<1,0,SUM(CN33:CY33,CJ33)/13*$BG$1) -> 0
A34: ='[1]2021 УГРЦТ'!A37 -> Двигатель ГТД-6РМ №В6-11 | B34: ='[1]2021 УГРЦТ'!B37 -> 00000929 | C34: ='[1]2021 УГРЦТ'!C37 -> ПРОИЗВОДСТВО | D34: ='[1]2021 УГРЦТ'!D37 -> Машины и оборудование (кроме офисного) | E34: ='[1]2021 УГРЦТ'!E37 -> 30.09.2005 | F34: ='[1]2021 УГРЦТ'!F37 -> Газотурбинный цех | G34: ='[1]2021 УГРЦТ'!AC37 -> 180 | H34: ='[1]2021 УГРЦТ'!X37 -> 12711864 | I34: ='[1]2021 УГРЦТ'!Y37 -> 12146893 | J34: ='[1]2021 УГРЦТ'!Z37 -> 564971.58 | K34: 0 | L34: 70621.47 | N34: =L34*8-0.18 -> 564971.58 | O34: =J34-$L34 -> 494350.11 | P34: =O34-$L34 -> 423728.64 | Q34: =P34-$L34 -> 353107.17 | R34: =Q34-$L34 -> 282485.7 | S34: =R34-$L34 -> 211864.23 | T34: =S34-$L34 -> 141242.76 | U34: =T34-$L34 -> 70621.293 | V34: =U34-$L34+0.18 -> 0.0026666674 | W34: 0 | X34: 0 | Y34: 0 | Z34: 0 | AQ34: 0 | AR34: =AN34-AO34 -> 0 | AS34: =AR34-AQ34 -> 0 | BG34: =IF(K34<1,0,SUM(AU34:BF34,AO34)/13*$BG$1) -> 0 | BH34: 0 | BV34: =IF(Z34<1,0,SUM(BJ34:BU34,BF34)/13*$BG$1) -> 0 | BW34: 0 | CK34: =IF(AO34<1,0,SUM(BY34:CJ34,BU34)/13*$BG$1) -> 0 | CL34: 0 | CZ34: =IF(BF34<1,0,SUM(CN34:CY34,CJ34)/13*$BG$1) -> 0
A35: ='[1]2021 УГРЦТ'!A38 -> Двигатель ГТД-6РМ №В6-44 | B35: ='[1]2021 УГРЦТ'!B38 -> 000001872 | C35: ='[1]2021 УГРЦТ'!C38 -> ПРОИЗВОДСТВО | D35: ='[1]2021 УГРЦТ'!D38 -> Машины и оборудование (кроме офисного) | E35: ='[1]2021 УГРЦТ'!E38 -> 44530 | F35: ='[1]2021 УГРЦТ'!F38 -> Газотурбинный цех | G35: ='[1]2021 УГРЦТ'!AC38 -> 100 | H35: ='[1]2021 УГРЦТ'!X38 -> 5797772.4 | I35: ='[1]2021 УГРЦТ'!Y38 -> 57977.724 | J35: ='[1]2021 УГРЦТ'!Z38 -> 5739794.6 | K35: 0 | L35: 57977.72 | N35: =L35*12 -> 695732.64 | O35: =J35-$L35 -> 5681816.9 | P35: =O35-$L35 -> 5623839.2 | Q35: =P35-$L35 -> 5565861.5 | R35: =Q35-$L35 -> 5507883.8 | S35: =R35-$L35 -> 5449906 | T35: =S35-$L35 -> 5391928.3 | U35: =T35-$L35 -> 5333950.6 | V35: =U35-$L35 -> 5275972.9 | W35: =V35-$L35 -> 5217995.2 | ... Z35: =Y35-$L35 -> 5044062 | AC35: =L35*12 -> 695732.64 | AD35: =Z35-$L35 -> 4986084.3 | AE35: =AD35-$L35 -> 4928106.6 | AF35: =AE35-$L35 -> 4870128.8 | AG35: =AF35-$L35 -> 4812151.1 | AH35: =AG35-$L35 -> 4754173.4 | AI35: =AH35-$L35 -> 4696195.7 | AJ35: =AI35-$L35 -> 4638218 | AK35: =AJ35-$L35 -> 4580240.2 | AL35: =AK35-$L35 -> 4522262.5 | ... AO35: =AN35-$L35 -> 4348329.4 | AQ35: 57977.72 | AR35: =AN35-AO35 -> 57977.72 | AS35: =AR35-AQ35 -> -2.6193447e-10 | AT35: =L35*12 -> 695732.64 | AU35: =AO35-$L35 -> 4290351.6 | AV35: =AU35-$L35 -> 4232373.9 | AW35: =AV35-$L35 -> 4174396.2 | AX35: =AW35-$L35 -> 4116418.5 | AY35: =AX35-$L35 -> 4058440.8 | AZ35: =AY35-$L35 -> 4000463 | BA35: =AZ35-$L35 -> 3942485.3 | BB35: =BA35-$L35 -> 3884507.6 | BC35: =BB35-$L35 -> 3826529.9 | ... BF35: =BE35-$L35 -> 3652596.7 | BG35: =IF(K35<1,0,SUM(AU35:BF35,AO35)/13*$BG$1) -> 0 | BH35: 57977.72 | BI35: =BH35*12 -> 695732.64 | BJ35: =BF35-BH35 -> 3594619 | BK35: =BJ35-$L35 -> 3536641.3 | BL35: =BK35-$L35 -> 3478663.6 | BM35: =BL35-$L35 -> 3420685.8 | BN35: =BM35-$L35 -> 3362708.1 | BO35: =BN35-$L35 -> 3304730.4 | BP35: =BO35-$L35 -> 3246752.7 | BQ35: =BP35-$L35 -> 3188775 | BR35: =BQ35-$L35 -> 3130797.2 | ... BU35: =BT35-$L35 -> 2956864.1 | BV35: 0 | BW35: 57977.72 | BX35: =BW35*12 -> 695732.64 | BY35: =BU35-BW35 -> 2898886.4 | BZ35: =BY35-$L35 -> 2840908.6 | CA35: =BZ35-$L35 -> 2782930.9 | CB35: =CA35-$L35 -> 2724953.2 | CC35: =CB35-$L35 -> 2666975.5 | CD35: =CC35-$L35 -> 2608997.8 | CE35: =CD35-$L35 -> 2551020 | CF35: =CE35-$L35 -> 2493042.3 | CG35: =CF35-$L35 -> 2435064.6 | ... CJ35: =CI35-$L35 -> 2261131.4 | CK35: 0 | CL35: 57977.72 | CM35: =CL35*12 -> 695732.64 | CN35: =CJ35-CL35 -> 2203153.7 | CO35: =CN35-$L35 -> 2145176 | CP35: =CO35-$L35 -> 2087198.3 | CQ35: =CP35-$L35 -> 2029220.6 | CR35: =CQ35-$L35 -> 1971242.8 | CS35: =CR35-$L35 -> 1913265.1 | CT35: =CS35-$L35 -> 1855287.4 | CU35: =CT35-$L35 -> 1797309.7 | CV35: =CU35-$L35 -> 1739332 | ... CY35: =CX35-$L35 -> 1565398.8 | CZ35: 0
A36: ='[1]2021 УГРЦТ'!A39 -> Двигатель ГТД-6РМ №В6-45 | B36: ='[1]2021 УГРЦТ'!B39 -> 000001871 | C36: ='[1]2021 УГРЦТ'!C39 -> ПРОИЗВОДСТВО | D36: ='[1]2021 УГРЦТ'!D39 -> Машины и оборудование (кроме офисного) | E36: ='[1]2021 УГРЦТ'!E39 -> 44530 | F36: ='[1]2021 УГРЦТ'!F39 -> Газотурбинный цех | G36: ='[1]2021 УГРЦТ'!AC39 -> 100 | H36: ='[1]2021 УГРЦТ'!X39 -> 5797772.4 | I36: ='[1]2021 УГРЦТ'!Y39 -> 57977.724 | J36: ='[1]2021 УГРЦТ'!Z39 -> 5739794.6 | K36: 0 | L36: 57977.72 | N36: =L36*12 -> 695732.64 | O36: =J36-$L36 -> 5681816.9 | P36: =O36-$L36 -> 5623839.2 | Q36: =P36-$L36 -> 5565861.5 | R36: =Q36-$L36 -> 5507883.8 | S36: =R36-$L36 -> 5449906 | T36: =S36-$L36 -> 5391928.3 | U36: =T36-$L36 -> 5333950.6 | V36: =U36-$L36 -> 5275972.9 | W36: =V36-$L36 -> 5217995.2 | ... Z36: =Y36-$L36 -> 5044062 | AC36: =L36*12 -> 695732.64 | AD36: =Z36-$L36 -> 4986084.3 | AE36: =AD36-$L36 -> 4928106.6 | AF36: =AE36-$L36 -> 4870128.8 | AG36: =AF36-$L36 -> 4812151.1 | AH36: =AG36-$L36 -> 4754173.4 | AI36: =AH36-$L36 -> 4696195.7 | AJ36: =AI36-$L36 -> 4638218 | AK36: =AJ36-$L36 -> 4580240.2 | AL36: =AK36-$L36 -> 4522262.5 | ... AO36: =AN36-$L36 -> 4348329.4 | AQ36: 57977.72 | AR36: =AN36-AO36 -> 57977.72 | AS36: =AR36-AQ36 -> -2.6193447e-10 | AT36: =L36*12 -> 695732.64 | AU36: =AO36-$L36 -> 4290351.6 | AV36: =AU36-$L36 -> 4232373.9 | AW36: =AV36-$L36 -> 4174396.2 | AX36: =AW36-$L36 -> 4116418.5 | AY36: =AX36-$L36 -> 4058440.8 | AZ36: =AY36-$L36 -> 4000463 | BA36: =AZ36-$L36 -> 3942485.3 | BB36: =BA36-$L36 -> 3884507.6 | BC36: =BB36-$L36 -> 3826529.9 | ... BF36: =BE36-$L36 -> 3652596.7 | BG36: =IF(K36<1,0,SUM(AU36:BF36,AO36)/13*$BG$1) -> 0 | BH36: 57977.72 | BI36: =BH36*12 -> 695732.64 | BJ36: =BF36-BH36 -> 3594619 | BK36: =BJ36-$L36 -> 3536641.3 | BL36: =BK36-$L36 -> 3478663.6 | BM36: =BL36-$L36 -> 3420685.8 | BN36: =BM36-$L36 -> 3362708.1 | BO36: =BN36-$L36 -> 3304730.4 | BP36: =BO36-$L36 -> 3246752.7 | BQ36: =BP36-$L36 -> 3188775 | BR36: =BQ36-$L36 -> 3130797.2 | ... BU36: =BT36-$L36 -> 2956864.1 | BV36: 0 | BW36: 57977.72 | BX36: =BW36*12 -> 695732.64 | BY36: =BU36-BW36 -> 2898886.4 | BZ36: =BY36-$L36 -> 2840908.6 | CA36: =BZ36-$L36 -> 2782930.9 | CB36: =CA36-$L36 -> 2724953.2 | CC36: =CB36-$L36 -> 2666975.5 | CD36: =CC36-$L36 -> 2608997.8 | CE36: =CD36-$L36 -> 2551020 | CF36: =CE36-$L36 -> 2493042.3 | CG36: =CF36-$L36 -> 2435064.6 | ... CJ36: =CI36-$L36 -> 2261131.4 | CK36: 0 | CL36: 57977.72 | CM36: =CL36*12 -> 695732.64 | CN36: =CJ36-CL36 -> 2203153.7 | CO36: =CN36-$L36 -> 2145176 | CP36: =CO36-$L36 -> 2087198.3 | CQ36: =CP36-$L36 -> 2029220.6 | CR36: =CQ36-$L36 -> 1971242.8 | CS36: =CR36-$L36 -> 1913265.1 | CT36: =CS36-$L36 -> 1855287.4 | CU36: =CT36-$L36 -> 1797309.7 | CV36: =CU36-$L36 -> 1739332 | ... CY36: =CX36-$L36 -> 1565398.8 | CZ36: 0
A37: ='[1]2021 УГРЦТ'!A40 -> Двигатель ГТД-6РМ №В6-47 | B37: ='[1]2021 УГРЦТ'!B40 -> 000001870 | C37: ='[1]2021 УГРЦТ'!C40 -> ПРОИЗВОДСТВО | D37: ='[1]2021 УГРЦТ'!D40 -> Машины и оборудование (кроме офисного) | E37: ='[1]2021 УГРЦТ'!E40 -> 44530 | F37: ='[1]2021 УГРЦТ'!F40 -> Газотурбинный цех | G37: ='[1]2021 УГРЦТ'!AC40 -> 100 | H37: ='[1]2021 УГРЦТ'!X40 -> 5797772.4 | I37: ='[1]2021 УГРЦТ'!Y40 -> 57977.724 | J37: ='[1]2021 УГРЦТ'!Z40 -> 5739794.6 | K37: 0 | L37: 57977.72 | N37: =L37*12 -> 695732.64 | O37: =J37-$L37 -> 5681816.9 | P37: =O37-$L37 -> 5623839.2 | Q37: =P37-$L37 -> 5565861.5 | R37: =Q37-$L37 -> 5507883.8 | S37: =R37-$L37 -> 5449906 | T37: =S37-$L37 -> 5391928.3 | U37: =T37-$L37 -> 5333950.6 | V37: =U37-$L37 -> 5275972.9 | W37: =V37-$L37 -> 5217995.2 | ... Z37: =Y37-$L37 -> 5044062 | AC37: =L37*12 -> 695732.64 | AD37: =Z37-$L37 -> 4986084.3 | AE37: =AD37-$L37 -> 4928106.6 | AF37: =AE37-$L37 -> 4870128.8 | AG37: =AF37-$L37 -> 4812151.1 | AH37: =AG37-$L37 -> 4754173.4 | AI37: =AH37-$L37 -> 4696195.7 | AJ37: =AI37-$L37 -> 4638218 | AK37: =AJ37-$L37 -> 4580240.2 | AL37: =AK37-$L37 -> 4522262.5 | ... AO37: =AN37-$L37 -> 4348329.4 | AQ37: 57977.72 | AR37: =AN37-AO37 -> 57977.72 | AS37: =AR37-AQ37 -> -2.6193447e-10 | AT37: =L37*12 -> 695732.64 | AU37: =AO37-$L37 -> 4290351.6 | AV37: =AU37-$L37 -> 4232373.9 | AW37: =AV37-$L37 -> 4174396.2 | AX37: =AW37-$L37 -> 4116418.5 | AY37: =AX37-$L37 -> 4058440.8 | AZ37: =AY37-$L37 -> 4000463 | BA37: =AZ37-$L37 -> 3942485.3 | BB37: =BA37-$L37 -> 3884507.6 | BC37: =BB37-$L37 -> 3826529.9 | ... BF37: =BE37-$L37 -> 3652596.7 | BG37: =IF(K37<1,0,SUM(AU37:BF37,AO37)/13*$BG$1) -> 0 | BH37: 57977.72 | BI37: =BH37*12 -> 695732.64 | BJ37: =BF37-BH37 -> 3594619 | BK37: =BJ37-$L37 -> 3536641.3 | BL37: =BK37-$L37 -> 3478663.6 | BM37: =BL37-$L37 -> 3420685.8 | BN37: =BM37-$L37 -> 3362708.1 | BO37: =BN37-$L37 -> 3304730.4 | BP37: =BO37-$L37 -> 3246752.7 | BQ37: =BP37-$L37 -> 3188775 | BR37: =BQ37-$L37 -> 3130797.2 | ... BU37: =BT37-$L37 -> 2956864.1 | BV37: 0 | BW37: 57977.72 | BX37: =BW37*12 -> 695732.64 | BY37: =BU37-BW37 -> 2898886.4 | BZ37: =BY37-$L37 -> 2840908.6 | CA37: =BZ37-$L37 -> 2782930.9 | CB37: =CA37-$L37 -> 2724953.2 | CC37: =CB37-$L37 -> 2666975.5 | CD37: =CC37-$L37 -> 2608997.8 | CE37: =CD37-$L37 -> 2551020 | CF37: =CE37-$L37 -> 2493042.3 | CG37: =CF37-$L37 -> 2435064.6 | ... CJ37: =CI37-$L37 -> 2261131.4 | CK37: 0 | CL37: 57977.72 | CM37: =CL37*12 -> 695732.64 | CN37: =CJ37-CL37 -> 2203153.7 | CO37: =CN37-$L37 -> 2145176 | CP37: =CO37-$L37 -> 2087198.3 | CQ37: =CP37-$L37 -> 2029220.6 | CR37: =CQ37-$L37 -> 1971242.8 | CS37: =CR37-$L37 -> 1913265.1 | CT37: =CS37-$L37 -> 1855287.4 | CU37: =CT37-$L37 -> 1797309.7 | CV37: =CU37-$L37 -> 1739332 | ... CY37: =CX37-$L37 -> 1565398.8 | CZ37: 0
A38: ='[1]2021 УГРЦТ'!A41 -> Двигатель ГТД-6РМ зав. №В6-69 на раме №163-069 | B38: ='[1]2021 УГРЦТ'!B41 -> 000001566 | C38: ='[1]2021 УГРЦТ'!C41 -> ПРОИЗВОДСТВО | D38: ='[1]2021 УГРЦТ'!D41 -> Машины и оборудование (кроме офисного) | E38: ='[1]2021 УГРЦТ'!E41 -> 30.11.2013 | F38: ='[1]2021 УГРЦТ'!F41 -> Газотурбинный цех | G38: ='[1]2021 УГРЦТ'!AC41 -> 120 | H38: ='[1]2021 УГРЦТ'!X41 -> 35115893 | I38: ='[1]2021 УГРЦТ'!Y41 -> 27507449 | J38: ='[1]2021 УГРЦТ'!Z41 -> 7608443.8 | K38: 0 | L38: 292632.44 | N38: =L38*12 -> 3511589.3 | O38: =J38-$L38 -> 7315811.4 | P38: =O38-$L38 -> 7023178.9 | Q38: =P38-$L38 -> 6730546.5 | R38: =Q38-$L38 -> 6437914 | S38: =R38-$L38 -> 6145281.6 | T38: =S38-$L38 -> 5852649.2 | U38: =T38-$L38 -> 5560016.7 | V38: =U38-$L38 -> 5267384.3 | W38: =V38-$L38 -> 4974751.8 | ... Z38: =Y38-$L38 -> 4096854.5 | AC38: =L38*12 -> 3511589.3 | AD38: =Z38-$L38 -> 3804222.1 | AE38: =AD38-$L38 -> 3511589.6 | AF38: =AE38-$L38 -> 3218957.2 | AG38: =AF38-$L38 -> 2926324.8 | AH38: =AG38-$L38 -> 2633692.3 | AI38: =AH38-$L38 -> 2341059.9 | AJ38: =AI38-$L38 -> 2048427.4 | AK38: =AJ38-$L38 -> 1755795 | AL38: =AK38-$L38 -> 1463162.6 | ... AO38: =AN38-$L38 -> 585265.25 | AQ38: 292632.44 | AR38: =AN38-AO38 -> 292632.44 | AS38: =AR38-AQ38 -> 0 | AT38: =L38*2+0.37 -> 585265.25 | AU38: =AO38-$L38 -> 292632.81 | AV38: =AU38-$L38 -> 0.369 | BG38: =IF(K38<1,0,SUM(AU38:BF38,AO38)/13*$BG$1) -> 0 | BH38: 292632.44 | BV38: =IF(Z38<1,0,SUM(BJ38:BU38,BF38)/13*$BG$1) -> 0 | BW38: 292632.44 | CK38: =IF(AO38<1,0,SUM(BY38:CJ38,BU38)/13*$BG$1) -> 0 | CL38: 292632.44 | CZ38: =IF(BF38<1,0,SUM(CN38:CY38,CJ38)/13*$BG$1) -> 0
A39: ='[1]2021 УГРЦТ'!A42 -> Дизель электростанция ДЭС электроснабжение объекта "Ненецкая СББЖ г.Нарьян-Мара" | B39: ='[1]2021 УГРЦТ'!B42 -> 000001669 | C39: ='[1]2021 УГРЦТ'!C42 -> ПРОИЗВОДСТВО | D39: ='[1]2021 УГРЦТ'!D42 -> Машины и оборудование (кроме офисного) | E39: ='[1]2021 УГРЦТ'!E42 -> 31.12.2015 | F39: ='[1]2021 УГРЦТ'!F42 -> Тепломеханический цех | G39: ='[1]2021 УГРЦТ'!AC42 -> 84 | H39: ='[1]2021 УГРЦТ'!X42 -> 2404272.6 | I39: ='[1]2021 УГРЦТ'!Y42 -> 2060804.9 | J39: ='[1]2021 УГРЦТ'!Z42 -> 343467.69 | K39: 0 | L39: 28622.29 | N39: =L39*12 -> 343467.48 | O39: =J39-$L39 -> 314845.4 | P39: =O39-$L39 -> 286223.11 | Q39: =P39-$L39 -> 257600.82 | R39: =Q39-$L39 -> 228978.53 | S39: =R39-$L39 -> 200356.24 | T39: =S39-$L39 -> 171733.95 | U39: =T39-$L39 -> 143111.66 | V39: =U39-$L39 -> 114489.37 | W39: =V39-$L39 -> 85867.076 | ... Z39: =Y39-$L39 -> 0.20571429 | AC39: =L39*0+0.21 -> 0.21 | AQ39: 0 | AR39: =AN39-AO39 -> 0 | AS39: =AR39-AQ39 -> 0 | BG39: =IF(K39<1,0,SUM(AU39:BF39,AO39)/13*$BG$1) -> 0 | BH39: 0 | BV39: =IF(Z39<1,0,SUM(BJ39:BU39,BF39)/13*$BG$1) -> 0 | BW39: 0 | CK39: =IF(AO39<1,0,SUM(BY39:CJ39,BU39)/13*$BG$1) -> 0 | CL39: 0 | CZ39: =IF(BF39<1,0,SUM(CN39:CY39,CJ39)/13*$BG$1) -> 0
A40: ='[1]2021 УГРЦТ'!A43 -> Дизель-генератор ДГР 630/1000 с пневмопуском 2009г | B40: ='[1]2021 УГРЦТ'!B43 -> 00001109 | C40: ='[1]2021 УГРЦТ'!C43 -> ПРОИЗВОДСТВО | D40: ='[1]2021 УГРЦТ'!D43 -> Машины и оборудование (кроме офисного) | E40: ='[1]2021 УГРЦТ'!E43 -> 31.01.2009 | F40: ='[1]2021 УГРЦТ'!F43 -> Тепломеханический цех | G40: ='[1]2021 УГРЦТ'!AC43 -> 180 | H40: ='[1]2021 УГРЦТ'!X43 -> 9872012.9 | I40: ='[1]2021 УГРЦТ'!Y43 -> 8288289.2 | J40: ='[1]2021 УГРЦТ'!Z43 -> 1583723.7 | K40: 0 | L40: 64753.66 | N40: =L40*12 -> 777043.92 | O40: =J40-$L40 -> 1518970 | P40: =O40-$L40 -> 1454216.4 | Q40: =P40-$L40 -> 1389462.7 | R40: =Q40-$L40 -> 1324709.1 | S40: =R40-$L40 -> 1259955.4 | T40: =S40-$L40 -> 1195201.7 | U40: =T40-$L40 -> 1130448.1 | V40: =U40-$L40 -> 1065694.4 | W40: =V40-$L40 -> 1000940.8 | ... Z40: =Y40-$L40 -> 806679.78 | AC40: =L40*12 -> 777043.92 | AD40: =Z40-$L40 -> 741926.12 | AE40: =AD40-$L40 -> 677172.46 | AF40: =AE40-$L40 -> 612418.8 | AG40: =AF40-$L40 -> 547665.14 | AH40: =AG40-$L40 -> 482911.48 | AI40: =AH40-$L40 -> 418157.82 | AJ40: =AI40-$L40 -> 353404.16 | AK40: =AJ40-$L40 -> 288650.5 | AL40: =AK40-$L40 -> 223896.84 | ... AO40: =AN40-$L40 -> 29635.86 | AQ40: 64753.66 | AR40: =AN40-AO40 -> 64753.66 | AS40: =AR40-AQ40 -> 0 | AT40: =L40*0+29635.86 -> 29635.86 | BG40: =IF(K40<1,0,SUM(AU40:BF40,AO40)/13*$BG$1) -> 0 | BH40: 64753.66 | BV40: =IF(Z40<1,0,SUM(BJ40:BU40,BF40)/13*$BG$1) -> 0 | BW40: 64753.66 | CK40: =IF(AO40<1,0,SUM(BY40:CJ40,BU40)/13*$BG$1) -> 0 | CL40: 64753.66 | CZ40: =IF(BF40<1,0,SUM(CN40:CY40,CJ40)/13*$BG$1) -> 0
A41: ='[1]2021 УГРЦТ'!A44 -> Дизель-генераторная установка Caterpillar 3516BHD с двутопливной системой | B41: ='[1]2021 УГРЦТ'!B44 -> 000001506 | C41: ='[1]2021 УГРЦТ'!C44 -> ПРОИЗВОДСТВО | D41: ='[1]2021 УГРЦТ'!D44 -> Машины и оборудование (кроме офисного) | E41: ='[1]2021 УГРЦТ'!E44 -> 19.12.2012 | F41: ='[1]2021 УГРЦТ'!F44 -> Тепломеханический цех | G41: ='[1]2021 УГРЦТ'!AC44 -> 120 | H41: ='[1]2021 УГРЦТ'!X44 -> 28190060 | I41: ='[1]2021 УГРЦТ'!Y44 -> 25370788 | J41: ='[1]2021 УГРЦТ'!Z44 -> 2819272.5 | K41: 0 | L41: 234917.17 | N41: =L41*12 -> 2819006 | O41: =J41-$L41 -> 2584355.3 | P41: =O41-$L41 -> 2349438.1 | Q41: =P41-$L41 -> 2114521 | R41: =Q41-$L41 -> 1879603.8 | S41: =R41-$L41 -> 1644686.6 | T41: =S41-$L41 -> 1409769.4 | U41: =T41-$L41 -> 1174852.3 | V41: =U41-$L41 -> 939935.11 | W41: =V41-$L41 -> 705017.94 | ... Z41: =Y41-$L41 -> 266.426 | AC41: =L41*0+266.43 -> 266.43 | AQ41: 0 | AR41: =AN41-AO41 -> 0 | AS41: =AR41-AQ41 -> 0 | BG41: =IF(K41<1,0,SUM(AU41:BF41,AO41)/13*$BG$1) -> 0 | BH41: 0 | BV41: =IF(Z41<1,0,SUM(BJ41:BU41,BF41)/13*$BG$1) -> 0 | BW41: 0 | CK41: =IF(AO41<1,0,SUM(BY41:CJ41,BU41)/13*$BG$1) -> 0 | CL41: 0 | CZ41: =IF(BF41<1,0,SUM(CN41:CY41,CJ41)/13*$BG$1) -> 0
A42: ='[1]2021 УГРЦТ'!A45 -> Дизельная электростанция АДК 500.2-Baltic | B42: ='[1]2021 УГРЦТ'!B45 -> 000001836 | C42: ='[1]2021 УГРЦТ'!C45 -> ПРОИЗВОДСТВО | D42: ='[1]2021 УГРЦТ'!D45 -> Здания | E42: ='[1]2021 УГРЦТ'!E45 -> 30.12.2020 | F42: ='[1]2021 УГРЦТ'!F45 -> ДЭС п.Красное | G42: ='[1]2021 УГРЦТ'!AC45 -> 360 | H42: ='[1]2021 УГРЦТ'!X45 -> 2315429.2 | I42: ='[1]2021 УГРЦТ'!Y45 -> 77180.974 | J42: ='[1]2021 УГРЦТ'!Z45 -> 2238248.2 | K42: 1 | L42: 6431.75 | N42: =L42*12 -> 77181 | O42: =J42-$L42 -> 2231816.5 | P42: =O42-$L42 -> 2225384.7 | Q42: =P42-$L42 -> 2218953 | R42: =Q42-$L42 -> 2212521.2 | S42: =R42-$L42 -> 2206089.5 | T42: =S42-$L42 -> 2199657.7 | U42: =T42-$L42 -> 2193226 | V42: =U42-$L42 -> 2186794.2 | W42: =V42-$L42 -> 2180362.5 | ... Z42: =Y42-$L42 -> 2161067.2 | AA42: =SUM(O42:Z42,J42)/13*$AA$1 -> 48392.47 | AC42: =L42*12 -> 77181 | AD42: =Z42-$L42 -> 2154635.5 | AE42: =AD42-$L42 -> 2148203.7 | AF42: =AE42-$L42 -> 2141772 | AG42: =AF42-$L42 -> 2135340.2 | AH42: =AG42-$L42 -> 2128908.5 | AI42: =AH42-$L42 -> 2122476.7 | AJ42: =AI42-$L42 -> 2116045 | AK42: =AJ42-$L42 -> 2109613.2 | AL42: =AK42-$L42 -> 2103181.5 | ... AO42: =AN42-$L42 -> 2083886.2 | AP42: =IF(K42<1,0,SUM(AD42:AO42,Z42)/13*$BG$1) -> 46694.488 | AQ42: 6431.75 | AR42: =AN42-AO42 -> 6431.75 | AS42: =AR42-AQ42 -> 0 | AT42: =L42*12 -> 77181 | AU42: =AO42-$L42 -> 2077454.5 | AV42: =AU42-$L42 -> 2071022.7 | AW42: =AV42-$L42 -> 2064591 | AX42: =AW42-$L42 -> 2058159.2 | AY42: =AX42-$L42 -> 2051727.5 | AZ42: =AY42-$L42 -> 2045295.7 | BA42: =AZ42-$L42 -> 2038864 | BB42: =BA42-$L42 -> 2032432.2 | BC42: =BB42-$L42 -> 2026000.5 | ... BF42: =BE42-$L42 -> 2006705.2 | BG42: =IF(K42<1,0,SUM(AU42:BF42,AO42)/13*$BG$1) -> 44996.506 | BH42: 6431.75 | BI42: =BH42*12 -> 77181 | BJ42: =BF42-BH42 -> 2000273.5 | BK42: =BJ42-$L42 -> 1993841.7 | BL42: =BK42-$L42 -> 1987410 | BM42: =BL42-$L42 -> 1980978.2 | BN42: =BM42-$L42 -> 1974546.5 | BO42: =BN42-$L42 -> 1968114.7 | BP42: =BO42-$L42 -> 1961683 | BQ42: =BP42-$L42 -> 1955251.2 | BR42: =BQ42-$L42 -> 1948819.5 | ... BU42: =BT42-$L42 -> 1929524.2 | BV42: =IF(Z42<1,0,SUM(BJ42:BU42,BF42)/13*$BG$1) -> 43298.524 | BW42: 6431.75 | BX42: =BW42*12 -> 77181 | BY42: =BU42-BW42 -> 1923092.5 | BZ42: =BY42-$L42 -> 1916660.7 | CA42: =BZ42-$L42 -> 1910229 | CB42: =CA42-$L42 -> 1903797.2 | CC42: =CB42-$L42 -> 1897365.5 | CD42: =CC42-$L42 -> 1890933.7 | CE42: =CD42-$L42 -> 1884502 | CF42: =CE42-$L42 -> 1878070.2 | CG42: =CF42-$L42 -> 1871638.5 | ... CJ42: =CI42-$L42 -> 1852343.2 | CK42: =IF(AO42<1,0,SUM(BY42:CJ42,BU42)/13*$BG$1) -> 41600.542 | CL42: 6431.75 | CM42: =CL42*12 -> 77181 | CN42: =CJ42-CL42 -> 1845911.5 | CO42: =CN42-$L42 -> 1839479.7 | CP42: =CO42-$L42 -> 1833048 | CQ42: =CP42-$L42 -> 1826616.2 | CR42: =CQ42-$L42 -> 1820184.5 | CS42: =CR42-$L42 -> 1813752.7 | CT42: =CS42-$L42 -> 1807321 | CU42: =CT42-$L42 -> 1800889.2 | CV42: =CU42-$L42 -> 1794457.5 | ... CY42: =CX42-$L42 -> 1775162.2 | CZ42: =IF(BF42<1,0,SUM(CN42:CY42,CJ42)/13*$BG$1) -> 39902.56
A43: ='[1]2021 УГРЦТ'!A46 -> Зарядное с автоматическим циклом зарядки 24В, 35А СТЕК МХТS 70 | B43: ='[1]2021 УГРЦТ'!B46 -> 000001548 | C43: ='[1]2021 УГРЦТ'!C46 -> ПРОИЗВОДСТВО | D43: ='[1]2021 УГРЦТ'!D46 -> Машины и оборудование (кроме офисного) | E43: ='[1]2021 УГРЦТ'!E46 -> 30.09.2013 | F43: ='[1]2021 УГРЦТ'!F46 -> Тепломеханический цех | G43: ='[1]2021 УГРЦТ'!AC46 -> 180 | H43: ='[1]2021 УГРЦТ'!X46 -> 58050.85 | I43: ='[1]2021 УГРЦТ'!Y46 -> 31927.557 | J43: ='[1]2021 УГРЦТ'!Z46 -> 26123.293 | K43: 0 | L43: 322.51 | N43: =L43*12 -> 3870.12 | O43: =J43-$L43 -> 25800.783 | P43: =O43-$L43 -> 25478.273 | Q43: =P43-$L43 -> 25155.763 | R43: =Q43-$L43 -> 24833.253 | S43: =R43-$L43 -> 24510.743 | T43: =S43-$L43 -> 24188.233 | U43: =T43-$L43 -> 23865.723 | V43: =U43-$L43 -> 23543.213 | W43: =V43-$L43 -> 23220.703 | ... Z43: =Y43-$L43 -> 22253.173 | AC43: =L43*12 -> 3870.12 | AD43: =Z43-$L43 -> 21930.663 | AE43: =AD43-$L43 -> 21608.153 | AF43: =AE43-$L43 -> 21285.643 | AG43: =AF43-$L43 -> 20963.133 | AH43: =AG43-$L43 -> 20640.623 | AI43: =AH43-$L43 -> 20318.113 | AJ43: =AI43-$L43 -> 19995.603 | AK43: =AJ43-$L43 -> 19673.093 | AL43: =AK43-$L43 -> 19350.583 | ... AO43: =AN43-$L43 -> 18383.053 | AQ43: 322.51 | AR43: =AN43-AO43 -> 322.51 | AS43: =AR43-AQ43 -> -1.5916157e-12 | AT43: =L43*12 -> 3870.12 | AU43: =AO43-$L43 -> 18060.543 | AV43: =AU43-$L43 -> 17738.033 | AW43: =AV43-$L43 -> 17415.523 | AX43: =AW43-$L43 -> 17093.013 | AY43: =AX43-$L43 -> 16770.503 | AZ43: =AY43-$L43 -> 16447.993 | BA43: =AZ43-$L43 -> 16125.483 | BB43: =BA43-$L43 -> 15802.973 | BC43: =BB43-$L43 -> 15480.463 | ... BF43: =BE43-$L43 -> 14512.933 | BG43: =IF(K43<1,0,SUM(AU43:BF43,AO43)/13*$BG$1) -> 0 | BH43: 322.51 | BI43: =BH43*12 -> 3870.12 | BJ43: =BF43-BH43 -> 14190.423 | BK43: =BJ43-$L43 -> 13867.913 | BL43: =BK43-$L43 -> 13545.403 | BM43: =BL43-$L43 -> 13222.893 | BN43: =BM43-$L43 -> 12900.383 | BO43: =BN43-$L43 -> 12577.873 | BP43: =BO43-$L43 -> 12255.363 | BQ43: =BP43-$L43 -> 11932.853 | BR43: =BQ43-$L43 -> 11610.343 | ... BU43: =BT43-$L43 -> 10642.813 | BV43: 0 | BW43: 322.51 | BX43: =BW43*12 -> 3870.12 | BY43: =BU43-BW43 -> 10320.303 | BZ43: =BY43-$L43 -> 9997.7933 | CA43: =BZ43-$L43 -> 9675.2833 | CB43: =CA43-$L43 -> 9352.7733 | CC43: =CB43-$L43 -> 9030.2633 | CD43: =CC43-$L43 -> 8707.7533 | CE43: =CD43-$L43 -> 8385.2433 | CF43: =CE43-$L43 -> 8062.7333 | CG43: =CF43-$L43 -> 7740.2233 | ... CJ43: =CI43-$L43 -> 6772.6933 | CK43: 0 | CL43: 322.51 | CM43: =CL43*12 -> 3870.12 | CN43: =CJ43-CL43 -> 6450.1833 | CO43: =CN43-$L43 -> 6127.6733 | CP43: =CO43-$L43 -> 5805.1633 | CQ43: =CP43-$L43 -> 5482.6533 | CR43: =CQ43-$L43 -> 5160.1433 | CS43: =CR43-$L43 -> 4837.6333 | CT43: =CS43-$L43 -> 4515.1233 | CU43: =CT43-$L43 -> 4192.6133 | CV43: =CU43-$L43 -> 3870.1033 | ... CY43: =CX43-$L43 -> 2902.5733 | CZ43: 0
A44: ='[1]2021 УГРЦТ'!A47 -> Здание ГТЭС-12 2003г | B44: ='[1]2021 УГРЦТ'!B47 -> 00000498 | C44: ='[1]2021 УГРЦТ'!C47 -> ПРОИЗВОДСТВО | D44: ='[1]2021 УГРЦТ'!D47 -> Здания | E44: ='[1]2021 УГРЦТ'!E47 -> 02.10.2003 | F44: ='[1]2021 УГРЦТ'!F47 -> Газотурбинный цех | G44: ='[1]2021 УГРЦТ'!AC47 -> 180 | H44: ='[1]2021 УГРЦТ'!X47 -> 40639366 | I44: ='[1]2021 УГРЦТ'!Y47 -> 14622810 | J44: ='[1]2021 УГРЦТ'!Z47 -> 26016556 | K44: 1 | L44: 68106.17 | N44: =L44*12 -> 817274.04 | O44: =J44-$L44 -> 25948450 | P44: =O44-$L44 -> 25880344 | Q44: =P44-$L44 -> 25812238 | R44: =Q44-$L44 -> 25744132 | S44: =R44-$L44 -> 25676026 | T44: =S44-$L44 -> 25607919 | U44: =T44-$L44 -> 25539813 | V44: =U44-$L44 -> 25471707 | W44: =V44-$L44 -> 25403601 | ... Z44: =Y44-$L44 -> 25199282 | AA44: =SUM(O44:Z44,J44)/13*$AA$1 -> 563374.23 | AC44: =L44*12 -> 817274.04 | AD44: =Z44-$L44 -> 25131176 | AE44: =AD44-$L44 -> 25063070 | AF44: =AE44-$L44 -> 24994964 | AG44: =AF44-$L44 -> 24926858 | AH44: =AG44-$L44 -> 24858751 | AI44: =AH44-$L44 -> 24790645 | AJ44: =AI44-$L44 -> 24722539 | AK44: =AJ44-$L44 -> 24654433 | AL44: =AK44-$L44 -> 24586327 | ... AO44: =AN44-$L44 -> 24382008 | AP44: =IF(K44<1,0,SUM(AD44:AO44,Z44)/13*$BG$1) -> 545394.2 | AQ44: 68106.17 | AR44: =AN44-AO44 -> 68106.17 | AS44: =AR44-AQ44 -> 1.7753337e-09 | AT44: =L44*12 -> 817274.04 | AU44: =AO44-$L44 -> 24313902 | AV44: =AU44-$L44 -> 24245796 | AW44: =AV44-$L44 -> 24177690 | AX44: =AW44-$L44 -> 24109584 | AY44: =AX44-$L44 -> 24041477 | AZ44: =AY44-$L44 -> 23973371 | BA44: =AZ44-$L44 -> 23905265 | BB44: =BA44-$L44 -> 23837159 | BC44: =BB44-$L44 -> 23769053 | ... BF44: =BE44-$L44 -> 23564734 | BG44: =IF(K44<1,0,SUM(AU44:BF44,AO44)/13*$BG$1) -> 527414.17 | BH44: 68106.17 | BI44: =BH44*12 -> 817274.04 | BJ44: =BF44-BH44 -> 23496628 | BK44: =BJ44-$L44 -> 23428522 | BL44: =BK44-$L44 -> 23360416 | BM44: =BL44-$L44 -> 23292310 | BN44: =BM44-$L44 -> 23224203 | BO44: =BN44-$L44 -> 23156097 | BP44: =BO44-$L44 -> 23087991 | BQ44: =BP44-$L44 -> 23019885 | BR44: =BQ44-$L44 -> 22951779 | ... BU44: =BT44-$L44 -> 22747460 | BV44: =IF(Z44<1,0,SUM(BJ44:BU44,BF44)/13*$BG$1) -> 509434.14 | BW44: 68106.17 | BX44: =BW44*12 -> 817274.04 | BY44: =BU44-BW44 -> 22679354 | BZ44: =BY44-$L44 -> 22611248 | CA44: =BZ44-$L44 -> 22543142 | CB44: =CA44-$L44 -> 22475036 | CC44: =CB44-$L44 -> 22406929 | CD44: =CC44-$L44 -> 22338823 | CE44: =CD44-$L44 -> 22270717 | CF44: =CE44-$L44 -> 22202611 | CG44: =CF44-$L44 -> 22134505 | ... CJ44: =CI44-$L44 -> 21930186 | CK44: =IF(AO44<1,0,SUM(BY44:CJ44,BU44)/13*$BG$1) -> 491454.11 | CL44: 68106.17 | CM44: =CL44*12 -> 817274.04 | CN44: =CJ44-CL44 -> 21862080 | CO44: =CN44-$L44 -> 21793974 | CP44: =CO44-$L44 -> 21725868 | CQ44: =CP44-$L44 -> 21657762 | CR44: =CQ44-$L44 -> 21589655 | CS44: =CR44-$L44 -> 21521549 | CT44: =CS44-$L44 -> 21453443 | CU44: =CT44-$L44 -> 21385337 | CV44: =CU44-$L44 -> 21317231 | ... CY44: =CX44-$L44 -> 21112912 | CZ44: =IF(BF44<1,0,SUM(CN44:CY44,CJ44)/13*$BG$1) -> 473474.08
A45: ='[1]2021 УГРЦТ'!A48 -> Измеритель сопротивления заземления Metrel MI3123 | B45: ='[1]2021 УГРЦТ'!B48 -> 000001777 | C45: ='[1]2021 УГРЦТ'!C48 -> ПРОИЗВОДСТВО | D45: ='[1]2021 УГРЦТ'!D48 -> Машины и оборудование (кроме офисного) | E45: ='[1]2021 УГРЦТ'!E48 -> 19.08.2019 | F45: ='[1]2021 УГРЦТ'!F48 -> Электрический цех | G45: ='[1]2021 УГРЦТ'!AC48 -> 60 | H45: ='[1]2021 УГРЦТ'!X48 -> 48921.57 | I45: ='[1]2021 УГРЦТ'!Y48 -> 22830.074 | J45: ='[1]2021 УГРЦТ'!Z48 -> 26091.496 | K45: 0 | L45: 815.36 | N45: =L45*12 -> 9784.32 | O45: =J45-$L45 -> 25276.136 | P45: =O45-$L45 -> 24460.776 | Q45: =P45-$L45 -> 23645.416 | R45: =Q45-$L45 -> 22830.056 | S45: =R45-$L45 -> 22014.696 | T45: =S45-$L45 -> 21199.336 | U45: =T45-$L45 -> 20383.976 | V45: =U45-$L45 -> 19568.616 | W45: =V45-$L45 -> 18753.256 | ... Z45: =Y45-$L45 -> 16307.176 | AC45: =L45*12 -> 9784.32 | AD45: =Z45-$L45 -> 15491.816 | AE45: =AD45-$L45 -> 14676.456 | AF45: =AE45-$L45 -> 13861.096 | AG45: =AF45-$L45 -> 13045.736 | AH45: =AG45-$L45 -> 12230.376 | AI45: =AH45-$L45 -> 11415.016 | AJ45: =AI45-$L45 -> 10599.656 | AK45: =AJ45-$L45 -> 9784.296 | AL45: =AK45-$L45 -> 8968.936 | ... AO45: =AN45-$L45 -> 6522.856 | AQ45: 815.36 | AR45: =AN45-AO45 -> 815.36 | AS45: =AR45-AQ45 -> 0 | AT45: =L45*8-0.02 -> 6522.86 | AU45: =AO45-$L45 -> 5707.496 | AV45: =AU45-$L45 -> 4892.136 | AW45: =AV45-$L45 -> 4076.776 | AX45: =AW45-$L45 -> 3261.416 | AY45: =AX45-$L45 -> 2446.056 | AZ45: =AY45-$L45 -> 1630.696 | BA45: =AZ45-$L45+0.02 -> 815.356 | BB45: =BA45-$L45 -> -0.004 | BC45: =BB45-$L45*0 -> -0.004 | BD45: =BC45-$L45*0 -> -0.004 | BE45: =BD45-$L45*0 -> -0.004 | BF45: =BE45-$L45*0 -> -0.004 | BG45: =IF(K45<1,0,SUM(AU45:BF45,AO45)/13*$BG$1) -> 0 | BH45: 815.36 | BV45: =IF(Z45<1,0,SUM(BJ45:BU45,BF45)/13*$BG$1) -> -6.7692308e-06 | BW45: 815.36 | CK45: =IF(AO45<1,0,SUM(BY45:CJ45,BU45)/13*$BG$1) -> 0 | CL45: 815.36 | CZ45: =IF(BF45<1,0,SUM(CN45:CY45,CJ45)/13*$BG$1) -> 0
A46: ='[1]2021 УГРЦТ'!A49 -> Инвертор плазменной резки Nelwin Superior Plasma 60 HF 400V | B46: ='[1]2021 УГРЦТ'!B49 -> 000001619 | C46: ='[1]2021 УГРЦТ'!C49 -> ПРОИЗВОДСТВО | D46: ='[1]2021 УГРЦТ'!D49 -> Другие виды основных средств | E46: ='[1]2021 УГРЦТ'!E49 -> 30.04.2014 | F46: ='[1]2021 УГРЦТ'!F49 -> Тепломеханический цех | G46: ='[1]2021 УГРЦТ'!AC49 -> 84 | H46: ='[1]2021 УГРЦТ'!X49 -> 85000 | I46: ='[1]2021 УГРЦТ'!Y49 -> 85000 | J46: ='[1]2021 УГРЦТ'!Z49 -> 0 | K46: 0 | L46: 0 | N46: =L46*12 -> 0 | O46: =J46-$L46 -> 0 | P46: =O46-$L46 -> 0 | Q46: =P46-$L46 -> 0 | R46: =Q46-$L46 -> 0 | S46: =R46-$L46 -> 0 | T46: =S46-$L46 -> 0 | U46: =T46-$L46 -> 0 | V46: =U46-$L46 -> 0 | W46: =V46-$L46 -> 0 | ... Z46: =Y46-$L46 -> 0 | AQ46: 0 | AR46: =AN46-AO46 -> 0 | AS46: =AR46-AQ46 -> 0 | BG46: =IF(K46<1,0,SUM(AU46:BF46,AO46)/13*$BG$1) -> 0 | BH46: 0 | BV46: =IF(Z46<1,0,SUM(BJ46:BU46,BF46)/13*$BG$1) -> 0 | BW46: 0 | CK46: =IF(AO46<1,0,SUM(BY46:CJ46,BU46)/13*$BG$1) -> 0 | CL46: 0 | CZ46: =IF(BF46<1,0,SUM(CN46:CY46,CJ46)/13*$BG$1) -> 0
A47: ='[1]2021 УГРЦТ'!A50 -> Испытательное устройство РЕТОМ-21 НПП "Динамика" | B47: ='[1]2021 УГРЦТ'!B50 -> 000001720 | C47: ='[1]2021 УГРЦТ'!C50 -> ПРОИЗВОДСТВО | D47: ='[1]2021 УГРЦТ'!D50 -> Машины и оборудование (кроме офисного) | E47: ='[1]2021 УГРЦТ'!E50 -> 28.04.2018 | F47: ='[1]2021 УГРЦТ'!F50 -> Электрический цех | G47: ='[1]2021 УГРЦТ'!AC50 -> 60 | H47: ='[1]2021 УГРЦТ'!X50 -> 475686.44 | I47: ='[1]2021 УГРЦТ'!Y50 -> 348836.81 | J47: ='[1]2021 УГРЦТ'!Z50 -> 126849.63 | K47: 0 | L47: 7928.11 | N47: =L47*12 -> 95137.32 | O47: =J47-$L47 -> 118921.52 | P47: =O47-$L47 -> 110993.41 | Q47: =P47-$L47 -> 103065.3 | R47: =Q47-$L47 -> 95137.192 | S47: =R47-$L47 -> 87209.082 | T47: =S47-$L47 -> 79280.972 | U47: =T47-$L47 -> 71352.862 | V47: =U47-$L47 -> 63424.752 | W47: =V47-$L47 -> 55496.642 | ... Z47: =Y47-$L47 -> 31712.312 | AC47: =L47*4-0.13 -> 31712.31 | AD47: =Z47-$L47 -> 23784.202 | AE47: =AD47-$L47 -> 15856.092 | AF47: =AE47-$L47 -> 7927.982 | AQ47: 7928.11 | BG47: =IF(K47<1,0,SUM(AU47:BF47,AO47)/13*$BG$1) -> 0 | BH47: 7928.11 | BV47: =IF(Z47<1,0,SUM(BJ47:BU47,BF47)/13*$BG$1) -> 0 | BW47: 7928.11 | CK47: =IF(AO47<1,0,SUM(BY47:CJ47,BU47)/13*$BG$1) -> 0 | CL47: 7928.11 | CZ47: =IF(BF47<1,0,SUM(CN47:CY47,CJ47)/13*$BG$1) -> 0
A48: ='[1]2021 УГРЦТ'!A51 -> Кабель н/в от главного здания 400м 1955г. | B48: ='[1]2021 УГРЦТ'!B51 -> 00000034 | C48: ='[1]2021 УГРЦТ'!C51 -> ПРОИЗВОДСТВО | D48: ='[1]2021 УГРЦТ'!D51 -> Сооружения | E48: ='[1]2021 УГРЦТ'!E51 -> 01.01.1955 | F48: ='[1]2021 УГРЦТ'!F51 -> Электрический цех | G48: ='[1]2021 УГРЦТ'!AC51 -> 360 | H48: ='[1]2021 УГРЦТ'!X51 -> 483624.2 | I48: ='[1]2021 УГРЦТ'!Y51 -> 125810.16 | J48: ='[1]2021 УГРЦТ'!Z51 -> 357814.04 | K48: 1 | L48: 1310.68 | N48: =L48*12 -> 15728.16 | O48: =J48-$L48 -> 356503.36 | P48: =O48-$L48 -> 355192.68 | Q48: =P48-$L48 -> 353882 | R48: =Q48-$L48 -> 352571.32 | S48: =R48-$L48 -> 351260.64 | T48: =S48-$L48 -> 349949.96 | U48: =T48-$L48 -> 348639.28 | V48: =U48-$L48 -> 347328.6 | W48: =V48-$L48 -> 346017.92 | ... Z48: =Y48-$L48 -> 342085.88 | AA48: =SUM(O48:Z48,J48)/13*$AA$1 -> 7698.8991 | AC48: =L48*12 -> 15728.16 | AD48: =Z48-$L48 -> 340775.2 | AE48: =AD48-$L48 -> 339464.52 | AF48: =AE48-$L48 -> 338153.84 | AG48: =AF48-$L48 -> 336843.16 | AH48: =AG48-$L48 -> 335532.48 | AI48: =AH48-$L48 -> 334221.8 | AJ48: =AI48-$L48 -> 332911.12 | AK48: =AJ48-$L48 -> 331600.44 | AL48: =AK48-$L48 -> 330289.76 | ... AO48: =AN48-$L48 -> 326357.72 | AP48: =IF(K48<1,0,SUM(AD48:AO48,Z48)/13*$BG$1) -> 7352.8796 | AQ48: 1310.68 | AR48: =AN48-AO48 -> 1310.68 | AS48: =AR48-AQ48 -> -7.0485839e-12 | AT48: =L48*12 -> 15728.16 | AU48: =AO48-$L48 -> 325047.04 | AV48: =AU48-$L48 -> 323736.36 | AW48: =AV48-$L48 -> 322425.68 | AX48: =AW48-$L48 -> 321115 | AY48: =AX48-$L48 -> 319804.32 | AZ48: =AY48-$L48 -> 318493.64 | BA48: =AZ48-$L48 -> 317182.96 | BB48: =BA48-$L48 -> 315872.28 | BC48: =BB48-$L48 -> 314561.6 | ... BF48: =BE48-$L48 -> 310629.56 | BG48: =IF(K48<1,0,SUM(AU48:BF48,AO48)/13*$BG$1) -> 7006.8601 | BH48: 1310.68 | BI48: =BH48*12 -> 15728.16 | BJ48: =BF48-BH48 -> 309318.88 | BK48: =BJ48-$L48 -> 308008.2 | BL48: =BK48-$L48 -> 306697.52 | BM48: =BL48-$L48 -> 305386.84 | BN48: =BM48-$L48 -> 304076.16 | BO48: =BN48-$L48 -> 302765.48 | BP48: =BO48-$L48 -> 301454.8 | BQ48: =BP48-$L48 -> 300144.12 | BR48: =BQ48-$L48 -> 298833.44 | ... BU48: =BT48-$L48 -> 294901.4 | BV48: =IF(Z48<1,0,SUM(BJ48:BU48,BF48)/13*$BG$1) -> 6660.8406 | BW48: 1310.68 | BX48: =BW48*12 -> 15728.16 | BY48: =BU48-BW48 -> 293590.72 | BZ48: =BY48-$L48 -> 292280.04 | CA48: =BZ48-$L48 -> 290969.36 | CB48: =CA48-$L48 -> 289658.68 | CC48: =CB48-$L48 -> 288348 | CD48: =CC48-$L48 -> 287037.32 | CE48: =CD48-$L48 -> 285726.64 | CF48: =CE48-$L48 -> 284415.96 | CG48: =CF48-$L48 -> 283105.28 | ... CJ48: =CI48-$L48 -> 279173.24 | CK48: =IF(AO48<1,0,SUM(BY48:CJ48,BU48)/13*$BG$1) -> 6314.821 | CL48: 1310.68 | CM48: =CL48*12 -> 15728.16 | CN48: =CJ48-CL48 -> 277862.56 | CO48: =CN48-$L48 -> 276551.88 | CP48: =CO48-$L48 -> 275241.2 | CQ48: =CP48-$L48 -> 273930.52 | CR48: =CQ48-$L48 -> 272619.84 | CS48: =CR48-$L48 -> 271309.16 | CT48: =CS48-$L48 -> 269998.48 | CU48: =CT48-$L48 -> 268687.8 | CV48: =CU48-$L48 -> 267377.12 | ... CY48: =CX48-$L48 -> 263445.08 | CZ48: =IF(BF48<1,0,SUM(CN48:CY48,CJ48)/13*$BG$1) -> 5968.8015
A49: ='[1]2021 УГРЦТ'!A52 -> Кабельные линии 6 кв 2003г. | B49: ='[1]2021 УГРЦТ'!B52 -> 00000597 | C49: ='[1]2021 УГРЦТ'!C52 -> ПРОИЗВОДСТВО | D49: ='[1]2021 УГРЦТ'!D52 -> Сооружения | E49: ='[1]2021 УГРЦТ'!E52 -> 01.10.2003 | F49: ='[1]2021 УГРЦТ'!F52 -> Электрический цех | G49: ='[1]2021 УГРЦТ'!AC52 -> 300 | H49: ='[1]2021 УГРЦТ'!X52 -> 659676 | I49: ='[1]2021 УГРЦТ'!Y52 -> 479364.56 | J49: ='[1]2021 УГРЦТ'!Z52 -> 180311.44 | K49: 1 | L49: 2198.92 | N49: =L49*12 -> 26387.04 | O49: =J49-$L49 -> 178112.52 | P49: =O49-$L49 -> 175913.6 | Q49: =P49-$L49 -> 173714.68 | R49: =Q49-$L49 -> 171515.76 | S49: =R49-$L49 -> 169316.84 | T49: =S49-$L49 -> 167117.92 | U49: =T49-$L49 -> 164919 | V49: =U49-$L49 -> 162720.08 | W49: =V49-$L49 -> 160521.16 | ... Z49: =Y49-$L49 -> 153924.4 | AA49: =SUM(O49:Z49,J49)/13*$AA$1 -> 3676.5942 | AC49: =L49*12 -> 26387.04 | AD49: =Z49-$L49 -> 151725.48 | AE49: =AD49-$L49 -> 149526.56 | AF49: =AE49-$L49 -> 147327.64 | AG49: =AF49-$L49 -> 145128.72 | AH49: =AG49-$L49 -> 142929.8 | AI49: =AH49-$L49 -> 140730.88 | AJ49: =AI49-$L49 -> 138531.96 | AK49: =AJ49-$L49 -> 136333.04 | AL49: =AK49-$L49 -> 134134.12 | ... AO49: =AN49-$L49 -> 127537.36 | AP49: =IF(K49<1,0,SUM(AD49:AO49,Z49)/13*$BG$1) -> 3096.0794 | AQ49: 2198.92 | AR49: =AN49-AO49 -> 2198.92 | AS49: =AR49-AQ49 -> 0 | AT49: =L49*12 -> 26387.04 | AU49: =AO49-$L49 -> 125338.44 | AV49: =AU49-$L49 -> 123139.52 | AW49: =AV49-$L49 -> 120940.6 | AX49: =AW49-$L49 -> 118741.68 | AY49: =AX49-$L49 -> 116542.76 | AZ49: =AY49-$L49 -> 114343.84 | BA49: =AZ49-$L49 -> 112144.92 | BB49: =BA49-$L49 -> 109946 | BC49: =BB49-$L49 -> 107747.08 | ... BF49: =BE49-$L49 -> 101150.32 | BG49: =IF(K49<1,0,SUM(AU49:BF49,AO49)/13*$BG$1) -> 2515.5645 | BH49: 2198.92 | BI49: =BH49*12 -> 26387.04 | BJ49: =BF49-BH49 -> 98951.4 | BK49: =BJ49-$L49 -> 96752.48 | BL49: =BK49-$L49 -> 94553.56 | BM49: =BL49-$L49 -> 92354.64 | BN49: =BM49-$L49 -> 90155.72 | BO49: =BN49-$L49 -> 87956.8 | BP49: =BO49-$L49 -> 85757.88 | BQ49: =BP49-$L49 -> 83558.96 | BR49: =BQ49-$L49 -> 81360.04 | ... BU49: =BT49-$L49 -> 74763.28 | BV49: =IF(Z49<1,0,SUM(BJ49:BU49,BF49)/13*$BG$1) -> 1935.0496 | BW49: 2198.92 | BX49: =BW49*12 -> 26387.04 | BY49: =BU49-BW49 -> 72564.36 | BZ49: =BY49-$L49 -> 70365.44 | CA49: =BZ49-$L49 -> 68166.52 | CB49: =CA49-$L49 -> 65967.6 | CC49: =CB49-$L49 -> 63768.68 | CD49: =CC49-$L49 -> 61569.76 | CE49: =CD49-$L49 -> 59370.84 | CF49: =CE49-$L49 -> 57171.92 | CG49: =CF49-$L49 -> 54973 | ... CJ49: =CI49-$L49 -> 48376.24 | CK49: =IF(AO49<1,0,SUM(BY49:CJ49,BU49)/13*$BG$1) -> 1354.5347 | CL49: 2198.92 | CM49: =CL49*12 -> 26387.04 | CN49: =CJ49-CL49 -> 46177.32 | CO49: =CN49-$L49 -> 43978.4 | CP49: =CO49-$L49 -> 41779.48 | CQ49: =CP49-$L49 -> 39580.56 | CR49: =CQ49-$L49 -> 37381.64 | CS49: =CR49-$L49 -> 35182.72 | CT49: =CS49-$L49 -> 32983.8 | CU49: =CT49-$L49 -> 30784.88 | CV49: =CU49-$L49 -> 28585.96 | ... CY49: =CX49-$L49 -> 21989.2 | CZ49: =IF(BF49<1,0,SUM(CN49:CY49,CJ49)/13*$BG$1) -> 774.01984
A50: ='[1]2021 УГРЦТ'!A53 -> КЛ 0,4 кВ "РШ-8-РЩ"Гараж. Новый бокс" | B50: ='[1]2021 УГРЦТ'!B53 -> 000001647 | C50: ='[1]2021 УГРЦТ'!C53 -> ПРОИЗВОДСТВО | D50: ='[1]2021 УГРЦТ'!D53 -> Сооружения | E50: ='[1]2021 УГРЦТ'!E53 -> 31.12.2014 | F50: ='[1]2021 УГРЦТ'!F53 -> Электрический цех | G50: ='[1]2021 УГРЦТ'!AC53 -> 300 | H50: ='[1]2021 УГРЦТ'!X53 -> 45504.01 | I50: ='[1]2021 УГРЦТ'!Y53 -> 12741.12 | J50: ='[1]2021 УГРЦТ'!Z53 -> 32762.89 | K50: 1 | L50: 151.68 | N50: =L50*12 -> 1820.16 | O50: =J50-$L50 -> 32611.21 | P50: =O50-$L50 -> 32459.53 | Q50: =P50-$L50 -> 32307.85 | R50: =Q50-$L50 -> 32156.17 | S50: =R50-$L50 -> 32004.49 | T50: =S50-$L50 -> 31852.81 | U50: =T50-$L50 -> 31701.13 | V50: =U50-$L50 -> 31549.45 | W50: =V50-$L50 -> 31397.77 | ... Z50: =Y50-$L50 -> 30942.73 | AA50: =SUM(O50:Z50,J50)/13*$AA$1 -> 700.76181 | AC50: =L50*12 -> 1820.16 | AD50: =Z50-$L50 -> 30791.05 | AE50: =AD50-$L50 -> 30639.37 | AF50: =AE50-$L50 -> 30487.69 | AG50: =AF50-$L50 -> 30336.01 | AH50: =AG50-$L50 -> 30184.33 | AI50: =AH50-$L50 -> 30032.65 | AJ50: =AI50-$L50 -> 29880.97 | AK50: =AJ50-$L50 -> 29729.29 | AL50: =AK50-$L50 -> 29577.61 | ... AO50: =AN50-$L50 -> 29122.57 | AP50: =IF(K50<1,0,SUM(AD50:AO50,Z50)/13*$BG$1) -> 660.71829 | AQ50: 151.68 | AR50: =AN50-AO50 -> 151.68 | AS50: =AR50-AQ50 -> 2.5579538e-13 | AT50: =L50*12 -> 1820.16 | AU50: =AO50-$L50 -> 28970.89 | AV50: =AU50-$L50 -> 28819.21 | AW50: =AV50-$L50 -> 28667.53 | AX50: =AW50-$L50 -> 28515.85 | AY50: =AX50-$L50 -> 28364.17 | AZ50: =AY50-$L50 -> 28212.49 | BA50: =AZ50-$L50 -> 28060.81 | BB50: =BA50-$L50 -> 27909.13 | BC50: =BB50-$L50 -> 27757.45 | ... BF50: =BE50-$L50 -> 27302.41 | BG50: =IF(K50<1,0,SUM(AU50:BF50,AO50)/13*$BG$1) -> 620.67477 | BH50: 151.68 | BI50: =BH50*12 -> 1820.16 | BJ50: =BF50-BH50 -> 27150.73 | BK50: =BJ50-$L50 -> 26999.05 | BL50: =BK50-$L50 -> 26847.37 | BM50: =BL50-$L50 -> 26695.69 | BN50: =BM50-$L50 -> 26544.01 | BO50: =BN50-$L50 -> 26392.33 | BP50: =BO50-$L50 -> 26240.65 | BQ50: =BP50-$L50 -> 26088.97 | BR50: =BQ50-$L50 -> 25937.29 | ... BU50: =BT50-$L50 -> 25482.25 | BV50: =IF(Z50<1,0,SUM(BJ50:BU50,BF50)/13*$BG$1) -> 580.63125 | BW50: 151.68 | BX50: =BW50*12 -> 1820.16 | BY50: =BU50-BW50 -> 25330.57 | BZ50: =BY50-$L50 -> 25178.89 | CA50: =BZ50-$L50 -> 25027.21 | CB50: =CA50-$L50 -> 24875.53 | CC50: =CB50-$L50 -> 24723.85 | CD50: =CC50-$L50 -> 24572.17 | CE50: =CD50-$L50 -> 24420.49 | CF50: =CE50-$L50 -> 24268.81 | CG50: =CF50-$L50 -> 24117.13 | ... CJ50: =CI50-$L50 -> 23662.09 | CK50: =IF(AO50<1,0,SUM(BY50:CJ50,BU50)/13*$BG$1) -> 540.58773 | CL50: 151.68 | CM50: =CL50*12 -> 1820.16 | CN50: =CJ50-CL50 -> 23510.41 | CO50: =CN50-$L50 -> 23358.73 | CP50: =CO50-$L50 -> 23207.05 | CQ50: =CP50-$L50 -> 23055.37 | CR50: =CQ50-$L50 -> 22903.69 | CS50: =CR50-$L50 -> 22752.01 | CT50: =CS50-$L50 -> 22600.33 | CU50: =CT50-$L50 -> 22448.65 | CV50: =CU50-$L50 -> 22296.97 | ... CY50: =CX50-$L50 -> 21841.93 | CZ50: =IF(BF50<1,0,SUM(CN50:CY50,CJ50)/13*$BG$1) -> 500.54421
A51: ='[1]2021 УГРЦТ'!A54 -> Комплекс измерительно-поисковый КИП-2Т | B51: ='[1]2021 УГРЦТ'!B54 -> 000001812 | C51: ='[1]2021 УГРЦТ'!C54 -> ПРОИЗВОДСТВО | D51: ='[1]2021 УГРЦТ'!D54 -> Машины и оборудование (кроме офисного) | E51: ='[1]2021 УГРЦТ'!E54 -> 15.06.2020 | F51: ='[1]2021 УГРЦТ'!F54 -> Электрический цех | G51: ='[1]2021 УГРЦТ'!AC54 -> 84 | H51: ='[1]2021 УГРЦТ'!X54 -> 188333.33 | I51: ='[1]2021 УГРЦТ'!Y54 -> 40357.121 | J51: ='[1]2021 УГРЦТ'!Z54 -> 147976.21 | K51: 0 | L51: 2242.06 | N51: =L51*12 -> 26904.72 | O51: =J51-$L51 -> 145734.15 | P51: =O51-$L51 -> 143492.09 | Q51: =P51-$L51 -> 141250.03 | R51: =Q51-$L51 -> 139007.97 | S51: =R51-$L51 -> 136765.91 | T51: =S51-$L51 -> 134523.85 | U51: =T51-$L51 -> 132281.79 | V51: =U51-$L51 -> 130039.73 | W51: =V51-$L51 -> 127797.67 | ... Z51: =Y51-$L51 -> 121071.49 | AC51: =L51*12 -> 26904.72 | AD51: =Z51-$L51 -> 118829.43 | AE51: =AD51-$L51 -> 116587.37 | AF51: =AE51-$L51 -> 114345.31 | AG51: =AF51-$L51 -> 112103.25 | AH51: =AG51-$L51 -> 109861.19 | AI51: =AH51-$L51 -> 107619.13 | AJ51: =AI51-$L51 -> 105377.07 | AK51: =AJ51-$L51 -> 103135.01 | AL51: =AK51-$L51 -> 100892.95 | ... AO51: =AN51-$L51 -> 94166.769 | AQ51: 2242.06 | AR51: =AN51-AO51 -> 2242.06 | AS51: =AR51-AQ51 -> 0 | AT51: =L51*12 -> 26904.72 | AU51: =AO51-$L51 -> 91924.709 | AV51: =AU51-$L51 -> 89682.649 | AW51: =AV51-$L51 -> 87440.589 | AX51: =AW51-$L51 -> 85198.529 | AY51: =AX51-$L51 -> 82956.469 | AZ51: =AY51-$L51 -> 80714.409 | BA51: =AZ51-$L51 -> 78472.349 | BB51: =BA51-$L51 -> 76230.289 | BC51: =BB51-$L51 -> 73988.229 | ... BF51: =BE51-$L51 -> 67262.049 | BG51: =IF(K51<1,0,SUM(AU51:BF51,AO51)/13*$BG$1) -> 0 | BH51: 2242.06 | BI51: =BH51*12 -> 26904.72 | BJ51: =BF51-BH51 -> 65019.989 | BK51: =BJ51-$L51 -> 62777.929 | BL51: =BK51-$L51 -> 60535.869 | BM51: =BL51-$L51 -> 58293.809 | BN51: =BM51-$L51 -> 56051.749 | BO51: =BN51-$L51 -> 53809.689 | BP51: =BO51-$L51 -> 51567.629 | BQ51: =BP51-$L51 -> 49325.569 | BR51: =BQ51-$L51 -> 47083.509 | ... BU51: =BT51-$L51 -> 40357.329 | BV51: 0 | BW51: 2242.06 | BX51: =BW51*12 -> 26904.72 | BY51: =BU51-BW51 -> 38115.269 | BZ51: =BY51-$L51 -> 35873.209 | CA51: =BZ51-$L51 -> 33631.149 | CB51: =CA51-$L51 -> 31389.089 | CC51: =CB51-$L51 -> 29147.029 | CD51: =CC51-$L51 -> 26904.969 | CE51: =CD51-$L51 -> 24662.909 | CF51: =CE51-$L51 -> 22420.849 | CG51: =CF51-$L51 -> 20178.789 | ... CJ51: =CI51-$L51 -> 13452.609 | CK51: 0 | CL51: 2242.06 | CM51: 13452.61 | CN51: =CJ51-CL51 -> 11210.549 | CO51: =CN51-$L51 -> 8968.4886 | CP51: =CO51-$L51 -> 6726.4286 | CQ51: =CP51-$L51 -> 4484.3686 | CR51: =CQ51-$L51 -> 2242.3086 | CS51: =CR51-$L51 -> 0.24857143 | CZ51: 0
A52: ='[1]2021 УГРЦТ'!A55 -> Комплект офисной мебели | B52: ='[1]2021 УГРЦТ'!B55 -> 00001503 | C52: ='[1]2021 УГРЦТ'!C55 -> ПРОИЗВОДСТВО | D52: ='[1]2021 УГРЦТ'!D55 -> Офисное оборудование | E52: ='[1]2021 УГРЦТ'!E55 -> 06.04.2012 | F52: ='[1]2021 УГРЦТ'!F55 -> Электрический цех | G52: ='[1]2021 УГРЦТ'!AC55 -> 84 | H52: ='[1]2021 УГРЦТ'!X55 -> 68750 | I52: ='[1]2021 УГРЦТ'!Y55 -> 68750 | J52: ='[1]2021 УГРЦТ'!Z55 -> 0 | K52: 1 | L52: 0 | N52: =L52*12 -> 0 | O52: =J52-$L52 -> 0 | P52: =O52-$L52 -> 0 | Q52: =P52-$L52 -> 0 | R52: =Q52-$L52 -> 0 | S52: =R52-$L52 -> 0 | T52: =S52-$L52 -> 0 | U52: =T52-$L52 -> 0 | V52: =U52-$L52 -> 0 | W52: =V52-$L52 -> 0 | ... Z52: =Y52-$L52 -> 0 | AA52: =SUM(O52:Z52,J52)/13*$AA$1 -> 0 | AQ52: 0 | AR52: =AN52-AO52 -> 0 | AS52: =AR52-AQ52 -> 0 | BG52: =IF(K52<1,0,SUM(AU52:BF52,AO52)/13*$BG$1) -> 0 | BH52: 0 | BV52: =IF(Z52<1,0,SUM(BJ52:BU52,BF52)/13*$BG$1) -> 0 | BW52: 0 | CK52: =IF(AO52<1,0,SUM(BY52:CJ52,BU52)/13*$BG$1) -> 0 | CL52: 0 | CZ52: =IF(BF52<1,0,SUM(CN52:CY52,CJ52)/13*$BG$1) -> 0
A53: ='[1]2021 УГРЦТ'!A56 -> Комплект трассо-дефектоискателя Поиск-510 Мастер (с генератором МК-510) | B53: ='[1]2021 УГРЦТ'!B56 -> 000001804 | C53: ='[1]2021 УГРЦТ'!C56 -> ПРОИЗВОДСТВО | D53: ='[1]2021 УГРЦТ'!D56 -> Машины и оборудование (кроме офисного) | E53: ='[1]2021 УГРЦТ'!E56 -> 24.03.2020 | F53: ='[1]2021 УГРЦТ'!F56 -> ДЭС п.Красное | G53: ='[1]2021 УГРЦТ'!AC56 -> 84 | H53: ='[1]2021 УГРЦТ'!X56 -> 45323.25 | I53: ='[1]2021 УГРЦТ'!Y56 -> 11330.79 | J53: ='[1]2021 УГРЦТ'!Z56 -> 33992.46 | K53: 0 | L53: 539.56 | N53: =L53*12 -> 6474.72 | O53: =J53-$L53 -> 33452.9 | P53: =O53-$L53 -> 32913.34 | Q53: =P53-$L53 -> 32373.78 | R53: =Q53-$L53 -> 31834.22 | S53: =R53-$L53 -> 31294.66 | T53: =S53-$L53 -> 30755.1 | U53: =T53-$L53 -> 30215.54 | V53: =U53-$L53 -> 29675.98 | W53: =V53-$L53 -> 29136.42 | ... Z53: =Y53-$L53 -> 27517.74 | AC53: =L53*12 -> 6474.72 | AD53: =Z53-$L53 -> 26978.18 | AE53: =AD53-$L53 -> 26438.62 | AF53: =AE53-$L53 -> 25899.06 | AG53: =AF53-$L53 -> 25359.5 | AH53: =AG53-$L53 -> 24819.94 | AI53: =AH53-$L53 -> 24280.38 | AJ53: =AI53-$L53 -> 23740.82 | AK53: =AJ53-$L53 -> 23201.26 | AL53: =AK53-$L53 -> 22661.7 | ... AO53: =AN53-$L53 -> 21043.02 | AQ53: 539.56 | AR53: =AN53-AO53 -> 539.56 | AS53: =AR53-AQ53 -> 1.4779289e-12 | AT53: =L53*12 -> 6474.72 | AU53: =AO53-$L53 -> 20503.46 | AV53: =AU53-$L53 -> 19963.9 | AW53: =AV53-$L53 -> 19424.34 | AX53: =AW53-$L53 -> 18884.78 | AY53: =AX53-$L53 -> 18345.22 | AZ53: =AY53-$L53 -> 17805.66 | BA53: =AZ53-$L53 -> 17266.1 | BB53: =BA53-$L53 -> 16726.54 | BC53: =BB53-$L53 -> 16186.98 | ... BF53: =BE53-$L53 -> 14568.3 | BG53: =IF(K53<1,0,SUM(AU53:BF53,AO53)/13*$BG$1) -> 0 | BH53: 539.56 | BI53: =BH53*12 -> 6474.72 | BJ53: =BF53-BH53 -> 14028.74 | BK53: =BJ53-$L53 -> 13489.18 | BL53: =BK53-$L53 -> 12949.62 | BM53: =BL53-$L53 -> 12410.06 | BN53: =BM53-$L53 -> 11870.5 | BO53: =BN53-$L53 -> 11330.94 | BP53: =BO53-$L53 -> 10791.38 | BQ53: =BP53-$L53 -> 10251.82 | BR53: =BQ53-$L53 -> 9712.26 | ... BU53: =BT53-$L53 -> 8093.58 | BV53: 0 | BW53: 539.56 | BX53: =BW53*12 -> 6474.72 | BY53: =BU53-BW53 -> 7554.02 | BZ53: =BY53-$L53 -> 7014.46 | CA53: =BZ53-$L53 -> 6474.9 | CB53: =CA53-$L53 -> 5935.34 | CC53: =CB53-$L53 -> 5395.78 | CD53: =CC53-$L53 -> 4856.22 | CE53: =CD53-$L53 -> 4316.66 | CF53: =CE53-$L53 -> 3777.1 | CG53: =CF53-$L53 -> 3237.54 | ... CJ53: =CI53-$L53 -> 1618.86 | CK53: 0 | CL53: 539.56 | CM53: 1618.86 | CN53: =CJ53-CL53 -> 1079.3 | CO53: =CN53-$L53 -> 539.74 | CP53: =CO53-$L53 -> 0.18 | CZ53: 0
A54: ='[1]2021 УГРЦТ'!A57 -> Комплектная трансформаторная подстанция 2КТП(М)-630-6/0,4-УХЛ1 | B54: ='[1]2021 УГРЦТ'!B57 -> 000001835 | C54: ='[1]2021 УГРЦТ'!C57 -> ПРОИЗВОДСТВО | D54: ='[1]2021 УГРЦТ'!D57 -> Здания | E54: ='[1]2021 УГРЦТ'!E57 -> 30.12.2020 | F54: ='[1]2021 УГРЦТ'!F57 -> ДЭС п.Красное | G54: ='[1]2021 УГРЦТ'!AC57 -> 360 | H54: ='[1]2021 УГРЦТ'!X57 -> 19015901 | I54: ='[1]2021 УГРЦТ'!Y57 -> 633863.37 | J54: ='[1]2021 УГРЦТ'!Z57 -> 18382038 | K54: 1 | L54: 52821.95 | N54: =L54*12 -> 633863.4 | O54: =J54-$L54 -> 18329216 | P54: =O54-$L54 -> 18276394 | Q54: =P54-$L54 -> 18223572 | R54: =Q54-$L54 -> 18170750 | S54: =R54-$L54 -> 18117928 | T54: =S54-$L54 -> 18065106 | U54: =T54-$L54 -> 18012284 | V54: =U54-$L54 -> 17959462 | W54: =V54-$L54 -> 17906640 | ... Z54: =Y54-$L54 -> 17748174 | AA54: =SUM(O54:Z54,J54)/13*$AA$1 -> 397432.33 | AC54: =L54*12 -> 633863.4 | AD54: =Z54-$L54 -> 17695352 | AE54: =AD54-$L54 -> 17642530 | AF54: =AE54-$L54 -> 17589708 | AG54: =AF54-$L54 -> 17536886 | AH54: =AG54-$L54 -> 17484065 | AI54: =AH54-$L54 -> 17431243 | AJ54: =AI54-$L54 -> 17378421 | AK54: =AJ54-$L54 -> 17325599 | AL54: =AK54-$L54 -> 17272777 | ... AO54: =AN54-$L54 -> 17114311 | AP54: =IF(K54<1,0,SUM(AD54:AO54,Z54)/13*$BG$1) -> 383487.34 | AQ54: 52821.95 | AR54: =AN54-AO54 -> 52821.95 | AS54: =AR54-AQ54 -> -7.3487172e-10 | AT54: =L54*12 -> 633863.4 | AU54: =AO54-$L54 -> 17061489 | AV54: =AU54-$L54 -> 17008667 | AW54: =AV54-$L54 -> 16955845 | AX54: =AW54-$L54 -> 16903023 | AY54: =AX54-$L54 -> 16850201 | AZ54: =AY54-$L54 -> 16797379 | BA54: =AZ54-$L54 -> 16744557 | BB54: =BA54-$L54 -> 16691735 | BC54: =BB54-$L54 -> 16638913 | ... BF54: =BE54-$L54 -> 16480447 | BG54: =IF(K54<1,0,SUM(AU54:BF54,AO54)/13*$BG$1) -> 369542.34 | BH54: 52821.95 | BI54: =BH54*12 -> 633863.4 | BJ54: =BF54-BH54 -> 16427626 | BK54: =BJ54-$L54 -> 16374804 | BL54: =BK54-$L54 -> 16321982 | BM54: =BL54-$L54 -> 16269160 | BN54: =BM54-$L54 -> 16216338 | BO54: =BN54-$L54 -> 16163516 | BP54: =BO54-$L54 -> 16110694 | BQ54: =BP54-$L54 -> 16057872 | BR54: =BQ54-$L54 -> 16005050 | ... BU54: =BT54-$L54 -> 15846584 | BV54: =IF(Z54<1,0,SUM(BJ54:BU54,BF54)/13*$BG$1) -> 355597.35 | BW54: 52821.95 | BX54: =BW54*12 -> 633863.4 | BY54: =BU54-BW54 -> 15793762 | BZ54: =BY54-$L54 -> 15740940 | CA54: =BZ54-$L54 -> 15688118 | CB54: =CA54-$L54 -> 15635296 | CC54: =CB54-$L54 -> 15582474 | CD54: =CC54-$L54 -> 15529652 | CE54: =CD54-$L54 -> 15476830 | CF54: =CE54-$L54 -> 15424008 | CG54: =CF54-$L54 -> 15371187 | ... CJ54: =CI54-$L54 -> 15212721 | CK54: =IF(AO54<1,0,SUM(BY54:CJ54,BU54)/13*$BG$1) -> 341652.35 | CL54: 52821.95 | CM54: =CL54*12 -> 633863.4 | CN54: =CJ54-CL54 -> 15159899 | CO54: =CN54-$L54 -> 15107077 | CP54: =CO54-$L54 -> 15054255 | CQ54: =CP54-$L54 -> 15001433 | CR54: =CQ54-$L54 -> 14948611 | CS54: =CR54-$L54 -> 14895789 | CT54: =CS54-$L54 -> 14842967 | CU54: =CT54-$L54 -> 14790145 | CV54: =CU54-$L54 -> 14737323 | ... CY54: =CX54-$L54 -> 14578857 | CZ54: =IF(BF54<1,0,SUM(CN54:CY54,CJ54)/13*$BG$1) -> 327707.36
A55: ='[1]2021 УГРЦТ'!A58 -> Компрессор REMEZA BP 10-30 | B55: ='[1]2021 УГРЦТ'!B58 -> 000001771 | C55: ='[1]2021 УГРЦТ'!C58 -> ПРОИЗВОДСТВО | D55: ='[1]2021 УГРЦТ'!D58 -> Машины и оборудование (кроме офисного) | E55: ='[1]2021 УГРЦТ'!E58 -> 25.06.2019 | F55: ='[1]2021 УГРЦТ'!F58 -> Тепломеханический цех | G55: ='[1]2021 УГРЦТ'!AC58 -> 240 | H55: ='[1]2021 УГРЦТ'!X58 -> 239750 | I55: ='[1]2021 УГРЦТ'!Y58 -> 29968.78 | J55: ='[1]2021 УГРЦТ'!Z58 -> 209781.22 | K55: 0 | L55: 998.96 | N55: =L55*12 -> 11987.52 | O55: =J55-$L55 -> 208782.26 | P55: =O55-$L55 -> 207783.3 | Q55: =P55-$L55 -> 206784.34 | R55: =Q55-$L55 -> 205785.38 | S55: =R55-$L55 -> 204786.42 | T55: =S55-$L55 -> 203787.46 | U55: =T55-$L55 -> 202788.5 | V55: =U55-$L55 -> 201789.54 | W55: =V55-$L55 -> 200790.58 | ... Z55: =Y55-$L55 -> 197793.7 | AC55: =L55*12 -> 11987.52 | AD55: =Z55-$L55 -> 196794.74 | AE55: =AD55-$L55 -> 195795.78 | AF55: =AE55-$L55 -> 194796.82 | AG55: =AF55-$L55 -> 193797.86 | AH55: =AG55-$L55 -> 192798.9 | AI55: =AH55-$L55 -> 191799.94 | AJ55: =AI55-$L55 -> 190800.98 | AK55: =AJ55-$L55 -> 189802.02 | AL55: =AK55-$L55 -> 188803.06 | ... AO55: =AN55-$L55 -> 185806.18 | AQ55: 998.96 | AR55: =AN55-AO55 -> 998.96 | AS55: =AR55-AQ55 -> -7.8443918e-12 | AT55: =L55*12 -> 11987.52 | AU55: =AO55-$L55 -> 184807.22 | AV55: =AU55-$L55 -> 183808.26 | AW55: =AV55-$L55 -> 182809.3 | AX55: =AW55-$L55 -> 181810.34 | AY55: =AX55-$L55 -> 180811.38 | AZ55: =AY55-$L55 -> 179812.42 | BA55: =AZ55-$L55 -> 178813.46 | BB55: =BA55-$L55 -> 177814.5 | BC55: =BB55-$L55 -> 176815.54 | ... BF55: =BE55-$L55 -> 173818.66 | BG55: =IF(K55<1,0,SUM(AU55:BF55,AO55)/13*$BG$1) -> 0 | BH55: 998.96 | BI55: =BH55*12 -> 11987.52 | BJ55: =BF55-BH55 -> 172819.7 | BK55: =BJ55-$L55 -> 171820.74 | BL55: =BK55-$L55 -> 170821.78 | BM55: =BL55-$L55 -> 169822.82 | BN55: =BM55-$L55 -> 168823.86 | BO55: =BN55-$L55 -> 167824.9 | BP55: =BO55-$L55 -> 166825.94 | BQ55: =BP55-$L55 -> 165826.98 | BR55: =BQ55-$L55 -> 164828.02 | ... BU55: =BT55-$L55 -> 161831.14 | BV55: 0 | BW55: 998.96 | BX55: =BW55*12 -> 11987.52 | BY55: =BU55-BW55 -> 160832.18 | BZ55: =BY55-$L55 -> 159833.22 | CA55: =BZ55-$L55 -> 158834.26 | CB55: =CA55-$L55 -> 157835.3 | CC55: =CB55-$L55 -> 156836.34 | CD55: =CC55-$L55 -> 155837.38 | CE55: =CD55-$L55 -> 154838.42 | CF55: =CE55-$L55 -> 153839.46 | CG55: =CF55-$L55 -> 152840.5 | ... CJ55: =CI55-$L55 -> 149843.62 | CK55: 0 | CL55: 998.96 | CM55: =CL55*12 -> 11987.52 | CN55: =CJ55-CL55 -> 148844.66 | CO55: =CN55-$L55 -> 147845.7 | CP55: =CO55-$L55 -> 146846.74 | CQ55: =CP55-$L55 -> 145847.78 | CR55: =CQ55-$L55 -> 144848.82 | CS55: =CR55-$L55 -> 143849.86 | CT55: =CS55-$L55 -> 142850.9 | CU55: =CT55-$L55 -> 141851.94 | CV55: =CU55-$L55 -> 140852.98 | ... CY55: =CX55-$L55 -> 137856.1 | CZ55: 0
A56: ='[1]2021 УГРЦТ'!A59 -> Контейнер 20 ф №1 | B56: ='[1]2021 УГРЦТ'!B59 -> 000001521 | C56: ='[1]2021 УГРЦТ'!C59 -> ПРОИЗВОДСТВО | D56: ='[1]2021 УГРЦТ'!D59 -> Другие виды основных средств | E56: ='[1]2021 УГРЦТ'!E59 -> 10.04.2013 | F56: ='[1]2021 УГРЦТ'!F59 -> Тепломеханический цех | G56: ='[1]2021 УГРЦТ'!AC59 -> 180 | H56: 0 | I56: ='[1]2021 УГРЦТ'!Y59 -> 28813.939 | J56: 0 | K56: 0 | L56: 0 | N56: =L56*12 -> 0 | O56: =J56-$L56 -> 0 | P56: =O56-$L56 -> 0 | Q56: =P56-$L56 -> 0 | R56: =Q56-$L56 -> 0 | S56: =R56-$L56 -> 0 | T56: =S56-$L56 -> 0 | U56: =T56-$L56 -> 0 | V56: =U56-$L56 -> 0 | W56: =V56-$L56 -> 0 | ... Z56: =Y56-$L56 -> 0 | AQ56: 0 | AR56: =AN56-AO56 -> 0 | AS56: =AR56-AQ56 -> 0 | BG56: =IF(K56<1,0,SUM(AU56:BF56,AO56)/13*$BG$1) -> 0 | BH56: 0 | BV56: 0 | BW56: 0 | CK56: 0 | CL56: 0 | CZ56: =IF(BF56<1,0,SUM(CN56:CY56,CJ56)/13*$BG$1) -> 0
A57: ='[1]2021 УГРЦТ'!A60 -> Контейнер 20 ф №2 | B57: ='[1]2021 УГРЦТ'!B60 -> 000001522 | C57: ='[1]2021 УГРЦТ'!C60 -> ПРОИЗВОДСТВО | D57: ='[1]2021 УГРЦТ'!D60 -> Другие виды основных средств | E57: ='[1]2021 УГРЦТ'!E60 -> 10.04.2013 | F57: ='[1]2021 УГРЦТ'!F60 -> Тепломеханический цех | G57: ='[1]2021 УГРЦТ'!AC60 -> 180 | H57: ='[1]2021 УГРЦТ'!X60 -> 50847.46 | I57: ='[1]2021 УГРЦТ'!Y60 -> 29378.911 | J57: ='[1]2021 УГРЦТ'!Z60 -> 21468.549 | K57: 0 | L57: 282.48 | N57: =L57*12 -> 3389.76 | O57: =J57-$L57 -> 21186.069 | P57: =O57-$L57 -> 20903.589 | Q57: =P57-$L57 -> 20621.109 | R57: =Q57-$L57 -> 20338.629 | S57: =R57-$L57 -> 20056.149 | T57: =S57-$L57 -> 19773.669 | U57: =T57-$L57 -> 19491.189 | V57: =U57-$L57 -> 19208.709 | W57: =V57-$L57 -> 18926.229 | ... Z57: =Y57-$L57 -> 18078.789 | AC57: =L57*12 -> 3389.76 | AD57: =Z57-$L57 -> 17796.309 | AE57: =AD57-$L57 -> 17513.829 | AF57: =AE57-$L57 -> 17231.349 | AG57: =AF57-$L57 -> 16948.869 | AH57: =AG57-$L57 -> 16666.389 | AI57: =AH57-$L57 -> 16383.909 | AJ57: =AI57-$L57 -> 16101.429 | AK57: =AJ57-$L57 -> 15818.949 | AL57: =AK57-$L57 -> 15536.469 | ... AO57: =AN57-$L57 -> 14689.029 | AQ57: 282.48 | AR57: =AN57-AO57 -> 282.48 | AS57: =AR57-AQ57 -> -4.5474735e-13 | AT57: =L57*12 -> 3389.76 | AU57: =AO57-$L57 -> 14406.549 | AV57: =AU57-$L57 -> 14124.069 | AW57: =AV57-$L57 -> 13841.589 | AX57: =AW57-$L57 -> 13559.109 | AY57: =AX57-$L57 -> 13276.629 | AZ57: =AY57-$L57 -> 12994.149 | BA57: =AZ57-$L57 -> 12711.669 | BB57: =BA57-$L57 -> 12429.189 | BC57: =BB57-$L57 -> 12146.709 | ... BF57: =BE57-$L57 -> 11299.269 | BG57: =IF(K57<1,0,SUM(AU57:BF57,AO57)/13*$BG$1) -> 0 | BH57: 282.48 | BI57: =BH57*12 -> 3389.76 | BJ57: =BF57-BH57 -> 11016.789 | BK57: =BJ57-$L57 -> 10734.309 | BL57: =BK57-$L57 -> 10451.829 | BM57: =BL57-$L57 -> 10169.349 | BN57: =BM57-$L57 -> 9886.8693 | BO57: =BN57-$L57 -> 9604.3893 | BP57: =BO57-$L57 -> 9321.9093 | BQ57: =BP57-$L57 -> 9039.4293 | BR57: =BQ57-$L57 -> 8756.9493 | ... BU57: =BT57-$L57 -> 7909.5093 | BV57: 0 | BW57: 282.48 | BX57: =BW57*12 -> 3389.76 | BY57: =BU57-BW57 -> 7627.0293 | BZ57: =BY57-$L57 -> 7344.5493 | CA57: =BZ57-$L57 -> 7062.0693 | CB57: =CA57-$L57 -> 6779.5893 | CC57: =CB57-$L57 -> 6497.1093 | CD57: =CC57-$L57 -> 6214.6293 | CE57: =CD57-$L57 -> 5932.1493 | CF57: =CE57-$L57 -> 5649.6693 | CG57: =CF57-$L57 -> 5367.1893 | ... CJ57: =CI57-$L57 -> 4519.7493 | CK57: 0 | CL57: 282.48 | CM57: =CL57*12 -> 3389.76 | CN57: =CJ57-CL57 -> 4237.2693 | CO57: =CN57-$L57 -> 3954.7893 | CP57: =CO57-$L57 -> 3672.3093 | CQ57: =CP57-$L57 -> 3389.8293 | CR57: =CQ57-$L57 -> 3107.3493 | CS57: =CR57-$L57 -> 2824.8693 | CT57: =CS57-$L57 -> 2542.3893 | CU57: =CT57-$L57 -> 2259.9093 | CV57: =CU57-$L57 -> 1977.4293 | ... CY57: =CX57-$L57 -> 1129.9893 | CZ57: 0
A58: ='[1]2021 УГРЦТ'!A61 -> Контейнер 20т DC FSCU7393953 | B58: ='[1]2021 УГРЦТ'!B61 -> 000001537 | C58: ='[1]2021 УГРЦТ'!C61 -> ПРОИЗВОДСТВО | D58: ='[1]2021 УГРЦТ'!D61 -> Машины и оборудование (кроме офисного) | E58: ='[1]2021 УГРЦТ'!E61 -> 01.08.2013 | F58: ='[1]2021 УГРЦТ'!F61 -> Электрический цех | G58: ='[1]2021 УГРЦТ'!AC61 -> 180 | H58: ='[1]2021 УГРЦТ'!X61 -> 88203 | I58: ='[1]2021 УГРЦТ'!Y61 -> 49001.96 | J58: ='[1]2021 УГРЦТ'!Z61 -> 39201.04 | K58: 0 | L58: 490.01 | N58: =L58*12 -> 5880.12 | O58: =J58-$L58 -> 38711.03 | P58: =O58-$L58 -> 38221.02 | Q58: =P58-$L58 -> 37731.01 | R58: =Q58-$L58 -> 37241 | S58: =R58-$L58 -> 36750.99 | T58: =S58-$L58 -> 36260.98 | U58: =T58-$L58 -> 35770.97 | V58: =U58-$L58 -> 35280.96 | W58: =V58-$L58 -> 34790.95 | ... Z58: =Y58-$L58 -> 33320.92 | AC58: =L58*12 -> 5880.12 | AD58: =Z58-$L58 -> 32830.91 | AE58: =AD58-$L58 -> 32340.9 | AF58: =AE58-$L58 -> 31850.89 | AG58: =AF58-$L58 -> 31360.88 | AH58: =AG58-$L58 -> 30870.87 | AI58: =AH58-$L58 -> 30380.86 | AJ58: =AI58-$L58 -> 29890.85 | AK58: =AJ58-$L58 -> 29400.84 | AL58: =AK58-$L58 -> 28910.83 | ... AO58: =AN58-$L58 -> 27440.8 | AQ58: 490.01 | AR58: =AN58-AO58 -> 490.01 | AS58: =AR58-AQ58 -> -1.5916157e-12 | AT58: =L58*12 -> 5880.12 | AU58: =AO58-$L58 -> 26950.79 | AV58: =AU58-$L58 -> 26460.78 | AW58: =AV58-$L58 -> 25970.77 | AX58: =AW58-$L58 -> 25480.76 | AY58: =AX58-$L58 -> 24990.75 | AZ58: =AY58-$L58 -> 24500.74 | BA58: =AZ58-$L58 -> 24010.73 | BB58: =BA58-$L58 -> 23520.72 | BC58: =BB58-$L58 -> 23030.71 | ... BF58: =BE58-$L58 -> 21560.68 | BG58: =IF(K58<1,0,SUM(AU58:BF58,AO58)/13*$BG$1) -> 0 | BH58: 490.01 | BI58: =BH58*12 -> 5880.12 | BJ58: =BF58-BH58 -> 21070.67 | BK58: =BJ58-$L58 -> 20580.66 | BL58: =BK58-$L58 -> 20090.65 | BM58: =BL58-$L58 -> 19600.64 | BN58: =BM58-$L58 -> 19110.63 | BO58: =BN58-$L58 -> 18620.62 | BP58: =BO58-$L58 -> 18130.61 | BQ58: =BP58-$L58 -> 17640.6 | BR58: =BQ58-$L58 -> 17150.59 | ... BU58: =BT58-$L58 -> 15680.56 | BV58: 0 | BW58: 490.01 | BX58: =BW58*12 -> 5880.12 | BY58: =BU58-BW58 -> 15190.55 | BZ58: =BY58-$L58 -> 14700.54 | CA58: =BZ58-$L58 -> 14210.53 | CB58: =CA58-$L58 -> 13720.52 | CC58: =CB58-$L58 -> 13230.51 | CD58: =CC58-$L58 -> 12740.5 | CE58: =CD58-$L58 -> 12250.49 | CF58: =CE58-$L58 -> 11760.48 | CG58: =CF58-$L58 -> 11270.47 | ... CJ58: =CI58-$L58 -> 9800.44 | CK58: 0 | CL58: 490.01 | CM58: =CL58*12 -> 5880.12 | CN58: =CJ58-CL58 -> 9310.43 | CO58: =CN58-$L58 -> 8820.42 | CP58: =CO58-$L58 -> 8330.41 | CQ58: =CP58-$L58 -> 7840.4 | CR58: =CQ58-$L58 -> 7350.39 | CS58: =CR58-$L58 -> 6860.38 | CT58: =CS58-$L58 -> 6370.37 | CU58: =CT58-$L58 -> 5880.36 | CV58: =CU58-$L58 -> 5390.35 | ... CY58: =CX58-$L58 -> 3920.32 | CZ58: 0
A59: ='[1]2021 УГРЦТ'!A62 -> Микроомметр Metrel MI3242 | B59: ='[1]2021 УГРЦТ'!B62 -> 000001778 | C59: ='[1]2021 УГРЦТ'!C62 -> ПРОИЗВОДСТВО | D59: ='[1]2021 УГРЦТ'!D62 -> Машины и оборудование (кроме офисного) | E59: ='[1]2021 УГРЦТ'!E62 -> 19.08.2019 | F59: ='[1]2021 УГРЦТ'!F62 -> Электрический цех | G59: ='[1]2021 УГРЦТ'!AC62 -> 60 | H59: ='[1]2021 УГРЦТ'!X62 -> 64730.39 | I59: ='[1]2021 УГРЦТ'!Y62 -> 30207.518 | J59: ='[1]2021 УГРЦТ'!Z62 -> 34522.872 | K59: 0 | L59: 1078.84 | N59: =L59*12 -> 12946.08 | O59: =J59-$L59 -> 33444.032 | P59: =O59-$L59 -> 32365.192 | Q59: =P59-$L59 -> 31286.352 | R59: =Q59-$L59 -> 30207.512 | S59: =R59-$L59 -> 29128.672 | T59: =S59-$L59 -> 28049.832 | U59: =T59-$L59 -> 26970.992 | V59: =U59-$L59 -> 25892.152 | W59: =V59-$L59 -> 24813.312 | ... Z59: =Y59-$L59 -> 21576.792 | AC59: =L59*12 -> 12946.08 | AD59: =Z59-$L59 -> 20497.952 | AE59: =AD59-$L59 -> 19419.112 | AF59: =AE59-$L59 -> 18340.272 | AG59: =AF59-$L59 -> 17261.432 | AH59: =AG59-$L59 -> 16182.592 | AI59: =AH59-$L59 -> 15103.752 | AJ59: =AI59-$L59 -> 14024.912 | AK59: =AJ59-$L59 -> 12946.072 | AL59: =AK59-$L59 -> 11867.232 | ... AO59: =AN59-$L59 -> 8630.712 | AQ59: 1078.84 | AR59: =AN59-AO59 -> 1078.84 | AS59: =AR59-AQ59 -> 0 | AT59: =L59*8-0.01 -> 8630.71 | AU59: =AO59-$L59 -> 7551.872 | AV59: =AU59-$L59 -> 6473.032 | AW59: =AV59-$L59 -> 5394.192 | AX59: =AW59-$L59 -> 4315.352 | AY59: =AX59-$L59 -> 3236.512 | AZ59: =AY59-$L59 -> 2157.672 | BA59: =AZ59-$L59 -> 1078.832 | BB59: =BA59-$L59+0.01 -> 0.002 | BC59: =BB59-$L59*0 -> 0.002 | BD59: =BC59-$L59*0 -> 0.002 | BE59: =BD59-$L59*0 -> 0.002 | BF59: =BE59-$L59*0 -> 0.002 | BG59: =IF(K59<1,0,SUM(AU59:BF59,AO59)/13*$BG$1) -> 0 | BH59: 1078.84 | BV59: =IF(Z59<1,0,SUM(BJ59:BU59,BF59)/13*$BG$1) -> 3.3846154e-06 | BW59: 1078.84 | CK59: =IF(AO59<1,0,SUM(BY59:CJ59,BU59)/13*$BG$1) -> 0 | CL59: 1078.84 | CZ59: =IF(BF59<1,0,SUM(CN59:CY59,CJ59)/13*$BG$1) -> 0
A60: ='[1]2021 УГРЦТ'!A63 -> Мини козловой кран г/п 1000 кг | B60: ='[1]2021 УГРЦТ'!B63 -> 000001852 | C60: ='[1]2021 УГРЦТ'!C63 -> ПРОИЗВОДСТВО | D60: ='[1]2021 УГРЦТ'!D63 -> Машины и оборудование (кроме офисного) | E60: ='[1]2021 УГРЦТ'!E63 -> 23.06.2021 | F60: ='[1]2021 УГРЦТ'!F63 -> Электрический цех | G60: ='[1]2021 УГРЦТ'!AC63 -> 120 | H60: ='[1]2021 УГРЦТ'!X63 -> 161666.67 | I60: ='[1]2021 УГРЦТ'!Y63 -> 8083.3335 | J60: ='[1]2021 УГРЦТ'!Z63 -> 153583.34 | K60: 0 | L60: 1347.22 | N60: =L60*12 -> 16166.64 | O60: =J60-$L60 -> 152236.12 | P60: =O60-$L60 -> 150888.9 | Q60: =P60-$L60 -> 149541.68 | R60: =Q60-$L60 -> 148194.46 | S60: =R60-$L60 -> 146847.24 | T60: =S60-$L60 -> 145500.02 | U60: =T60-$L60 -> 144152.8 | V60: =U60-$L60 -> 142805.58 | W60: =V60-$L60 -> 141458.36 | ... Z60: =Y60-$L60 -> 137416.7 | AC60: =L60*12 -> 16166.64 | AD60: =Z60-$L60 -> 136069.48 | AE60: =AD60-$L60 -> 134722.26 | AF60: =AE60-$L60 -> 133375.04 | AG60: =AF60-$L60 -> 132027.82 | AH60: =AG60-$L60 -> 130680.6 | AI60: =AH60-$L60 -> 129333.38 | AJ60: =AI60-$L60 -> 127986.16 | AK60: =AJ60-$L60 -> 126638.94 | AL60: =AK60-$L60 -> 125291.72 | ... AO60: =AN60-$L60 -> 121250.06 | AQ60: 1347.22 | AR60: =AN60-AO60 -> 1347.22 | AS60: =AR60-AQ60 -> 0 | AT60: =L60*12 -> 16166.64 | AU60: =AO60-$L60 -> 119902.84 | AV60: =AU60-$L60 -> 118555.62 | AW60: =AV60-$L60 -> 117208.4 | AX60: =AW60-$L60 -> 115861.18 | AY60: =AX60-$L60 -> 114513.96 | AZ60: =AY60-$L60 -> 113166.74 | BA60: =AZ60-$L60 -> 111819.52 | BB60: =BA60-$L60 -> 110472.3 | BC60: =BB60-$L60 -> 109125.08 | ... BF60: =BE60-$L60 -> 105083.42 | BG60: =IF(K60<1,0,SUM(AU60:BF60,AO60)/13*$BG$1) -> 0 | BH60: 1347.22 | BI60: =BH60*12 -> 16166.64 | BJ60: =BF60-BH60 -> 103736.2 | BK60: =BJ60-$L60 -> 102388.98 | BL60: =BK60-$L60 -> 101041.76 | BM60: =BL60-$L60 -> 99694.536 | BN60: =BM60-$L60 -> 98347.316 | BO60: =BN60-$L60 -> 97000.096 | BP60: =BO60-$L60 -> 95652.876 | BQ60: =BP60-$L60 -> 94305.656 | BR60: =BQ60-$L60 -> 92958.436 | ... BU60: =BT60-$L60 -> 88916.776 | BV60: 0 | BW60: 1347.22 | BX60: =BW60*12 -> 16166.64 | BY60: =BU60-BW60 -> 87569.556 | BZ60: =BY60-$L60 -> 86222.336 | CA60: =BZ60-$L60 -> 84875.116 | CB60: =CA60-$L60 -> 83527.896 | CC60: =CB60-$L60 -> 82180.676 | CD60: =CC60-$L60 -> 80833.456 | CE60: =CD60-$L60 -> 79486.236 | CF60: =CE60-$L60 -> 78139.016 | CG60: =CF60-$L60 -> 76791.796 | ... CJ60: =CI60-$L60 -> 72750.136 | CK60: 0 | CL60: 1347.22 | CM60: =CL60*12 -> 16166.64 | CN60: =CJ60-CL60 -> 71402.916 | CO60: =CN60-$L60 -> 70055.696 | CP60: =CO60-$L60 -> 68708.476 | CQ60: =CP60-$L60 -> 67361.256 | CR60: =CQ60-$L60 -> 66014.036 | CS60: =CR60-$L60 -> 64666.816 | CT60: =CS60-$L60 -> 63319.596 | CU60: =CT60-$L60 -> 61972.376 | CV60: =CU60-$L60 -> 60625.156 | ... CY60: =CX60-$L60 -> 56583.496 | CZ60: 0
A61: ='[1]2021 УГРЦТ'!A64 -> Мини козловой кран г/п 5000 кг | B61: ='[1]2021 УГРЦТ'!B64 -> 000001853 | C61: ='[1]2021 УГРЦТ'!C64 -> ПРОИЗВОДСТВО | D61: ='[1]2021 УГРЦТ'!D64 -> Машины и оборудование (кроме офисного) | E61: ='[1]2021 УГРЦТ'!E64 -> 23.06.2021 | F61: ='[1]2021 УГРЦТ'!F64 -> Электрический цех | G61: ='[1]2021 УГРЦТ'!AC64 -> 120 | H61: ='[1]2021 УГРЦТ'!X64 -> 227500 | I61: ='[1]2021 УГРЦТ'!Y64 -> 11375 | J61: ='[1]2021 УГРЦТ'!Z64 -> 216125 | K61: 0 | L61: 1895.83 | N61: =L61*12 -> 22749.96 | O61: =J61-$L61 -> 214229.17 | P61: =O61-$L61 -> 212333.34 | Q61: =P61-$L61 -> 210437.51 | R61: =Q61-$L61 -> 208541.68 | S61: =R61-$L61 -> 206645.85 | T61: =S61-$L61 -> 204750.02 | U61: =T61-$L61 -> 202854.19 | V61: =U61-$L61 -> 200958.36 | W61: =V61-$L61 -> 199062.53 | ... Z61: =Y61-$L61 -> 193375.04 | AC61: =L61*12 -> 22749.96 | AD61: =Z61-$L61 -> 191479.21 | AE61: =AD61-$L61 -> 189583.38 | AF61: =AE61-$L61 -> 187687.55 | AG61: =AF61-$L61 -> 185791.72 | AH61: =AG61-$L61 -> 183895.89 | AI61: =AH61-$L61 -> 182000.06 | AJ61: =AI61-$L61 -> 180104.23 | AK61: =AJ61-$L61 -> 178208.4 | AL61: =AK61-$L61 -> 176312.57 | ... AO61: =AN61-$L61 -> 170625.08 | AQ61: 1895.83 | AR61: =AN61-AO61 -> 1895.83 | AS61: =AR61-AQ61 -> -1.3415047e-11 | AT61: =L61*12 -> 22749.96 | AU61: =AO61-$L61 -> 168729.25 | AV61: =AU61-$L61 -> 166833.42 | AW61: =AV61-$L61 -> 164937.59 | AX61: =AW61-$L61 -> 163041.76 | AY61: =AX61-$L61 -> 161145.93 | AZ61: =AY61-$L61 -> 159250.1 | BA61: =AZ61-$L61 -> 157354.27 | BB61: =BA61-$L61 -> 155458.44 | BC61: =BB61-$L61 -> 153562.61 | ... BF61: =BE61-$L61 -> 147875.12 | BG61: =IF(K61<1,0,SUM(AU61:BF61,AO61)/13*$BG$1) -> 0 | BH61: 1895.83 | BI61: =BH61*12 -> 22749.96 | BJ61: =BF61-BH61 -> 145979.29 | BK61: =BJ61-$L61 -> 144083.46 | BL61: =BK61-$L61 -> 142187.63 | BM61: =BL61-$L61 -> 140291.8 | BN61: =BM61-$L61 -> 138395.97 | BO61: =BN61-$L61 -> 136500.14 | BP61: =BO61-$L61 -> 134604.31 | BQ61: =BP61-$L61 -> 132708.48 | BR61: =BQ61-$L61 -> 130812.65 | ... BU61: =BT61-$L61 -> 125125.16 | BV61: 0 | BW61: 1895.83 | BX61: =BW61*12 -> 22749.96 | BY61: =BU61-BW61 -> 123229.33 | BZ61: =BY61-$L61 -> 121333.5 | CA61: =BZ61-$L61 -> 119437.67 | CB61: =CA61-$L61 -> 117541.84 | CC61: =CB61-$L61 -> 115646.01 | CD61: =CC61-$L61 -> 113750.18 | CE61: =CD61-$L61 -> 111854.35 | CF61: =CE61-$L61 -> 109958.52 | CG61: =CF61-$L61 -> 108062.69 | ... CJ61: =CI61-$L61 -> 102375.2 | CK61: 0 | CL61: 1895.83 | CM61: =CL61*12 -> 22749.96 | CN61: =CJ61-CL61 -> 100479.37 | CO61: =CN61-$L61 -> 98583.54 | CP61: =CO61-$L61 -> 96687.71 | CQ61: =CP61-$L61 -> 94791.88 | CR61: =CQ61-$L61 -> 92896.05 | CS61: =CR61-$L61 -> 91000.22 | CT61: =CS61-$L61 -> 89104.39 | CU61: =CT61-$L61 -> 87208.56 | CV61: =CU61-$L61 -> 85312.73 | ... CY61: =CX61-$L61 -> 79625.24 | CZ61: 0
A62: ='[1]2021 УГРЦТ'!A65 -> Мини козловой кран г/п 5000 кг | B62: ='[1]2021 УГРЦТ'!B65 -> 000001854 | C62: ='[1]2021 УГРЦТ'!C65 -> ПРОИЗВОДСТВО | D62: ='[1]2021 УГРЦТ'!D65 -> Машины и оборудование (кроме офисного) | E62: ='[1]2021 УГРЦТ'!E65 -> 23.06.2021 | F62: ='[1]2021 УГРЦТ'!F65 -> Электрический цех | G62: ='[1]2021 УГРЦТ'!AC65 -> 120 | H62: ='[1]2021 УГРЦТ'!X65 -> 227500 | I62: ='[1]2021 УГРЦТ'!Y65 -> 11375 | J62: ='[1]2021 УГРЦТ'!Z65 -> 216125 | K62: 0 | L62: 1895.83 | N62: =L62*12 -> 22749.96 | O62: =J62-$L62 -> 214229.17 | P62: =O62-$L62 -> 212333.34 | Q62: =P62-$L62 -> 210437.51 | R62: =Q62-$L62 -> 208541.68 | S62: =R62-$L62 -> 206645.85 | T62: =S62-$L62 -> 204750.02 | U62: =T62-$L62 -> 202854.19 | V62: =U62-$L62 -> 200958.36 | W62: =V62-$L62 -> 199062.53 | ... Z62: =Y62-$L62 -> 193375.04 | AC62: =L62*12 -> 22749.96 | AD62: =Z62-$L62 -> 191479.21 | AE62: =AD62-$L62 -> 189583.38 | AF62: =AE62-$L62 -> 187687.55 | AG62: =AF62-$L62 -> 185791.72 | AH62: =AG62-$L62 -> 183895.89 | AI62: =AH62-$L62 -> 182000.06 | AJ62: =AI62-$L62 -> 180104.23 | AK62: =AJ62-$L62 -> 178208.4 | AL62: =AK62-$L62 -> 176312.57 | ... AO62: =AN62-$L62 -> 170625.08 | AQ62: 1895.83 | AR62: =AN62-AO62 -> 1895.83 | AS62: =AR62-AQ62 -> -1.3415047e-11 | AT62: =L62*12 -> 22749.96 | AU62: =AO62-$L62 -> 168729.25 | AV62: =AU62-$L62 -> 166833.42 | AW62: =AV62-$L62 -> 164937.59 | AX62: =AW62-$L62 -> 163041.76 | AY62: =AX62-$L62 -> 161145.93 | AZ62: =AY62-$L62 -> 159250.1 | BA62: =AZ62-$L62 -> 157354.27 | BB62: =BA62-$L62 -> 155458.44 | BC62: =BB62-$L62 -> 153562.61 | ... BF62: =BE62-$L62 -> 147875.12 | BG62: =IF(K62<1,0,SUM(AU62:BF62,AO62)/13*$BG$1) -> 0 | BH62: 1895.83 | BI62: =BH62*12 -> 22749.96 | BJ62: =BF62-BH62 -> 145979.29 | BK62: =BJ62-$L62 -> 144083.46 | BL62: =BK62-$L62 -> 142187.63 | BM62: =BL62-$L62 -> 140291.8 | BN62: =BM62-$L62 -> 138395.97 | BO62: =BN62-$L62 -> 136500.14 | BP62: =BO62-$L62 -> 134604.31 | BQ62: =BP62-$L62 -> 132708.48 | BR62: =BQ62-$L62 -> 130812.65 | ... BU62: =BT62-$L62 -> 125125.16 | BV62: 0 | BW62: 1895.83 | BX62: =BW62*12 -> 22749.96 | BY62: =BU62-BW62 -> 123229.33 | BZ62: =BY62-$L62 -> 121333.5 | CA62: =BZ62-$L62 -> 119437.67 | CB62: =CA62-$L62 -> 117541.84 | CC62: =CB62-$L62 -> 115646.01 | CD62: =CC62-$L62 -> 113750.18 | CE62: =CD62-$L62 -> 111854.35 | CF62: =CE62-$L62 -> 109958.52 | CG62: =CF62-$L62 -> 108062.69 | ... CJ62: =CI62-$L62 -> 102375.2 | CK62: 0 | CL62: 1895.83 | CM62: =CL62*12 -> 22749.96 | CN62: =CJ62-CL62 -> 100479.37 | CO62: =CN62-$L62 -> 98583.54 | CP62: =CO62-$L62 -> 96687.71 | CQ62: =CP62-$L62 -> 94791.88 | CR62: =CQ62-$L62 -> 92896.05 | CS62: =CR62-$L62 -> 91000.22 | CT62: =CS62-$L62 -> 89104.39 | CU62: =CT62-$L62 -> 87208.56 | CV62: =CU62-$L62 -> 85312.73 | ... CY62: =CX62-$L62 -> 79625.24 | CZ62: 0
A63: ='[1]2021 УГРЦТ'!A66 -> Молниеотвод с прожекторами, МОГК | B63: ='[1]2021 УГРЦТ'!B66 -> 000001830 | C63: ='[1]2021 УГРЦТ'!C66 -> ПРОИЗВОДСТВО | D63: ='[1]2021 УГРЦТ'!D66 -> Сооружения | E63: ='[1]2021 УГРЦТ'!E66 -> 30.12.2020 | F63: ='[1]2021 УГРЦТ'!F66 -> ДЭС п.Красное | G63: ='[1]2021 УГРЦТ'!AC66 -> 360 | H63: ='[1]2021 УГРЦТ'!X66 -> 1566507.4 | I63: ='[1]2021 УГРЦТ'!Y66 -> 52216.912 | J63: ='[1]2021 УГРЦТ'!Z66 -> 1514290.4 | K63: 1 | L63: 4351.41 | N63: =L63*12 -> 52216.92 | O63: =J63-$L63 -> 1509939 | P63: =O63-$L63 -> 1505587.6 | Q63: =P63-$L63 -> 1501236.2 | R63: =Q63-$L63 -> 1496884.8 | S63: =R63-$L63 -> 1492533.4 | T63: =S63-$L63 -> 1488182 | U63: =T63-$L63 -> 1483830.6 | V63: =U63-$L63 -> 1479479.2 | W63: =V63-$L63 -> 1475127.7 | ... Z63: =Y63-$L63 -> 1462073.5 | AA63: =SUM(O63:Z63,J63)/13*$AA$1 -> 32740.004 | AC63: =L63*12 -> 52216.92 | AD63: =Z63-$L63 -> 1457722.1 | AE63: =AD63-$L63 -> 1453370.7 | AF63: =AE63-$L63 -> 1449019.3 | AG63: =AF63-$L63 -> 1444667.9 | AH63: =AG63-$L63 -> 1440316.5 | AI63: =AH63-$L63 -> 1435965.1 | AJ63: =AI63-$L63 -> 1431613.6 | AK63: =AJ63-$L63 -> 1427262.2 | AL63: =AK63-$L63 -> 1422910.8 | ... AO63: =AN63-$L63 -> 1409856.6 | AP63: =IF(K63<1,0,SUM(AD63:AO63,Z63)/13*$BG$1) -> 31591.231 | AQ63: 4351.41 | AR63: =AN63-AO63 -> 4351.41 | AS63: =AR63-AQ63 -> -8.4583007e-11 | AT63: =L63*12 -> 52216.92 | AU63: =AO63-$L63 -> 1405505.2 | AV63: =AU63-$L63 -> 1401153.8 | AW63: =AV63-$L63 -> 1396802.4 | AX63: =AW63-$L63 -> 1392451 | AY63: =AX63-$L63 -> 1388099.5 | AZ63: =AY63-$L63 -> 1383748.1 | BA63: =AZ63-$L63 -> 1379396.7 | BB63: =BA63-$L63 -> 1375045.3 | BC63: =BB63-$L63 -> 1370693.9 | ... BF63: =BE63-$L63 -> 1357639.7 | BG63: =IF(K63<1,0,SUM(AU63:BF63,AO63)/13*$BG$1) -> 30442.459 | BH63: 4351.41 | BI63: =BH63*12 -> 52216.92 | BJ63: =BF63-BH63 -> 1353288.3 | BK63: =BJ63-$L63 -> 1348936.9 | BL63: =BK63-$L63 -> 1344585.4 | BM63: =BL63-$L63 -> 1340234 | BN63: =BM63-$L63 -> 1335882.6 | BO63: =BN63-$L63 -> 1331531.2 | BP63: =BO63-$L63 -> 1327179.8 | BQ63: =BP63-$L63 -> 1322828.4 | BR63: =BQ63-$L63 -> 1318477 | ... BU63: =BT63-$L63 -> 1305422.8 | BV63: =IF(Z63<1,0,SUM(BJ63:BU63,BF63)/13*$BG$1) -> 29293.687 | BW63: 4351.41 | BX63: =BW63*12 -> 52216.92 | BY63: =BU63-BW63 -> 1301071.3 | BZ63: =BY63-$L63 -> 1296719.9 | CA63: =BZ63-$L63 -> 1292368.5 | CB63: =CA63-$L63 -> 1288017.1 | CC63: =CB63-$L63 -> 1283665.7 | CD63: =CC63-$L63 -> 1279314.3 | CE63: =CD63-$L63 -> 1274962.9 | CF63: =CE63-$L63 -> 1270611.5 | CG63: =CF63-$L63 -> 1266260.1 | ... CJ63: =CI63-$L63 -> 1253205.8 | CK63: =IF(AO63<1,0,SUM(BY63:CJ63,BU63)/13*$BG$1) -> 28144.915 | CL63: 4351.41 | CM63: =CL63*12 -> 52216.92 | CN63: =CJ63-CL63 -> 1248854.4 | CO63: =CN63-$L63 -> 1244503 | CP63: =CO63-$L63 -> 1240151.6 | CQ63: =CP63-$L63 -> 1235800.2 | CR63: =CQ63-$L63 -> 1231448.8 | CS63: =CR63-$L63 -> 1227097.4 | CT63: =CS63-$L63 -> 1222746 | CU63: =CT63-$L63 -> 1218394.6 | CV63: =CU63-$L63 -> 1214043.1 | ... CY63: =CX63-$L63 -> 1200988.9 | CZ63: =IF(BF63<1,0,SUM(CN63:CY63,CJ63)/13*$BG$1) -> 26996.142
A64: ='[1]2021 УГРЦТ'!A67 -> Наружные сети электроснабжения (п. Красное) | B64: ='[1]2021 УГРЦТ'!B67 -> 000001674 | C64: ='[1]2021 УГРЦТ'!C67 -> ПРОИЗВОДСТВО | D64: ='[1]2021 УГРЦТ'!D67 -> Сооружения | E64: ='[1]2021 УГРЦТ'!E67 -> 20.01.2016 | F64: ='[1]2021 УГРЦТ'!F67 -> ДЭС п.Красное | G64: ='[1]2021 УГРЦТ'!AC67 -> 180 | H64: ='[1]2021 УГРЦТ'!X67 -> 40883.46 | I64: ='[1]2021 УГРЦТ'!Y67 -> 16126.234 | J64: ='[1]2021 УГРЦТ'!Z67 -> 24757.226 | K64: 1 | L64: 227.13 | N64: =L64*12 -> 2725.56 | O64: =J64-$L64 -> 24530.096 | P64: =O64-$L64 -> 24302.966 | Q64: =P64-$L64 -> 24075.836 | R64: =Q64-$L64 -> 23848.706 | S64: =R64-$L64 -> 23621.576 | T64: =S64-$L64 -> 23394.446 | U64: =T64-$L64 -> 23167.316 | V64: =U64-$L64 -> 22940.186 | W64: =V64-$L64 -> 22713.056 | ... Z64: =Y64-$L64 -> 22031.666 | AA64: =SUM(O64:Z64,J64)/13*$AA$1 -> 514.67781 | AC64: =L64*12 -> 2725.56 | AD64: =Z64-$L64 -> 21804.536 | AE64: =AD64-$L64 -> 21577.406 | AF64: =AE64-$L64 -> 21350.276 | AG64: =AF64-$L64 -> 21123.146 | AH64: =AG64-$L64 -> 20896.016 | AI64: =AH64-$L64 -> 20668.886 | AJ64: =AI64-$L64 -> 20441.756 | AK64: =AJ64-$L64 -> 20214.626 | AL64: =AK64-$L64 -> 19987.496 | ... AO64: =AN64-$L64 -> 19306.106 | AP64: =IF(K64<1,0,SUM(AD64:AO64,Z64)/13*$BG$1) -> 454.71549 | AQ64: 227.13 | AR64: =AN64-AO64 -> 227.13 | AS64: =AR64-AQ64 -> 9.3791641e-13 | AT64: =L64*12 -> 2725.56 | AU64: =AO64-$L64 -> 19078.976 | AV64: =AU64-$L64 -> 18851.846 | AW64: =AV64-$L64 -> 18624.716 | AX64: =AW64-$L64 -> 18397.586 | AY64: =AX64-$L64 -> 18170.456 | AZ64: =AY64-$L64 -> 17943.326 | BA64: =AZ64-$L64 -> 17716.196 | BB64: =BA64-$L64 -> 17489.066 | BC64: =BB64-$L64 -> 17261.936 | ... BF64: =BE64-$L64 -> 16580.546 | BG64: =IF(K64<1,0,SUM(AU64:BF64,AO64)/13*$BG$1) -> 394.75317 | BH64: 227.13 | BI64: =BH64*12 -> 2725.56 | BJ64: =BF64-BH64 -> 16353.416 | BK64: =BJ64-$L64 -> 16126.286 | BL64: =BK64-$L64 -> 15899.156 | BM64: =BL64-$L64 -> 15672.026 | BN64: =BM64-$L64 -> 15444.896 | BO64: =BN64-$L64 -> 15217.766 | BP64: =BO64-$L64 -> 14990.636 | BQ64: =BP64-$L64 -> 14763.506 | BR64: =BQ64-$L64 -> 14536.376 | ... BU64: =BT64-$L64 -> 13854.986 | BV64: =IF(Z64<1,0,SUM(BJ64:BU64,BF64)/13*$BG$1) -> 334.79085 | BW64: 227.13 | BX64: =BW64*12 -> 2725.56 | BY64: =BU64-BW64 -> 13627.856 | BZ64: =BY64-$L64 -> 13400.726 | CA64: =BZ64-$L64 -> 13173.596 | CB64: =CA64-$L64 -> 12946.466 | CC64: =CB64-$L64 -> 12719.336 | CD64: =CC64-$L64 -> 12492.206 | CE64: =CD64-$L64 -> 12265.076 | CF64: =CE64-$L64 -> 12037.946 | CG64: =CF64-$L64 -> 11810.816 | ... CJ64: =CI64-$L64 -> 11129.426 | CK64: =IF(AO64<1,0,SUM(BY64:CJ64,BU64)/13*$BG$1) -> 274.82853 | CL64: 227.13 | CM64: =CL64*12 -> 2725.56 | CN64: =CJ64-CL64 -> 10902.296 | CO64: =CN64-$L64 -> 10675.166 | CP64: =CO64-$L64 -> 10448.036 | CQ64: =CP64-$L64 -> 10220.906 | CR64: =CQ64-$L64 -> 9993.776 | CS64: =CR64-$L64 -> 9766.646 | CT64: =CS64-$L64 -> 9539.516 | CU64: =CT64-$L64 -> 9312.386 | CV64: =CU64-$L64 -> 9085.256 | ... CY64: =CX64-$L64 -> 8403.866 | CZ64: =IF(BF64<1,0,SUM(CN64:CY64,CJ64)/13*$BG$1) -> 214.86621
A65: ='[1]2021 УГРЦТ'!A68 -> Наружные сети электроснабжения 0,4 кВ ( НАО п. Красное) | B65: ='[1]2021 УГРЦТ'!B68 -> 000001684 | C65: ='[1]2021 УГРЦТ'!C68 -> ПРОИЗВОДСТВО | D65: ='[1]2021 УГРЦТ'!D68 -> Сооружения | E65: ='[1]2021 УГРЦТ'!E68 -> 10.06.2016 | F65: ='[1]2021 УГРЦТ'!F68 -> ДЭС п.Красное | G65: ='[1]2021 УГРЦТ'!AC68 -> 180 | H65: ='[1]2021 УГРЦТ'!X68 -> 239099 | I65: ='[1]2021 УГРЦТ'!Y68 -> 87669.753 | J65: ='[1]2021 УГРЦТ'!Z68 -> 151429.25 | K65: 1 | L65: 1328.33 | N65: =L65*12 -> 15939.96 | O65: =J65-$L65 -> 150100.92 | P65: =O65-$L65 -> 148772.59 | Q65: =P65-$L65 -> 147444.26 | R65: =Q65-$L65 -> 146115.93 | S65: =R65-$L65 -> 144787.6 | T65: =S65-$L65 -> 143459.27 | U65: =T65-$L65 -> 142130.94 | V65: =U65-$L65 -> 140802.61 | W65: =V65-$L65 -> 139474.28 | ... Z65: =Y65-$L65 -> 135489.29 | AA65: =SUM(O65:Z65,J65)/13*$AA$1 -> 3156.1039 | AC65: =L65*12 -> 15939.96 | AD65: =Z65-$L65 -> 134160.96 | AE65: =AD65-$L65 -> 132832.63 | AF65: =AE65-$L65 -> 131504.3 | AG65: =AF65-$L65 -> 130175.97 | AH65: =AG65-$L65 -> 128847.64 | AI65: =AH65-$L65 -> 127519.31 | AJ65: =AI65-$L65 -> 126190.98 | AK65: =AJ65-$L65 -> 124862.65 | AL65: =AK65-$L65 -> 123534.32 | ... AO65: =AN65-$L65 -> 119549.33 | AP65: =IF(K65<1,0,SUM(AD65:AO65,Z65)/13*$BG$1) -> 2805.4247 | AQ65: 1328.33 | AR65: =AN65-AO65 -> 1328.33 | AS65: =AR65-AQ65 -> 1.8189894e-12 | AT65: =L65*12 -> 15939.96 | AU65: =AO65-$L65 -> 118221 | AV65: =AU65-$L65 -> 116892.67 | AW65: =AV65-$L65 -> 115564.34 | AX65: =AW65-$L65 -> 114236.01 | AY65: =AX65-$L65 -> 112907.68 | AZ65: =AY65-$L65 -> 111579.35 | BA65: =AZ65-$L65 -> 110251.02 | BB65: =BA65-$L65 -> 108922.69 | BC65: =BB65-$L65 -> 107594.36 | ... BF65: =BE65-$L65 -> 103609.37 | BG65: =IF(K65<1,0,SUM(AU65:BF65,AO65)/13*$BG$1) -> 2454.7456 | BH65: 1328.33 | BI65: =BH65*12 -> 15939.96 | BJ65: =BF65-BH65 -> 102281.04 | BK65: =BJ65-$L65 -> 100952.71 | BL65: =BK65-$L65 -> 99624.377 | BM65: =BL65-$L65 -> 98296.047 | BN65: =BM65-$L65 -> 96967.717 | BO65: =BN65-$L65 -> 95639.387 | BP65: =BO65-$L65 -> 94311.057 | BQ65: =BP65-$L65 -> 92982.727 | BR65: =BQ65-$L65 -> 91654.397 | ... BU65: =BT65-$L65 -> 87669.407 | BV65: =IF(Z65<1,0,SUM(BJ65:BU65,BF65)/13*$BG$1) -> 2104.0665 | BW65: 1328.33 | BX65: =BW65*12 -> 15939.96 | BY65: =BU65-BW65 -> 86341.077 | BZ65: =BY65-$L65 -> 85012.747 | CA65: =BZ65-$L65 -> 83684.417 | CB65: =CA65-$L65 -> 82356.087 | CC65: =CB65-$L65 -> 81027.757 | CD65: =CC65-$L65 -> 79699.427 | CE65: =CD65-$L65 -> 78371.097 | CF65: =CE65-$L65 -> 77042.767 | CG65: =CF65-$L65 -> 75714.437 | ... CJ65: =CI65-$L65 -> 71729.447 | CK65: =IF(AO65<1,0,SUM(BY65:CJ65,BU65)/13*$BG$1) -> 1753.3874 | CL65: 1328.33 | CM65: =CL65*12 -> 15939.96 | CN65: =CJ65-CL65 -> 70401.117 | CO65: =CN65-$L65 -> 69072.787 | CP65: =CO65-$L65 -> 67744.457 | CQ65: =CP65-$L65 -> 66416.127 | CR65: =CQ65-$L65 -> 65087.797 | CS65: =CR65-$L65 -> 63759.467 | CT65: =CS65-$L65 -> 62431.137 | CU65: =CT65-$L65 -> 61102.807 | CV65: =CU65-$L65 -> 59774.477 | ... CY65: =CX65-$L65 -> 55789.487 | CZ65: =IF(BF65<1,0,SUM(CN65:CY65,CJ65)/13*$BG$1) -> 1402.7083
A66: ='[1]2021 УГРЦТ'!A69 -> Наружные сети электроснабжения 0,4 кВ ( НАО п. Красное) | B66: ='[1]2021 УГРЦТ'!B69 -> 000001685 | C66: ='[1]2021 УГРЦТ'!C69 -> ПРОИЗВОДСТВО | D66: ='[1]2021 УГРЦТ'!D69 -> Сооружения | E66: ='[1]2021 УГРЦТ'!E69 -> 10.06.2016 | F66: ='[1]2021 УГРЦТ'!F69 -> ДЭС п.Красное | G66: ='[1]2021 УГРЦТ'!AC69 -> 180 | H66: ='[1]2021 УГРЦТ'!X69 -> 87099 | I66: ='[1]2021 УГРЦТ'!Y69 -> 31936.12 | J66: ='[1]2021 УГРЦТ'!Z69 -> 55162.88 | K66: 1 | L66: 483.88 | N66: =L66*12 -> 5806.56 | O66: =J66-$L66 -> 54679 | P66: =O66-$L66 -> 54195.12 | Q66: =P66-$L66 -> 53711.24 | R66: =Q66-$L66 -> 53227.36 | S66: =R66-$L66 -> 52743.48 | T66: =S66-$L66 -> 52259.6 | U66: =T66-$L66 -> 51775.72 | V66: =U66-$L66 -> 51291.84 | W66: =V66-$L66 -> 50807.96 | ... Z66: =Y66-$L66 -> 49356.32 | AA66: =SUM(O66:Z66,J66)/13*$AA$1 -> 1149.7112 | AC66: =L66*12 -> 5806.56 | AD66: =Z66-$L66 -> 48872.44 | AE66: =AD66-$L66 -> 48388.56 | AF66: =AE66-$L66 -> 47904.68 | AG66: =AF66-$L66 -> 47420.8 | AH66: =AG66-$L66 -> 46936.92 | AI66: =AH66-$L66 -> 46453.04 | AJ66: =AI66-$L66 -> 45969.16 | AK66: =AJ66-$L66 -> 45485.28 | AL66: =AK66-$L66 -> 45001.4 | ... AO66: =AN66-$L66 -> 43549.76 | AP66: =IF(K66<1,0,SUM(AD66:AO66,Z66)/13*$BG$1) -> 1021.9669 | AQ66: 483.88 | AR66: =AN66-AO66 -> 483.88 | AS66: =AR66-AQ66 -> -2.6147973e-12 | AT66: =L66*12 -> 5806.56 | AU66: =AO66-$L66 -> 43065.88 | AV66: =AU66-$L66 -> 42582 | AW66: =AV66-$L66 -> 42098.12 | AX66: =AW66-$L66 -> 41614.24 | AY66: =AX66-$L66 -> 41130.36 | AZ66: =AY66-$L66 -> 40646.48 | BA66: =AZ66-$L66 -> 40162.6 | BB66: =BA66-$L66 -> 39678.72 | BC66: =BB66-$L66 -> 39194.84 | ... BF66: =BE66-$L66 -> 37743.2 | BG66: =IF(K66<1,0,SUM(AU66:BF66,AO66)/13*$BG$1) -> 894.22256 | BH66: 483.88 | BI66: =BH66*12 -> 5806.56 | BJ66: =BF66-BH66 -> 37259.32 | BK66: =BJ66-$L66 -> 36775.44 | BL66: =BK66-$L66 -> 36291.56 | BM66: =BL66-$L66 -> 35807.68 | BN66: =BM66-$L66 -> 35323.8 | BO66: =BN66-$L66 -> 34839.92 | BP66: =BO66-$L66 -> 34356.04 | BQ66: =BP66-$L66 -> 33872.16 | BR66: =BQ66-$L66 -> 33388.28 | ... BU66: =BT66-$L66 -> 31936.64 | BV66: =IF(Z66<1,0,SUM(BJ66:BU66,BF66)/13*$BG$1) -> 766.47824 | BW66: 483.88 | BX66: =BW66*12 -> 5806.56 | BY66: =BU66-BW66 -> 31452.76 | BZ66: =BY66-$L66 -> 30968.88 | CA66: =BZ66-$L66 -> 30485 | CB66: =CA66-$L66 -> 30001.12 | CC66: =CB66-$L66 -> 29517.24 | CD66: =CC66-$L66 -> 29033.36 | CE66: =CD66-$L66 -> 28549.48 | CF66: =CE66-$L66 -> 28065.6 | CG66: =CF66-$L66 -> 27581.72 | ... CJ66: =CI66-$L66 -> 26130.08 | CK66: =IF(AO66<1,0,SUM(BY66:CJ66,BU66)/13*$BG$1) -> 638.73392 | CL66: 483.88 | CM66: =CL66*12 -> 5806.56 | CN66: =CJ66-CL66 -> 25646.2 | CO66: =CN66-$L66 -> 25162.32 | CP66: =CO66-$L66 -> 24678.44 | CQ66: =CP66-$L66 -> 24194.56 | CR66: =CQ66-$L66 -> 23710.68 | CS66: =CR66-$L66 -> 23226.8 | CT66: =CS66-$L66 -> 22742.92 | CU66: =CT66-$L66 -> 22259.04 | CV66: =CU66-$L66 -> 21775.16 | ... CY66: =CX66-$L66 -> 20323.52 | CZ66: =IF(BF66<1,0,SUM(CN66:CY66,CJ66)/13*$BG$1) -> 510.9896
A67: ='[1]2021 УГРЦТ'!A70 -> Наружные сети электроснабжения 0,4 кВ (НАО, п. Красное) | B67: ='[1]2021 УГРЦТ'!B70 -> 000001687 | C67: ='[1]2021 УГРЦТ'!C70 -> ПРОИЗВОДСТВО | D67: ='[1]2021 УГРЦТ'!D70 -> Сооружения | E67: ='[1]2021 УГРЦТ'!E70 -> 29.06.2016 | F67: ='[1]2021 УГРЦТ'!F70 -> ДЭС п.Красное | G67: ='[1]2021 УГРЦТ'!AC70 -> 180 | H67: ='[1]2021 УГРЦТ'!X70 -> 25447 | I67: ='[1]2021 УГРЦТ'!Y70 -> 9330.4467 | J67: ='[1]2021 УГРЦТ'!Z70 -> 16116.553 | K67: 1 | L67: 141.37 | N67: =L67*12 -> 1696.44 | O67: =J67-$L67 -> 15975.183 | P67: =O67-$L67 -> 15833.813 | Q67: =P67-$L67 -> 15692.443 | R67: =Q67-$L67 -> 15551.073 | S67: =R67-$L67 -> 15409.703 | T67: =S67-$L67 -> 15268.333 | U67: =T67-$L67 -> 15126.963 | V67: =U67-$L67 -> 14985.593 | W67: =V67-$L67 -> 14844.223 | ... Z67: =Y67-$L67 -> 14420.113 | AA67: =SUM(O67:Z67,J67)/13*$AA$1 -> 335.90333 | AC67: =L67*12 -> 1696.44 | AD67: =Z67-$L67 -> 14278.743 | AE67: =AD67-$L67 -> 14137.373 | AF67: =AE67-$L67 -> 13996.003 | AG67: =AF67-$L67 -> 13854.633 | AH67: =AG67-$L67 -> 13713.263 | AI67: =AH67-$L67 -> 13571.893 | AJ67: =AI67-$L67 -> 13430.523 | AK67: =AJ67-$L67 -> 13289.153 | AL67: =AK67-$L67 -> 13147.783 | ... AO67: =AN67-$L67 -> 12723.673 | AP67: =IF(K67<1,0,SUM(AD67:AO67,Z67)/13*$BG$1) -> 298.58165 | AQ67: 141.37 | AR67: =AN67-AO67 -> 141.37 | AS67: =AR67-AQ67 -> 7.9580786e-13 | AT67: =L67*12 -> 1696.44 | AU67: =AO67-$L67 -> 12582.303 | AV67: =AU67-$L67 -> 12440.933 | AW67: =AV67-$L67 -> 12299.563 | AX67: =AW67-$L67 -> 12158.193 | AY67: =AX67-$L67 -> 12016.823 | AZ67: =AY67-$L67 -> 11875.453 | BA67: =AZ67-$L67 -> 11734.083 | BB67: =BA67-$L67 -> 11592.713 | BC67: =BB67-$L67 -> 11451.343 | ... BF67: =BE67-$L67 -> 11027.233 | BG67: =IF(K67<1,0,SUM(AU67:BF67,AO67)/13*$BG$1) -> 261.25997 | BH67: 141.37 | BI67: =BH67*12 -> 1696.44 | BJ67: =BF67-BH67 -> 10885.863 | BK67: =BJ67-$L67 -> 10744.493 | BL67: =BK67-$L67 -> 10603.123 | BM67: =BL67-$L67 -> 10461.753 | BN67: =BM67-$L67 -> 10320.383 | BO67: =BN67-$L67 -> 10179.013 | BP67: =BO67-$L67 -> 10037.643 | BQ67: =BP67-$L67 -> 9896.2733 | BR67: =BQ67-$L67 -> 9754.9033 | ... BU67: =BT67-$L67 -> 9330.7933 | BV67: =IF(Z67<1,0,SUM(BJ67:BU67,BF67)/13*$BG$1) -> 223.93829 | BW67: 141.37 | BX67: =BW67*12 -> 1696.44 | BY67: =BU67-BW67 -> 9189.4233 | BZ67: =BY67-$L67 -> 9048.0533 | CA67: =BZ67-$L67 -> 8906.6833 | CB67: =CA67-$L67 -> 8765.3133 | CC67: =CB67-$L67 -> 8623.9433 | CD67: =CC67-$L67 -> 8482.5733 | CE67: =CD67-$L67 -> 8341.2033 | CF67: =CE67-$L67 -> 8199.8333 | CG67: =CF67-$L67 -> 8058.4633 | ... CJ67: =CI67-$L67 -> 7634.3533 | CK67: =IF(AO67<1,0,SUM(BY67:CJ67,BU67)/13*$BG$1) -> 186.61661 | CL67: 141.37 | CM67: =CL67*12 -> 1696.44 | CN67: =CJ67-CL67 -> 7492.9833 | CO67: =CN67-$L67 -> 7351.6133 | CP67: =CO67-$L67 -> 7210.2433 | CQ67: =CP67-$L67 -> 7068.8733 | CR67: =CQ67-$L67 -> 6927.5033 | CS67: =CR67-$L67 -> 6786.1333 | CT67: =CS67-$L67 -> 6644.7633 | CU67: =CT67-$L67 -> 6503.3933 | CV67: =CU67-$L67 -> 6362.0233 | ... CY67: =CX67-$L67 -> 5937.9133 | CZ67: =IF(BF67<1,0,SUM(CN67:CY67,CJ67)/13*$BG$1) -> 149.29493
A68: ='[1]2021 УГРЦТ'!A71 -> Наружные сети электроснабжения 0,4 кВ (НАО, п. Красное) | B68: ='[1]2021 УГРЦТ'!B71 -> 000001688 | C68: ='[1]2021 УГРЦТ'!C71 -> ПРОИЗВОДСТВО | D68: ='[1]2021 УГРЦТ'!D71 -> Сооружения | E68: ='[1]2021 УГРЦТ'!E71 -> 29.06.2016 | F68: ='[1]2021 УГРЦТ'!F71 -> ДЭС п.Красное | G68: ='[1]2021 УГРЦТ'!AC71 -> 180 | H68: ='[1]2021 УГРЦТ'!X71 -> 36352 | I68: ='[1]2021 УГРЦТ'!Y71 -> 13329.307 | J68: ='[1]2021 УГРЦТ'!Z71 -> 23022.693 | K68: 1 | L68: 201.96 | N68: =L68*12 -> 2423.52 | O68: =J68-$L68 -> 22820.733 | P68: =O68-$L68 -> 22618.773 | Q68: =P68-$L68 -> 22416.813 | R68: =Q68-$L68 -> 22214.853 | S68: =R68-$L68 -> 22012.893 | T68: =S68-$L68 -> 21810.933 | U68: =T68-$L68 -> 21608.973 | V68: =U68-$L68 -> 21407.013 | W68: =V68-$L68 -> 21205.053 | ... Z68: =Y68-$L68 -> 20599.173 | AA68: =SUM(O68:Z68,J68)/13*$AA$1 -> 479.84053 | AC68: =L68*12 -> 2423.52 | AD68: =Z68-$L68 -> 20397.213 | AE68: =AD68-$L68 -> 20195.253 | AF68: =AE68-$L68 -> 19993.293 | AG68: =AF68-$L68 -> 19791.333 | AH68: =AG68-$L68 -> 19589.373 | AI68: =AH68-$L68 -> 19387.413 | AJ68: =AI68-$L68 -> 19185.453 | AK68: =AJ68-$L68 -> 18983.493 | AL68: =AK68-$L68 -> 18781.533 | ... AO68: =AN68-$L68 -> 18175.653 | AP68: =IF(K68<1,0,SUM(AD68:AO68,Z68)/13*$BG$1) -> 426.52309 | AQ68: 201.96 | AR68: =AN68-AO68 -> 201.96 | AS68: =AR68-AQ68 -> -8.8107299e-13 | AT68: =L68*12 -> 2423.52 | AU68: =AO68-$L68 -> 17973.693 | AV68: =AU68-$L68 -> 17771.733 | AW68: =AV68-$L68 -> 17569.773 | AX68: =AW68-$L68 -> 17367.813 | AY68: =AX68-$L68 -> 17165.853 | AZ68: =AY68-$L68 -> 16963.893 | BA68: =AZ68-$L68 -> 16761.933 | BB68: =BA68-$L68 -> 16559.973 | BC68: =BB68-$L68 -> 16358.013 | ... BF68: =BE68-$L68 -> 15752.133 | BG68: =IF(K68<1,0,SUM(AU68:BF68,AO68)/13*$BG$1) -> 373.20565 | BH68: 201.96 | BI68: =BH68*12 -> 2423.52 | BJ68: =BF68-BH68 -> 15550.173 | BK68: =BJ68-$L68 -> 15348.213 | BL68: =BK68-$L68 -> 15146.253 | BM68: =BL68-$L68 -> 14944.293 | BN68: =BM68-$L68 -> 14742.333 | BO68: =BN68-$L68 -> 14540.373 | BP68: =BO68-$L68 -> 14338.413 | BQ68: =BP68-$L68 -> 14136.453 | BR68: =BQ68-$L68 -> 13934.493 | ... BU68: =BT68-$L68 -> 13328.613 | BV68: =IF(Z68<1,0,SUM(BJ68:BU68,BF68)/13*$BG$1) -> 319.88821 | BW68: 201.96 | BX68: =BW68*12 -> 2423.52 | BY68: =BU68-BW68 -> 13126.653 | BZ68: =BY68-$L68 -> 12924.693 | CA68: =BZ68-$L68 -> 12722.733 | CB68: =CA68-$L68 -> 12520.773 | CC68: =CB68-$L68 -> 12318.813 | CD68: =CC68-$L68 -> 12116.853 | CE68: =CD68-$L68 -> 11914.893 | CF68: =CE68-$L68 -> 11712.933 | CG68: =CF68-$L68 -> 11510.973 | ... CJ68: =CI68-$L68 -> 10905.093 | CK68: =IF(AO68<1,0,SUM(BY68:CJ68,BU68)/13*$BG$1) -> 266.57077 | CL68: 201.96 | CM68: =CL68*12 -> 2423.52 | CN68: =CJ68-CL68 -> 10703.133 | CO68: =CN68-$L68 -> 10501.173 | CP68: =CO68-$L68 -> 10299.213 | CQ68: =CP68-$L68 -> 10097.253 | CR68: =CQ68-$L68 -> 9895.2933 | CS68: =CR68-$L68 -> 9693.3333 | CT68: =CS68-$L68 -> 9491.3733 | CU68: =CT68-$L68 -> 9289.4133 | CV68: =CU68-$L68 -> 9087.4533 | ... CY68: =CX68-$L68 -> 8481.5733 | CZ68: =IF(BF68<1,0,SUM(CN68:CY68,CJ68)/13*$BG$1) -> 213.25333
A69: ='[1]2021 УГРЦТ'!A72 -> Наружные сети электроснабжения 0,4 кВ п. Красное | B69: ='[1]2021 УГРЦТ'!B72 -> 000001675 | C69: ='[1]2021 УГРЦТ'!C72 -> ПРОИЗВОДСТВО | D69: ='[1]2021 УГРЦТ'!D72 -> Сооружения | E69: ='[1]2021 УГРЦТ'!E72 -> 20.01.2016 | F69: ='[1]2021 УГРЦТ'!F72 -> ДЭС п.Красное | G69: ='[1]2021 УГРЦТ'!AC72 -> 180 | H69: ='[1]2021 УГРЦТ'!X72 -> 347860.46 | I69: ='[1]2021 УГРЦТ'!Y72 -> 137211.74 | J69: ='[1]2021 УГРЦТ'!Z72 -> 210648.72 | K69: 1 | L69: 1932.56 | N69: =L69*12 -> 23190.72 | O69: =J69-$L69 -> 208716.16 | P69: =O69-$L69 -> 206783.6 | Q69: =P69-$L69 -> 204851.04 | R69: =Q69-$L69 -> 202918.48 | S69: =R69-$L69 -> 200985.92 | T69: =S69-$L69 -> 199053.36 | U69: =T69-$L69 -> 197120.8 | V69: =U69-$L69 -> 195188.24 | W69: =V69-$L69 -> 193255.68 | ... Z69: =Y69-$L69 -> 187458 | AA69: =SUM(O69:Z69,J69)/13*$AA$1 -> 4379.174 | AC69: =L69*12 -> 23190.72 | AD69: =Z69-$L69 -> 185525.44 | AE69: =AD69-$L69 -> 183592.88 | AF69: =AE69-$L69 -> 181660.32 | AG69: =AF69-$L69 -> 179727.76 | AH69: =AG69-$L69 -> 177795.2 | AI69: =AH69-$L69 -> 175862.64 | AJ69: =AI69-$L69 -> 173930.08 | AK69: =AJ69-$L69 -> 171997.52 | AL69: =AK69-$L69 -> 170064.96 | ... AO69: =AN69-$L69 -> 164267.28 | AP69: =IF(K69<1,0,SUM(AD69:AO69,Z69)/13*$BG$1) -> 3868.9781 | AQ69: 1932.56 | AR69: =AN69-AO69 -> 1932.56 | AS69: =AR69-AQ69 -> -2.2737368e-12 | AT69: =L69*12 -> 23190.72 | AU69: =AO69-$L69 -> 162334.72 | AV69: =AU69-$L69 -> 160402.16 | AW69: =AV69-$L69 -> 158469.6 | AX69: =AW69-$L69 -> 156537.04 | AY69: =AX69-$L69 -> 154604.48 | AZ69: =AY69-$L69 -> 152671.92 | BA69: =AZ69-$L69 -> 150739.36 | BB69: =BA69-$L69 -> 148806.8 | BC69: =BB69-$L69 -> 146874.24 | ... BF69: =BE69-$L69 -> 141076.56 | BG69: =IF(K69<1,0,SUM(AU69:BF69,AO69)/13*$BG$1) -> 3358.7823 | BH69: 1932.56 | BI69: =BH69*12 -> 23190.72 | BJ69: =BF69-BH69 -> 139144 | BK69: =BJ69-$L69 -> 137211.44 | BL69: =BK69-$L69 -> 135278.88 | BM69: =BL69-$L69 -> 133346.32 | BN69: =BM69-$L69 -> 131413.76 | BO69: =BN69-$L69 -> 129481.2 | BP69: =BO69-$L69 -> 127548.64 | BQ69: =BP69-$L69 -> 125616.08 | BR69: =BQ69-$L69 -> 123683.52 | ... BU69: =BT69-$L69 -> 117885.84 | BV69: =IF(Z69<1,0,SUM(BJ69:BU69,BF69)/13*$BG$1) -> 2848.5865 | BW69: 1932.56 | BX69: =BW69*12 -> 23190.72 | BY69: =BU69-BW69 -> 115953.28 | BZ69: =BY69-$L69 -> 114020.72 | CA69: =BZ69-$L69 -> 112088.16 | CB69: =CA69-$L69 -> 110155.6 | CC69: =CB69-$L69 -> 108223.04 | CD69: =CC69-$L69 -> 106290.48 | CE69: =CD69-$L69 -> 104357.92 | CF69: =CE69-$L69 -> 102425.36 | CG69: =CF69-$L69 -> 100492.8 | ... CJ69: =CI69-$L69 -> 94695.123 | CK69: =IF(AO69<1,0,SUM(BY69:CJ69,BU69)/13*$BG$1) -> 2338.3906 | CL69: 1932.56 | CM69: =CL69*12 -> 23190.72 | CN69: =CJ69-CL69 -> 92762.563 | CO69: =CN69-$L69 -> 90830.003 | CP69: =CO69-$L69 -> 88897.443 | CQ69: =CP69-$L69 -> 86964.883 | CR69: =CQ69-$L69 -> 85032.323 | CS69: =CR69-$L69 -> 83099.763 | CT69: =CS69-$L69 -> 81167.203 | CU69: =CT69-$L69 -> 79234.643 | CV69: =CU69-$L69 -> 77302.083 | ... CY69: =CX69-$L69 -> 71504.403 | CZ69: =IF(BF69<1,0,SUM(CN69:CY69,CJ69)/13*$BG$1) -> 1828.1948
A70: ='[1]2021 УГРЦТ'!A73 -> Наружные сети электроснабжения 0,4 кВ п. Красное | B70: ='[1]2021 УГРЦТ'!B73 -> 000001676 | C70: ='[1]2021 УГРЦТ'!C73 -> ПРОИЗВОДСТВО | D70: ='[1]2021 УГРЦТ'!D73 -> Сооружения | E70: ='[1]2021 УГРЦТ'!E73 -> 20.01.2016 | F70: ='[1]2021 УГРЦТ'!F73 -> ДЭС п.Красное | G70: ='[1]2021 УГРЦТ'!AC73 -> 180 | H70: ='[1]2021 УГРЦТ'!X73 -> 65865.24 | I70: ='[1]2021 УГРЦТ'!Y73 -> 25980.296 | J70: ='[1]2021 УГРЦТ'!Z73 -> 39884.944 | K70: 1 | L70: 365.92 | N70: =L70*12 -> 4391.04 | O70: =J70-$L70 -> 39519.024 | P70: =O70-$L70 -> 39153.104 | Q70: =P70-$L70 -> 38787.184 | R70: =Q70-$L70 -> 38421.264 | S70: =R70-$L70 -> 38055.344 | T70: =S70-$L70 -> 37689.424 | U70: =T70-$L70 -> 37323.504 | V70: =U70-$L70 -> 36957.584 | W70: =V70-$L70 -> 36591.664 | ... Z70: =Y70-$L70 -> 35493.904 | AA70: =SUM(O70:Z70,J70)/13*$AA$1 -> 829.16733 | AC70: =L70*12 -> 4391.04 | AD70: =Z70-$L70 -> 35127.984 | AE70: =AD70-$L70 -> 34762.064 | AF70: =AE70-$L70 -> 34396.144 | AG70: =AF70-$L70 -> 34030.224 | AH70: =AG70-$L70 -> 33664.304 | AI70: =AH70-$L70 -> 33298.384 | AJ70: =AI70-$L70 -> 32932.464 | AK70: =AJ70-$L70 -> 32566.544 | AL70: =AK70-$L70 -> 32200.624 | ... AO70: =AN70-$L70 -> 31102.864 | AP70: =IF(K70<1,0,SUM(AD70:AO70,Z70)/13*$BG$1) -> 732.56445 | AQ70: 365.92 | AR70: =AN70-AO70 -> 365.92 | AS70: =AR70-AQ70 -> -1.762146e-12 | AT70: =L70*12 -> 4391.04 | AU70: =AO70-$L70 -> 30736.944 | AV70: =AU70-$L70 -> 30371.024 | AW70: =AV70-$L70 -> 30005.104 | AX70: =AW70-$L70 -> 29639.184 | AY70: =AX70-$L70 -> 29273.264 | AZ70: =AY70-$L70 -> 28907.344 | BA70: =AZ70-$L70 -> 28541.424 | BB70: =BA70-$L70 -> 28175.504 | BC70: =BB70-$L70 -> 27809.584 | ... BF70: =BE70-$L70 -> 26711.824 | BG70: =IF(K70<1,0,SUM(AU70:BF70,AO70)/13*$BG$1) -> 635.96157 | BH70: 365.92 | BI70: =BH70*12 -> 4391.04 | BJ70: =BF70-BH70 -> 26345.904 | BK70: =BJ70-$L70 -> 25979.984 | BL70: =BK70-$L70 -> 25614.064 | BM70: =BL70-$L70 -> 25248.144 | BN70: =BM70-$L70 -> 24882.224 | BO70: =BN70-$L70 -> 24516.304 | BP70: =BO70-$L70 -> 24150.384 | BQ70: =BP70-$L70 -> 23784.464 | BR70: =BQ70-$L70 -> 23418.544 | ... BU70: =BT70-$L70 -> 22320.784 | BV70: =IF(Z70<1,0,SUM(BJ70:BU70,BF70)/13*$BG$1) -> 539.35869 | BW70: 365.92 | BX70: =BW70*12 -> 4391.04 | BY70: =BU70-BW70 -> 21954.864 | BZ70: =BY70-$L70 -> 21588.944 | CA70: =BZ70-$L70 -> 21223.024 | CB70: =CA70-$L70 -> 20857.104 | CC70: =CB70-$L70 -> 20491.184 | CD70: =CC70-$L70 -> 20125.264 | CE70: =CD70-$L70 -> 19759.344 | CF70: =CE70-$L70 -> 19393.424 | CG70: =CF70-$L70 -> 19027.504 | ... CJ70: =CI70-$L70 -> 17929.744 | CK70: =IF(AO70<1,0,SUM(BY70:CJ70,BU70)/13*$BG$1) -> 442.75581 | CL70: 365.92 | CM70: =CL70*12 -> 4391.04 | CN70: =CJ70-CL70 -> 17563.824 | CO70: =CN70-$L70 -> 17197.904 | CP70: =CO70-$L70 -> 16831.984 | CQ70: =CP70-$L70 -> 16466.064 | CR70: =CQ70-$L70 -> 16100.144 | CS70: =CR70-$L70 -> 15734.224 | CT70: =CS70-$L70 -> 15368.304 | CU70: =CT70-$L70 -> 15002.384 | CV70: =CU70-$L70 -> 14636.464 | ... CY70: =CX70-$L70 -> 13538.704 | CZ70: =IF(BF70<1,0,SUM(CN70:CY70,CJ70)/13*$BG$1) -> 346.15293
A71: ='[1]2021 УГРЦТ'!A74 -> Наружные сети электроснабжения 6 кВт, адрес: Ненецкий АО, Заполярный р-н, Красное п, Мира ул | B71: ='[1]2021 УГРЦТ'!B74 -> 000001722 | C71: ='[1]2021 УГРЦТ'!C74 -> ПРОИЗВОДСТВО | D71: ='[1]2021 УГРЦТ'!D74 -> Сооружения | E71: ='[1]2021 УГРЦТ'!E74 -> 03.05.2018 | F71: ='[1]2021 УГРЦТ'!F74 -> ДЭС п.Красное | G71: ='[1]2021 УГРЦТ'!AC74 -> 360 | H71: ='[1]2021 УГРЦТ'!X74 -> 2193414 | I71: ='[1]2021 УГРЦТ'!Y74 -> 261991.22 | J71: ='[1]2021 УГРЦТ'!Z74 -> 1931422.8 | K71: 1 | L71: 6092.82 | N71: =L71*12 -> 73113.84 | O71: =J71-$L71 -> 1925330 | P71: =O71-$L71 -> 1919237.1 | Q71: =P71-$L71 -> 1913144.3 | R71: =Q71-$L71 -> 1907051.5 | S71: =R71-$L71 -> 1900958.7 | T71: =S71-$L71 -> 1894865.9 | U71: =T71-$L71 -> 1888773 | V71: =U71-$L71 -> 1882680.2 | W71: =V71-$L71 -> 1876587.4 | ... Z71: =Y71-$L71 -> 1858308.9 | AA71: =SUM(O71:Z71,J71)/13*$AA$1 -> 41687.049 | AC71: =L71*12 -> 73113.84 | AD71: =Z71-$L71 -> 1852216.1 | AE71: =AD71-$L71 -> 1846123.3 | AF71: =AE71-$L71 -> 1840030.5 | AG71: =AF71-$L71 -> 1833937.7 | AH71: =AG71-$L71 -> 1827844.8 | AI71: =AH71-$L71 -> 1821752 | AJ71: =AI71-$L71 -> 1815659.2 | AK71: =AJ71-$L71 -> 1809566.4 | AL71: =AK71-$L71 -> 1803473.6 | ... AO71: =AN71-$L71 -> 1785195.1 | AP71: =IF(K71<1,0,SUM(AD71:AO71,Z71)/13*$BG$1) -> 40078.544 | AQ71: 6092.82 | AR71: =AN71-AO71 -> 6092.82 | AS71: =AR71-AQ71 -> 6.5483619e-11 | AT71: =L71*12 -> 73113.84 | AU71: =AO71-$L71 -> 1779102.3 | AV71: =AU71-$L71 -> 1773009.5 | AW71: =AV71-$L71 -> 1766916.6 | AX71: =AW71-$L71 -> 1760823.8 | AY71: =AX71-$L71 -> 1754731 | AZ71: =AY71-$L71 -> 1748638.2 | BA71: =AZ71-$L71 -> 1742545.4 | BB71: =BA71-$L71 -> 1736452.5 | BC71: =BB71-$L71 -> 1730359.7 | ... BF71: =BE71-$L71 -> 1712081.3 | BG71: =IF(K71<1,0,SUM(AU71:BF71,AO71)/13*$BG$1) -> 38470.04 | BH71: 6092.82 | BI71: =BH71*12 -> 73113.84 | BJ71: =BF71-BH71 -> 1705988.4 | BK71: =BJ71-$L71 -> 1699895.6 | BL71: =BK71-$L71 -> 1693802.8 | BM71: =BL71-$L71 -> 1687710 | BN71: =BM71-$L71 -> 1681617.2 | BO71: =BN71-$L71 -> 1675524.3 | BP71: =BO71-$L71 -> 1669431.5 | BQ71: =BP71-$L71 -> 1663338.7 | BR71: =BQ71-$L71 -> 1657245.9 | ... BU71: =BT71-$L71 -> 1638967.4 | BV71: =IF(Z71<1,0,SUM(BJ71:BU71,BF71)/13*$BG$1) -> 36861.535 | BW71: 6092.82 | BX71: =BW71*12 -> 73113.84 | BY71: =BU71-BW71 -> 1632874.6 | BZ71: =BY71-$L71 -> 1626781.8 | CA71: =BZ71-$L71 -> 1620689 | CB71: =CA71-$L71 -> 1614596.1 | CC71: =CB71-$L71 -> 1608503.3 | CD71: =CC71-$L71 -> 1602410.5 | CE71: =CD71-$L71 -> 1596317.7 | CF71: =CE71-$L71 -> 1590224.9 | CG71: =CF71-$L71 -> 1584132 | ... CJ71: =CI71-$L71 -> 1565853.6 | CK71: =IF(AO71<1,0,SUM(BY71:CJ71,BU71)/13*$BG$1) -> 35253.031 | CL71: 6092.82 | CM71: =CL71*12 -> 73113.84 | CN71: =CJ71-CL71 -> 1559760.8 | CO71: =CN71-$L71 -> 1553667.9 | CP71: =CO71-$L71 -> 1547575.1 | CQ71: =CP71-$L71 -> 1541482.3 | CR71: =CQ71-$L71 -> 1535389.5 | CS71: =CR71-$L71 -> 1529296.7 | CT71: =CS71-$L71 -> 1523203.8 | CU71: =CT71-$L71 -> 1517111 | CV71: =CU71-$L71 -> 1511018.2 | ... CY71: =CX71-$L71 -> 1492739.7 | CZ71: =IF(BF71<1,0,SUM(CN71:CY71,CJ71)/13*$BG$1) -> 33644.527
A72: ='[1]2021 УГРЦТ'!A75 -> Насос агрегатный 1994г. | B72: ='[1]2021 УГРЦТ'!B75 -> 00000589 | C72: ='[1]2021 УГРЦТ'!C75 -> ПРОИЗВОДСТВО | D72: ='[1]2021 УГРЦТ'!D75 -> Машины и оборудование (кроме офисного) | E72: ='[1]2021 УГРЦТ'!E75 -> 01.07.1994 | F72: ='[1]2021 УГРЦТ'!F75 -> Тепломеханический цех | G72: ='[1]2021 УГРЦТ'!AC75 -> 324 | H72: ='[1]2021 УГРЦТ'!X75 -> 5528 | I72: ='[1]2021 УГРЦТ'!Y75 -> 5527.999 | J72: ='[1]2021 УГРЦТ'!Z75 -> 0.00098765432 | K72: 0 | L72: 0 | N72: =L72*12 -> 0 | O72: =J72-$L72 -> 0.00098765432 | P72: =O72-$L72 -> 0.00098765432 | Q72: =P72-$L72 -> 0.00098765432 | R72: =Q72-$L72 -> 0.00098765432 | S72: =R72-$L72 -> 0.00098765432 | T72: =S72-$L72 -> 0.00098765432 | U72: =T72-$L72 -> 0.00098765432 | V72: =U72-$L72 -> 0.00098765432 | W72: =V72-$L72 -> 0.00098765432 | ... Z72: =Y72-$L72 -> 0.00098765432 | AQ72: 0 | AR72: =AN72-AO72 -> 0 | AS72: =AR72-AQ72 -> 0 | BG72: =IF(K72<1,0,SUM(AU72:BF72,AO72)/13*$BG$1) -> 0 | BH72: 0 | BV72: =IF(Z72<1,0,SUM(BJ72:BU72,BF72)/13*$BG$1) -> 0 | BW72: 0 | CK72: =IF(AO72<1,0,SUM(BY72:CJ72,BU72)/13*$BG$1) -> 0 | CL72: 0 | CZ72: =IF(BF72<1,0,SUM(CN72:CY72,CJ72)/13*$BG$1) -> 0
A73: ='[1]2021 УГРЦТ'!A76 -> Насосная дизельного топлива | B73: ='[1]2021 УГРЦТ'!B76 -> 000001833 | C73: ='[1]2021 УГРЦТ'!C76 -> ПРОИЗВОДСТВО | D73: ='[1]2021 УГРЦТ'!D76 -> Сооружения | E73: ='[1]2021 УГРЦТ'!E76 -> 30.12.2020 | F73: ='[1]2021 УГРЦТ'!F76 -> ДЭС п.Красное | G73: ='[1]2021 УГРЦТ'!AC76 -> 180 | H73: ='[1]2021 УГРЦТ'!X76 -> 1044745 | I73: ='[1]2021 УГРЦТ'!Y76 -> 69649.669 | J73: ='[1]2021 УГРЦТ'!Z76 -> 975095.36 | K73: 1 | L73: 5804.14 | N73: =L73*12 -> 69649.68 | O73: =J73-$L73 -> 969291.22 | P73: =O73-$L73 -> 963487.08 | Q73: =P73-$L73 -> 957682.94 | R73: =Q73-$L73 -> 951878.8 | S73: =R73-$L73 -> 946074.66 | T73: =S73-$L73 -> 940270.52 | U73: =T73-$L73 -> 934466.38 | V73: =U73-$L73 -> 928662.24 | W73: =V73-$L73 -> 922858.1 | ... Z73: =Y73-$L73 -> 905445.68 | AA73: =SUM(O73:Z73,J73)/13*$AA$1 -> 20685.951 | AC73: =L73*12 -> 69649.68 | AD73: =Z73-$L73 -> 899641.54 | AE73: =AD73-$L73 -> 893837.4 | AF73: =AE73-$L73 -> 888033.26 | AG73: =AF73-$L73 -> 882229.12 | AH73: =AG73-$L73 -> 876424.98 | AI73: =AH73-$L73 -> 870620.84 | AJ73: =AI73-$L73 -> 864816.7 | AK73: =AJ73-$L73 -> 859012.56 | AL73: =AK73-$L73 -> 853208.42 | ... AO73: =AN73-$L73 -> 835796 | AP73: =IF(K73<1,0,SUM(AD73:AO73,Z73)/13*$BG$1) -> 19153.659 | AQ73: 5804.14 | AR73: =AN73-AO73 -> 5804.14 | AS73: =AR73-AQ73 -> 1.3642421e-11 | AT73: =L73*12 -> 69649.68 | AU73: =AO73-$L73 -> 829991.86 | AV73: =AU73-$L73 -> 824187.72 | AW73: =AV73-$L73 -> 818383.58 | AX73: =AW73-$L73 -> 812579.44 | AY73: =AX73-$L73 -> 806775.3 | AZ73: =AY73-$L73 -> 800971.16 | BA73: =AZ73-$L73 -> 795167.02 | BB73: =BA73-$L73 -> 789362.88 | BC73: =BB73-$L73 -> 783558.74 | ... BF73: =BE73-$L73 -> 766146.32 | BG73: =IF(K73<1,0,SUM(AU73:BF73,AO73)/13*$BG$1) -> 17621.366 | BH73: 5804.14 | BI73: =BH73*12 -> 69649.68 | BJ73: =BF73-BH73 -> 760342.18 | BK73: =BJ73-$L73 -> 754538.04 | BL73: =BK73-$L73 -> 748733.9 | BM73: =BL73-$L73 -> 742929.76 | BN73: =BM73-$L73 -> 737125.62 | BO73: =BN73-$L73 -> 731321.48 | BP73: =BO73-$L73 -> 725517.34 | BQ73: =BP73-$L73 -> 719713.2 | BR73: =BQ73-$L73 -> 713909.06 | ... BU73: =BT73-$L73 -> 696496.64 | BV73: =IF(Z73<1,0,SUM(BJ73:BU73,BF73)/13*$BG$1) -> 16089.073 | BW73: 5804.14 | BX73: =BW73*12 -> 69649.68 | BY73: =BU73-BW73 -> 690692.5 | BZ73: =BY73-$L73 -> 684888.36 | CA73: =BZ73-$L73 -> 679084.22 | CB73: =CA73-$L73 -> 673280.08 | CC73: =CB73-$L73 -> 667475.94 | CD73: =CC73-$L73 -> 661671.8 | CE73: =CD73-$L73 -> 655867.66 | CF73: =CE73-$L73 -> 650063.52 | CG73: =CF73-$L73 -> 644259.38 | ... CJ73: =CI73-$L73 -> 626846.96 | CK73: =IF(AO73<1,0,SUM(BY73:CJ73,BU73)/13*$BG$1) -> 14556.78 | CL73: 5804.14 | CM73: =CL73*12 -> 69649.68 | CN73: =CJ73-CL73 -> 621042.82 | CO73: =CN73-$L73 -> 615238.68 | CP73: =CO73-$L73 -> 609434.54 | CQ73: =CP73-$L73 -> 603630.4 | CR73: =CQ73-$L73 -> 597826.26 | CS73: =CR73-$L73 -> 592022.12 | CT73: =CS73-$L73 -> 586217.98 | CU73: =CT73-$L73 -> 580413.84 | CV73: =CU73-$L73 -> 574609.7 | ... CY73: =CX73-$L73 -> 557197.28 | CZ73: =IF(BF73<1,0,SUM(CN73:CY73,CJ73)/13*$BG$1) -> 13024.487
A74: ='[1]2021 УГРЦТ'!A77 -> Насосный агрегат НМШ 5-25-4,0/25Б-1У3 с дв.5,5/1500 №7р198 | B74: ='[1]2021 УГРЦТ'!B77 -> 000001639 | C74: ='[1]2021 УГРЦТ'!C77 -> ПРОИЗВОДСТВО | D74: ='[1]2021 УГРЦТ'!D77 -> Машины и оборудование (кроме офисного) | E74: ='[1]2021 УГРЦТ'!E77 -> 22.09.2014 | F74: ='[1]2021 УГРЦТ'!F77 -> Газотурбинный цех | G74: ='[1]2021 УГРЦТ'!AC77 -> 84 | H74: ='[1]2021 УГРЦТ'!X77 -> 57245.76 | I74: ='[1]2021 УГРЦТ'!Y77 -> 57245.76 | J74: ='[1]2021 УГРЦТ'!Z77 -> 0 | K74: 0 | L74: 0 | N74: =L74*12 -> 0 | O74: =J74-$L74 -> 0 | P74: =O74-$L74 -> 0 | Q74: =P74-$L74 -> 0 | R74: =Q74-$L74 -> 0 | S74: =R74-$L74 -> 0 | T74: =S74-$L74 -> 0 | U74: =T74-$L74 -> 0 | V74: =U74-$L74 -> 0 | W74: =V74-$L74 -> 0 | ... Z74: =Y74-$L74 -> 0 | AQ74: 0 | AR74: =AN74-AO74 -> 0 | AS74: =AR74-AQ74 -> 0 | BG74: =IF(K74<1,0,SUM(AU74:BF74,AO74)/13*$BG$1) -> 0 | BH74: 0 | BV74: =IF(Z74<1,0,SUM(BJ74:BU74,BF74)/13*$BG$1) -> 0 | BW74: 0 | CK74: =IF(AO74<1,0,SUM(BY74:CJ74,BU74)/13*$BG$1) -> 0 | CL74: 0 | CZ74: =IF(BF74<1,0,SUM(CN74:CY74,CJ74)/13*$BG$1) -> 0
A75: ='[1]2021 УГРЦТ'!A78 -> Новый технологический трубопровод для перекачки дизельного топлива | B75: ='[1]2021 УГРЦТ'!B78 -> 000001666 | C75: ='[1]2021 УГРЦТ'!C78 -> ПРОИЗВОДСТВО | D75: ='[1]2021 УГРЦТ'!D78 -> Сооружения | E75: ='[1]2021 УГРЦТ'!E78 -> 31.12.2015 | F75: ='[1]2021 УГРЦТ'!F78 -> Тепломеханический цех | G75: ='[1]2021 УГРЦТ'!AC78 -> 180 | H75: ='[1]2021 УГРЦТ'!X78 -> 3443108.3 | I75: ='[1]2021 УГРЦТ'!Y78 -> 1377243.4 | J75: ='[1]2021 УГРЦТ'!Z78 -> 2065864.9 | K75: 1 | L75: 19128.38 | N75: =L75*12 -> 229540.56 | O75: =J75-$L75 -> 2046736.6 | P75: =O75-$L75 -> 2027608.2 | Q75: =P75-$L75 -> 2008479.8 | R75: =Q75-$L75 -> 1989351.4 | S75: =R75-$L75 -> 1970223 | T75: =S75-$L75 -> 1951094.7 | U75: =T75-$L75 -> 1931966.3 | V75: =U75-$L75 -> 1912837.9 | W75: =V75-$L75 -> 1893709.5 | ... Z75: =Y75-$L75 -> 1836324.4 | AA75: =SUM(O75:Z75,J75)/13*$AA$1 -> 42924.082 | AC75: =L75*12 -> 229540.56 | AD75: =Z75-$L75 -> 1817196 | AE75: =AD75-$L75 -> 1798067.6 | AF75: =AE75-$L75 -> 1778939.2 | AG75: =AF75-$L75 -> 1759810.9 | AH75: =AG75-$L75 -> 1740682.5 | AI75: =AH75-$L75 -> 1721554.1 | AJ75: =AI75-$L75 -> 1702425.7 | AK75: =AJ75-$L75 -> 1683297.3 | AL75: =AK75-$L75 -> 1664169 | ... AO75: =AN75-$L75 -> 1606783.8 | AP75: =IF(K75<1,0,SUM(AD75:AO75,Z75)/13*$BG$1) -> 37874.19 | AQ75: 19128.38 | AR75: =AN75-AO75 -> 19128.38 | AS75: =AR75-AQ75 -> -1.1277734e-10 | AT75: =L75*12 -> 229540.56 | AU75: =AO75-$L75 -> 1587655.4 | AV75: =AU75-$L75 -> 1568527.1 | AW75: =AV75-$L75 -> 1549398.7 | AX75: =AW75-$L75 -> 1530270.3 | AY75: =AX75-$L75 -> 1511141.9 | AZ75: =AY75-$L75 -> 1492013.5 | BA75: =AZ75-$L75 -> 1472885.2 | BB75: =BA75-$L75 -> 1453756.8 | BC75: =BB75-$L75 -> 1434628.4 | ... BF75: =BE75-$L75 -> 1377243.3 | BG75: =IF(K75<1,0,SUM(AU75:BF75,AO75)/13*$BG$1) -> 32824.298 | BH75: 19128.38 | BI75: =BH75*12 -> 229540.56 | BJ75: =BF75-BH75 -> 1358114.9 | BK75: =BJ75-$L75 -> 1338986.5 | BL75: =BK75-$L75 -> 1319858.1 | BM75: =BL75-$L75 -> 1300729.7 | BN75: =BM75-$L75 -> 1281601.4 | BO75: =BN75-$L75 -> 1262473 | BP75: =BO75-$L75 -> 1243344.6 | BQ75: =BP75-$L75 -> 1224216.2 | BR75: =BQ75-$L75 -> 1205087.8 | ... BU75: =BT75-$L75 -> 1147702.7 | BV75: =IF(Z75<1,0,SUM(BJ75:BU75,BF75)/13*$BG$1) -> 27774.406 | BW75: 19128.38 | BX75: =BW75*12 -> 229540.56 | BY75: =BU75-BW75 -> 1128574.3 | BZ75: =BY75-$L75 -> 1109445.9 | CA75: =BZ75-$L75 -> 1090317.6 | CB75: =CA75-$L75 -> 1071189.2 | CC75: =CB75-$L75 -> 1052060.8 | CD75: =CC75-$L75 -> 1032932.4 | CE75: =CD75-$L75 -> 1013804 | CF75: =CE75-$L75 -> 994675.66 | CG75: =CF75-$L75 -> 975547.28 | ... CJ75: =CI75-$L75 -> 918162.14 | CK75: =IF(AO75<1,0,SUM(BY75:CJ75,BU75)/13*$BG$1) -> 22724.513 | CL75: 19128.38 | CM75: =CL75*12 -> 229540.56 | CN75: =CJ75-CL75 -> 899033.76 | CO75: =CN75-$L75 -> 879905.38 | CP75: =CO75-$L75 -> 860777 | CQ75: =CP75-$L75 -> 841648.62 | CR75: =CQ75-$L75 -> 822520.24 | CS75: =CR75-$L75 -> 803391.86 | CT75: =CS75-$L75 -> 784263.48 | CU75: =CT75-$L75 -> 765135.1 | CV75: =CU75-$L75 -> 746006.72 | ... CY75: =CX75-$L75 -> 688621.58 | CZ75: =IF(BF75<1,0,SUM(CN75:CY75,CJ75)/13*$BG$1) -> 17674.621
A76: ='[1]2021 УГРЦТ'!A79 -> Пристройка к маслосепараторной 1997г | B76: ='[1]2021 УГРЦТ'!B79 -> 00000091 | C76: ='[1]2021 УГРЦТ'!C79 -> ПРОИЗВОДСТВО | D76: ='[1]2021 УГРЦТ'!D79 -> Здания | E76: ='[1]2021 УГРЦТ'!E79 -> 01.07.1997 | F76: ='[1]2021 УГРЦТ'!F79 -> Электрический цех | G76: ='[1]2021 УГРЦТ'!AC79 -> 480 | H76: ='[1]2021 УГРЦТ'!X79 -> 126170 | I76: ='[1]2021 УГРЦТ'!Y79 -> 75704.62 | J76: ='[1]2021 УГРЦТ'!Z79 -> 50465.38 | K76: 1 | L76: 262.86 | N76: =L76*12 -> 3154.32 | O76: =J76-$L76 -> 50202.52 | P76: =O76-$L76 -> 49939.66 | Q76: =P76-$L76 -> 49676.8 | R76: =Q76-$L76 -> 49413.94 | S76: =R76-$L76 -> 49151.08 | T76: =S76-$L76 -> 48888.22 | U76: =T76-$L76 -> 48625.36 | V76: =U76-$L76 -> 48362.5 | W76: =V76-$L76 -> 48099.64 | ... Z76: =Y76-$L76 -> 47311.06 | AA76: =SUM(O76:Z76,J76)/13*$AA$1 -> 1075.5408 | AC76: =L76*12 -> 3154.32 | AD76: =Z76-$L76 -> 47048.2 | AE76: =AD76-$L76 -> 46785.34 | AF76: =AE76-$L76 -> 46522.48 | AG76: =AF76-$L76 -> 46259.62 | AH76: =AG76-$L76 -> 45996.76 | AI76: =AH76-$L76 -> 45733.9 | AJ76: =AI76-$L76 -> 45471.04 | AK76: =AJ76-$L76 -> 45208.18 | AL76: =AK76-$L76 -> 44945.32 | ... AO76: =AN76-$L76 -> 44156.74 | AP76: =IF(K76<1,0,SUM(AD76:AO76,Z76)/13*$BG$1) -> 1006.1458 | AQ76: 262.86 | AR76: =AN76-AO76 -> 262.86 | AS76: =AR76-AQ76 -> 5.6843419e-13 | AT76: =L76*12 -> 3154.32 | AU76: =AO76-$L76 -> 43893.88 | AV76: =AU76-$L76 -> 43631.02 | AW76: =AV76-$L76 -> 43368.16 | AX76: =AW76-$L76 -> 43105.3 | AY76: =AX76-$L76 -> 42842.44 | AZ76: =AY76-$L76 -> 42579.58 | BA76: =AZ76-$L76 -> 42316.72 | BB76: =BA76-$L76 -> 42053.86 | BC76: =BB76-$L76 -> 41791 | ... BF76: =BE76-$L76 -> 41002.42 | BG76: =IF(K76<1,0,SUM(AU76:BF76,AO76)/13*$BG$1) -> 936.75076 | BH76: 262.86 | BI76: =BH76*12 -> 3154.32 | BJ76: =BF76-BH76 -> 40739.56 | BK76: =BJ76-$L76 -> 40476.7 | BL76: =BK76-$L76 -> 40213.84 | BM76: =BL76-$L76 -> 39950.98 | BN76: =BM76-$L76 -> 39688.12 | BO76: =BN76-$L76 -> 39425.26 | BP76: =BO76-$L76 -> 39162.4 | BQ76: =BP76-$L76 -> 38899.54 | BR76: =BQ76-$L76 -> 38636.68 | ... BU76: =BT76-$L76 -> 37848.1 | BV76: =IF(Z76<1,0,SUM(BJ76:BU76,BF76)/13*$BG$1) -> 867.35572 | BW76: 262.86 | BX76: =BW76*12 -> 3154.32 | BY76: =BU76-BW76 -> 37585.24 | BZ76: =BY76-$L76 -> 37322.38 | CA76: =BZ76-$L76 -> 37059.52 | CB76: =CA76-$L76 -> 36796.66 | CC76: =CB76-$L76 -> 36533.8 | CD76: =CC76-$L76 -> 36270.94 | CE76: =CD76-$L76 -> 36008.08 | CF76: =CE76-$L76 -> 35745.22 | CG76: =CF76-$L76 -> 35482.36 | ... CJ76: =CI76-$L76 -> 34693.78 | CK76: =IF(AO76<1,0,SUM(BY76:CJ76,BU76)/13*$BG$1) -> 797.96068 | CL76: 262.86 | CM76: =CL76*12 -> 3154.32 | CN76: =CJ76-CL76 -> 34430.92 | CO76: =CN76-$L76 -> 34168.06 | CP76: =CO76-$L76 -> 33905.2 | CQ76: =CP76-$L76 -> 33642.34 | CR76: =CQ76-$L76 -> 33379.48 | CS76: =CR76-$L76 -> 33116.62 | CT76: =CS76-$L76 -> 32853.76 | CU76: =CT76-$L76 -> 32590.9 | CV76: =CU76-$L76 -> 32328.04 | ... CY76: =CX76-$L76 -> 31539.46 | CZ76: =IF(BF76<1,0,SUM(CN76:CY76,CJ76)/13*$BG$1) -> 728.56564
A77: ='[1]2021 УГРЦТ'!A80 -> Пристройка к РУ-6кВТ | B77: ='[1]2021 УГРЦТ'!B80 -> 00001051 | C77: ='[1]2021 УГРЦТ'!C80 -> ПРОИЗВОДСТВО | D77: ='[1]2021 УГРЦТ'!D80 -> Здания | E77: ='[1]2021 УГРЦТ'!E80 -> 30.09.2007 | F77: ='[1]2021 УГРЦТ'!F80 -> Электрический цех | G77: ='[1]2021 УГРЦТ'!AC80 -> 300 | H77: ='[1]2021 УГРЦТ'!X80 -> 590228.09 | I77: ='[1]2021 УГРЦТ'!Y80 -> 336430.49 | J77: ='[1]2021 УГРЦТ'!Z80 -> 253797.6 | K77: 1 | L77: 1967.42 | N77: =L77*12 -> 23609.04 | O77: =J77-$L77 -> 251830.18 | P77: =O77-$L77 -> 249862.76 | Q77: =P77-$L77 -> 247895.34 | R77: =Q77-$L77 -> 245927.92 | S77: =R77-$L77 -> 243960.5 | T77: =S77-$L77 -> 241993.08 | U77: =T77-$L77 -> 240025.66 | V77: =U77-$L77 -> 238058.24 | W77: =V77-$L77 -> 236090.82 | ... Z77: =Y77-$L77 -> 230188.56 | AA77: =SUM(O77:Z77,J77)/13*$AA$1 -> 5323.8477 | AC77: =L77*12 -> 23609.04 | AD77: =Z77-$L77 -> 228221.14 | AE77: =AD77-$L77 -> 226253.72 | AF77: =AE77-$L77 -> 224286.3 | AG77: =AF77-$L77 -> 222318.88 | AH77: =AG77-$L77 -> 220351.46 | AI77: =AH77-$L77 -> 218384.04 | AJ77: =AI77-$L77 -> 216416.62 | AK77: =AJ77-$L77 -> 214449.2 | AL77: =AK77-$L77 -> 212481.78 | ... AO77: =AN77-$L77 -> 206579.52 | AP77: =IF(K77<1,0,SUM(AD77:AO77,Z77)/13*$BG$1) -> 4804.4488 | AQ77: 1967.42 | AR77: =AN77-AO77 -> 1967.42 | AS77: =AR77-AQ77 -> 1.2732926e-11 | AT77: =L77*12 -> 23609.04 | AU77: =AO77-$L77 -> 204612.1 | AV77: =AU77-$L77 -> 202644.68 | AW77: =AV77-$L77 -> 200677.26 | AX77: =AW77-$L77 -> 198709.84 | AY77: =AX77-$L77 -> 196742.42 | AZ77: =AY77-$L77 -> 194775 | BA77: =AZ77-$L77 -> 192807.58 | BB77: =BA77-$L77 -> 190840.16 | BC77: =BB77-$L77 -> 188872.74 | ... BF77: =BE77-$L77 -> 182970.48 | BG77: =IF(K77<1,0,SUM(AU77:BF77,AO77)/13*$BG$1) -> 4285.0499 | BH77: 1967.42 | BI77: =BH77*12 -> 23609.04 | BJ77: =BF77-BH77 -> 181003.06 | BK77: =BJ77-$L77 -> 179035.64 | BL77: =BK77-$L77 -> 177068.22 | BM77: =BL77-$L77 -> 175100.8 | BN77: =BM77-$L77 -> 173133.38 | BO77: =BN77-$L77 -> 171165.96 | BP77: =BO77-$L77 -> 169198.54 | BQ77: =BP77-$L77 -> 167231.12 | BR77: =BQ77-$L77 -> 165263.7 | ... BU77: =BT77-$L77 -> 159361.44 | BV77: =IF(Z77<1,0,SUM(BJ77:BU77,BF77)/13*$BG$1) -> 3765.651 | BW77: 1967.42 | BX77: =BW77*12 -> 23609.04 | BY77: =BU77-BW77 -> 157394.02 | BZ77: =BY77-$L77 -> 155426.6 | CA77: =BZ77-$L77 -> 153459.18 | CB77: =CA77-$L77 -> 151491.76 | CC77: =CB77-$L77 -> 149524.34 | CD77: =CC77-$L77 -> 147556.92 | CE77: =CD77-$L77 -> 145589.5 | CF77: =CE77-$L77 -> 143622.08 | CG77: =CF77-$L77 -> 141654.66 | ... CJ77: =CI77-$L77 -> 135752.4 | CK77: =IF(AO77<1,0,SUM(BY77:CJ77,BU77)/13*$BG$1) -> 3246.2522 | CL77: 1967.42 | CM77: =CL77*12 -> 23609.04 | CN77: =CJ77-CL77 -> 133784.98 | CO77: =CN77-$L77 -> 131817.56 | CP77: =CO77-$L77 -> 129850.14 | CQ77: =CP77-$L77 -> 127882.72 | CR77: =CQ77-$L77 -> 125915.3 | CS77: =CR77-$L77 -> 123947.88 | CT77: =CS77-$L77 -> 121980.46 | CU77: =CT77-$L77 -> 120013.04 | CV77: =CU77-$L77 -> 118045.62 | ... CY77: =CX77-$L77 -> 112143.36 | CZ77: =IF(BF77<1,0,SUM(CN77:CY77,CJ77)/13*$BG$1) -> 2726.8533
A78: ='[1]2021 УГРЦТ'!A81 -> Пристройка к цеху ГТУ | B78: ='[1]2021 УГРЦТ'!B81 -> 00000376 | C78: ='[1]2021 УГРЦТ'!C81 -> ПРОИЗВОДСТВО | D78: ='[1]2021 УГРЦТ'!D81 -> Здания | E78: ='[1]2021 УГРЦТ'!E81 -> 29.12.2001 | F78: ='[1]2021 УГРЦТ'!F81 -> Газотурбинный цех | G78: ='[1]2021 УГРЦТ'!AC81 -> 240 | H78: ='[1]2021 УГРЦТ'!X81 -> 55891.5 | I78: ='[1]2021 УГРЦТ'!Y81 -> 45877.375 | J78: ='[1]2021 УГРЦТ'!Z81 -> 10014.125 | K78: 1 | L78: 232.88 | N78: =L78*12 -> 2794.56 | O78: =J78-$L78 -> 9781.245 | P78: =O78-$L78 -> 9548.365 | Q78: =P78-$L78 -> 9315.485 | R78: =Q78-$L78 -> 9082.605 | S78: =R78-$L78 -> 8849.725 | T78: =S78-$L78 -> 8616.845 | U78: =T78-$L78 -> 8383.965 | V78: =U78-$L78 -> 8151.085 | W78: =V78-$L78 -> 7918.205 | ... Z78: =Y78-$L78 -> 7219.565 | AA78: =SUM(O78:Z78,J78)/13*$AA$1 -> 189.57059 | AC78: =L78*12 -> 2794.56 | AD78: =Z78-$L78 -> 6986.685 | AE78: =AD78-$L78 -> 6753.805 | AF78: =AE78-$L78 -> 6520.925 | AG78: =AF78-$L78 -> 6288.045 | AH78: =AG78-$L78 -> 6055.165 | AI78: =AH78-$L78 -> 5822.285 | AJ78: =AI78-$L78 -> 5589.405 | AK78: =AJ78-$L78 -> 5356.525 | AL78: =AK78-$L78 -> 5123.645 | ... AO78: =AN78-$L78 -> 4425.005 | AP78: =IF(K78<1,0,SUM(AD78:AO78,Z78)/13*$BG$1) -> 128.09027 | AQ78: 232.88 | AR78: =AN78-AO78 -> 232.88 | AS78: =AR78-AQ78 -> 0 | AT78: =L78*12 -> 2794.56 | AU78: =AO78-$L78 -> 4192.125 | AV78: =AU78-$L78 -> 3959.245 | AW78: =AV78-$L78 -> 3726.365 | AX78: =AW78-$L78 -> 3493.485 | AY78: =AX78-$L78 -> 3260.605 | AZ78: =AY78-$L78 -> 3027.725 | BA78: =AZ78-$L78 -> 2794.845 | BB78: =BA78-$L78 -> 2561.965 | BC78: =BB78-$L78 -> 2329.085 | ... BF78: =BE78-$L78 -> 1630.445 | BG78: =IF(K78<1,0,SUM(AU78:BF78,AO78)/13*$BG$1) -> 66.60995 | BH78: 232.88 | BI78: 1630.45 | BJ78: =BF78-BH78 -> 1397.565 | BK78: =BJ78-$L78 -> 1164.685 | BL78: =BK78-$L78 -> 931.805 | BM78: =BL78-$L78 -> 698.925 | BN78: =BM78-$L78 -> 466.045 | BO78: =BN78-$L78 -> 233.165 | BP78: =BO78-$L78 -> 0.285 | BV78: =IF(Z78<1,0,SUM(BJ78:BU78,BF78)/13*$BG$1) -> 11.038788 | BW78: 232.88 | CK78: =IF(AO78<1,0,SUM(BY78:CJ78,BU78)/13*$BG$1) -> 0 | CL78: 232.88 | CZ78: =IF(BF78<1,0,SUM(CN78:CY78,CJ78)/13*$BG$1) -> 0
A79: ='[1]2021 УГРЦТ'!A82 -> Пункт персонала энергокомплекса | B79: ='[1]2021 УГРЦТ'!B82 -> 000001837 | C79: ='[1]2021 УГРЦТ'!C82 -> ПРОИЗВОДСТВО | D79: ='[1]2021 УГРЦТ'!D82 -> Здания | E79: ='[1]2021 УГРЦТ'!E82 -> 30.12.2020 | F79: ='[1]2021 УГРЦТ'!F82 -> ДЭС п.Красное | G79: ='[1]2021 УГРЦТ'!AC82 -> 240 | H79: ='[1]2021 УГРЦТ'!X82 -> 2322997.4 | I79: ='[1]2021 УГРЦТ'!Y82 -> 116149.87 | J79: ='[1]2021 УГРЦТ'!Z82 -> 2206847.5 | K79: 1 | L79: 9679.16 | N79: =L79*12 -> 116149.92 | O79: =J79-$L79 -> 2197168.3 | P79: =O79-$L79 -> 2187489.2 | Q79: =P79-$L79 -> 2177810 | R79: =Q79-$L79 -> 2168130.9 | S79: =R79-$L79 -> 2158451.7 | T79: =S79-$L79 -> 2148772.5 | U79: =T79-$L79 -> 2139093.4 | V79: =U79-$L79 -> 2129414.2 | W79: =V79-$L79 -> 2119735.1 | ... Z79: =Y79-$L79 -> 2090697.6 | AA79: =SUM(O79:Z79,J79)/13*$AA$1 -> 47272.996 | AC79: =L79*12 -> 116149.92 | AD79: =Z79-$L79 -> 2081018.4 | AE79: =AD79-$L79 -> 2071339.3 | AF79: =AE79-$L79 -> 2061660.1 | AG79: =AF79-$L79 -> 2051980.9 | AH79: =AG79-$L79 -> 2042301.8 | AI79: =AH79-$L79 -> 2032622.6 | AJ79: =AI79-$L79 -> 2022943.5 | AK79: =AJ79-$L79 -> 2013264.3 | AL79: =AK79-$L79 -> 2003585.1 | ... AO79: =AN79-$L79 -> 1974547.7 | AP79: =IF(K79<1,0,SUM(AD79:AO79,Z79)/13*$BG$1) -> 44717.697 | AQ79: 9679.16 | AR79: =AN79-AO79 -> 9679.16 | AS79: =AR79-AQ79 -> -8.5492502e-11 | AT79: =L79*12 -> 116149.92 | AU79: =AO79-$L79 -> 1964868.5 | AV79: =AU79-$L79 -> 1955189.3 | AW79: =AV79-$L79 -> 1945510.2 | AX79: =AW79-$L79 -> 1935831 | AY79: =AX79-$L79 -> 1926151.9 | AZ79: =AY79-$L79 -> 1916472.7 | BA79: =AZ79-$L79 -> 1906793.5 | BB79: =BA79-$L79 -> 1897114.4 | BC79: =BB79-$L79 -> 1887435.2 | ... BF79: =BE79-$L79 -> 1858397.7 | BG79: =IF(K79<1,0,SUM(AU79:BF79,AO79)/13*$BG$1) -> 42162.399 | BH79: 9679.16 | BI79: =BH79*12 -> 116149.92 | BJ79: =BF79-BH79 -> 1848718.6 | BK79: =BJ79-$L79 -> 1839039.4 | BL79: =BK79-$L79 -> 1829360.3 | BM79: =BL79-$L79 -> 1819681.1 | BN79: =BM79-$L79 -> 1810001.9 | BO79: =BN79-$L79 -> 1800322.8 | BP79: =BO79-$L79 -> 1790643.6 | BQ79: =BP79-$L79 -> 1780964.5 | BR79: =BQ79-$L79 -> 1771285.3 | ... BU79: =BT79-$L79 -> 1742247.8 | BV79: =IF(Z79<1,0,SUM(BJ79:BU79,BF79)/13*$BG$1) -> 39607.101 | BW79: 9679.16 | BX79: =BW79*12 -> 116149.92 | BY79: =BU79-BW79 -> 1732568.7 | BZ79: =BY79-$L79 -> 1722889.5 | CA79: =BZ79-$L79 -> 1713210.3 | CB79: =CA79-$L79 -> 1703531.2 | CC79: =CB79-$L79 -> 1693852 | CD79: =CC79-$L79 -> 1684172.9 | CE79: =CD79-$L79 -> 1674493.7 | CF79: =CE79-$L79 -> 1664814.5 | CG79: =CF79-$L79 -> 1655135.4 | ... CJ79: =CI79-$L79 -> 1626097.9 | CK79: =IF(AO79<1,0,SUM(BY79:CJ79,BU79)/13*$BG$1) -> 37051.803 | CL79: 9679.16 | CM79: =CL79*12 -> 116149.92 | CN79: =CJ79-CL79 -> 1616418.7 | CO79: =CN79-$L79 -> 1606739.6 | CP79: =CO79-$L79 -> 1597060.4 | CQ79: =CP79-$L79 -> 1587381.3 | CR79: =CQ79-$L79 -> 1577702.1 | CS79: =CR79-$L79 -> 1568022.9 | CT79: =CS79-$L79 -> 1558343.8 | CU79: =CT79-$L79 -> 1548664.6 | CV79: =CU79-$L79 -> 1538985.5 | ... CY79: =CX79-$L79 -> 1509948 | CZ79: =IF(BF79<1,0,SUM(CN79:CY79,CJ79)/13*$BG$1) -> 34496.505
A80: ='[1]2021 УГРЦТ'!A83 -> Пункт учета газа 1983г. | B80: ='[1]2021 УГРЦТ'!B83 -> 00000075 | C80: ='[1]2021 УГРЦТ'!C83 -> ПРОИЗВОДСТВО | D80: ='[1]2021 УГРЦТ'!D83 -> Здания | E80: ='[1]2021 УГРЦТ'!E83 -> 01.01.1983 | F80: ='[1]2021 УГРЦТ'!F83 -> Газотурбинный цех | G80: ='[1]2021 УГРЦТ'!AC83 -> 708 | H80: ='[1]2021 УГРЦТ'!X83 -> 182797.25 | I80: ='[1]2021 УГРЦТ'!Y83 -> 50163.427 | J80: ='[1]2021 УГРЦТ'!Z83 -> 132633.82 | K80: 1 | L80: 550.35 | N80: =L80*12 -> 6604.2 | O80: =J80-$L80 -> 132083.47 | P80: =O80-$L80 -> 131533.12 | Q80: =P80-$L80 -> 130982.77 | R80: =Q80-$L80 -> 130432.42 | S80: =R80-$L80 -> 129882.07 | T80: =S80-$L80 -> 129331.72 | U80: =T80-$L80 -> 128781.37 | V80: =U80-$L80 -> 128231.02 | W80: =V80-$L80 -> 127680.67 | ... Z80: =Y80-$L80 -> 126029.62 | AA80: =SUM(O80:Z80,J80)/13*$AA$1 -> 2845.2979 | AC80: =L80*12 -> 6604.2 | AD80: =Z80-$L80 -> 125479.27 | AE80: =AD80-$L80 -> 124928.92 | AF80: =AE80-$L80 -> 124378.57 | AG80: =AF80-$L80 -> 123828.22 | AH80: =AG80-$L80 -> 123277.87 | AI80: =AH80-$L80 -> 122727.52 | AJ80: =AI80-$L80 -> 122177.17 | AK80: =AJ80-$L80 -> 121626.82 | AL80: =AK80-$L80 -> 121076.47 | ... AO80: =AN80-$L80 -> 119425.42 | AP80: =IF(K80<1,0,SUM(AD80:AO80,Z80)/13*$BG$1) -> 2700.0055 | AQ80: 550.35 | AR80: =AN80-AO80 -> 550.35 | AS80: =AR80-AQ80 -> 5.7980287e-12 | AT80: =L80*12 -> 6604.2 | AU80: =AO80-$L80 -> 118875.07 | AV80: =AU80-$L80 -> 118324.72 | AW80: =AV80-$L80 -> 117774.37 | AX80: =AW80-$L80 -> 117224.02 | AY80: =AX80-$L80 -> 116673.67 | AZ80: =AY80-$L80 -> 116123.32 | BA80: =AZ80-$L80 -> 115572.97 | BB80: =BA80-$L80 -> 115022.62 | BC80: =BB80-$L80 -> 114472.27 | ... BF80: =BE80-$L80 -> 112821.22 | BG80: =IF(K80<1,0,SUM(AU80:BF80,AO80)/13*$BG$1) -> 2554.7131 | BH80: 550.35 | BI80: =BH80*12 -> 6604.2 | BJ80: =BF80-BH80 -> 112270.87 | BK80: =BJ80-$L80 -> 111720.52 | BL80: =BK80-$L80 -> 111170.17 | BM80: =BL80-$L80 -> 110619.82 | BN80: =BM80-$L80 -> 110069.47 | BO80: =BN80-$L80 -> 109519.12 | BP80: =BO80-$L80 -> 108968.77 | BQ80: =BP80-$L80 -> 108418.42 | BR80: =BQ80-$L80 -> 107868.07 | ... BU80: =BT80-$L80 -> 106217.02 | BV80: =IF(Z80<1,0,SUM(BJ80:BU80,BF80)/13*$BG$1) -> 2409.4207 | BW80: 550.35 | BX80: =BW80*12 -> 6604.2 | BY80: =BU80-BW80 -> 105666.67 | BZ80: =BY80-$L80 -> 105116.32 | CA80: =BZ80-$L80 -> 104565.97 | CB80: =CA80-$L80 -> 104015.62 | CC80: =CB80-$L80 -> 103465.27 | CD80: =CC80-$L80 -> 102914.92 | CE80: =CD80-$L80 -> 102364.57 | CF80: =CE80-$L80 -> 101814.22 | CG80: =CF80-$L80 -> 101263.87 | ... CJ80: =CI80-$L80 -> 99612.823 | CK80: =IF(AO80<1,0,SUM(BY80:CJ80,BU80)/13*$BG$1) -> 2264.1283 | CL80: 550.35 | CM80: =CL80*12 -> 6604.2 | CN80: =CJ80-CL80 -> 99062.473 | CO80: =CN80-$L80 -> 98512.123 | CP80: =CO80-$L80 -> 97961.773 | CQ80: =CP80-$L80 -> 97411.423 | CR80: =CQ80-$L80 -> 96861.073 | CS80: =CR80-$L80 -> 96310.723 | CT80: =CS80-$L80 -> 95760.373 | CU80: =CT80-$L80 -> 95210.023 | CV80: =CU80-$L80 -> 94659.673 | ... CY80: =CX80-$L80 -> 93008.623 | CZ80: =IF(BF80<1,0,SUM(CN80:CY80,CJ80)/13*$BG$1) -> 2118.8359
A81: ='[1]2021 УГРЦТ'!A84 -> Распределительный .шкаф РШ-1 (ДГ №1) | B81: ='[1]2021 УГРЦТ'!B84 -> 000001600 | C81: ='[1]2021 УГРЦТ'!C84 -> ПРОИЗВОДСТВО | D81: ='[1]2021 УГРЦТ'!D84 -> Машины и оборудование (кроме офисного) | E81: ='[1]2021 УГРЦТ'!E84 -> 31.12.2013 | F81: ='[1]2021 УГРЦТ'!F84 -> Электрический цех | G81: ='[1]2021 УГРЦТ'!AC84 -> 180 | H81: ='[1]2021 УГРЦТ'!X84 -> 145652.98 | I81: ='[1]2021 УГРЦТ'!Y84 -> 77681.319 | J81: ='[1]2021 УГРЦТ'!Z84 -> 67971.661 | K81: 0 | L81: 809.19 | N81: =L81*12 -> 9710.28 | O81: =J81-$L81 -> 67162.471 | P81: =O81-$L81 -> 66353.281 | Q81: =P81-$L81 -> 65544.091 | R81: =Q81-$L81 -> 64734.901 | S81: =R81-$L81 -> 63925.711 | T81: =S81-$L81 -> 63116.521 | U81: =T81-$L81 -> 62307.331 | V81: =U81-$L81 -> 61498.141 | W81: =V81-$L81 -> 60688.951 | ... Z81: =Y81-$L81 -> 58261.381 | AC81: =L81*12 -> 9710.28 | AD81: =Z81-$L81 -> 57452.191 | AE81: =AD81-$L81 -> 56643.001 | AF81: =AE81-$L81 -> 55833.811 | AG81: =AF81-$L81 -> 55024.621 | AH81: =AG81-$L81 -> 54215.431 | AI81: =AH81-$L81 -> 53406.241 | AJ81: =AI81-$L81 -> 52597.051 | AK81: =AJ81-$L81 -> 51787.861 | AL81: =AK81-$L81 -> 50978.671 | ... AO81: =AN81-$L81 -> 48551.101 | AQ81: 809.19 | AR81: =AN81-AO81 -> 809.19 | AS81: =AR81-AQ81 -> 2.2737368e-12 | AT81: =L81*12 -> 9710.28 | AU81: =AO81-$L81 -> 47741.911 | AV81: =AU81-$L81 -> 46932.721 | AW81: =AV81-$L81 -> 46123.531 | AX81: =AW81-$L81 -> 45314.341 | AY81: =AX81-$L81 -> 44505.151 | AZ81: =AY81-$L81 -> 43695.961 | BA81: =AZ81-$L81 -> 42886.771 | BB81: =BA81-$L81 -> 42077.581 | BC81: =BB81-$L81 -> 41268.391 | ... BF81: =BE81-$L81 -> 38840.821 | BG81: =IF(K81<1,0,SUM(AU81:BF81,AO81)/13*$BG$1) -> 0 | BH81: 809.19 | BI81: =BH81*12 -> 9710.28 | BJ81: =BF81-BH81 -> 38031.631 | BK81: =BJ81-$L81 -> 37222.441 | BL81: =BK81-$L81 -> 36413.251 | BM81: =BL81-$L81 -> 35604.061 | BN81: =BM81-$L81 -> 34794.871 | BO81: =BN81-$L81 -> 33985.681 | BP81: =BO81-$L81 -> 33176.491 | BQ81: =BP81-$L81 -> 32367.301 | BR81: =BQ81-$L81 -> 31558.111 | ... BU81: =BT81-$L81 -> 29130.541 | BV81: 0 | BW81: 809.19 | BX81: =BW81*12 -> 9710.28 | BY81: =BU81-BW81 -> 28321.351 | BZ81: =BY81-$L81 -> 27512.161 | CA81: =BZ81-$L81 -> 26702.971 | CB81: =CA81-$L81 -> 25893.781 | CC81: =CB81-$L81 -> 25084.591 | CD81: =CC81-$L81 -> 24275.401 | CE81: =CD81-$L81 -> 23466.211 | CF81: =CE81-$L81 -> 22657.021 | CG81: =CF81-$L81 -> 21847.831 | ... CJ81: =CI81-$L81 -> 19420.261 | CK81: 0 | CL81: 809.19 | CM81: =CL81*12 -> 9710.28 | CN81: =CJ81-CL81 -> 18611.071 | CO81: =CN81-$L81 -> 17801.881 | CP81: =CO81-$L81 -> 16992.691 | CQ81: =CP81-$L81 -> 16183.501 | CR81: =CQ81-$L81 -> 15374.311 | CS81: =CR81-$L81 -> 14565.121 | CT81: =CS81-$L81 -> 13755.931 | CU81: =CT81-$L81 -> 12946.741 | CV81: =CU81-$L81 -> 12137.551 | ... CY81: =CX81-$L81 -> 9709.9813 | CZ81: 0
A82: ='[1]2021 УГРЦТ'!A85 -> Распределительный шкаф (Токоприемники ДГ №4) | B82: ='[1]2021 УГРЦТ'!B85 -> 000001605 | C82: ='[1]2021 УГРЦТ'!C85 -> ПРОИЗВОДСТВО | D82: ='[1]2021 УГРЦТ'!D85 -> Машины и оборудование (кроме офисного) | E82: ='[1]2021 УГРЦТ'!E85 -> 31.12.2013 | F82: ='[1]2021 УГРЦТ'!F85 -> Электрический цех | G82: ='[1]2021 УГРЦТ'!AC85 -> 180 | H82: ='[1]2021 УГРЦТ'!X85 -> 145652.98 | I82: ='[1]2021 УГРЦТ'!Y85 -> 77681.319 | J82: ='[1]2021 УГРЦТ'!Z85 -> 67971.661 | K82: 0 | L82: 809.19 | N82: =L82*12 -> 9710.28 | O82: =J82-$L82 -> 67162.471 | P82: =O82-$L82 -> 66353.281 | Q82: =P82-$L82 -> 65544.091 | R82: =Q82-$L82 -> 64734.901 | S82: =R82-$L82 -> 63925.711 | T82: =S82-$L82 -> 63116.521 | U82: =T82-$L82 -> 62307.331 | V82: =U82-$L82 -> 61498.141 | W82: =V82-$L82 -> 60688.951 | ... Z82: =Y82-$L82 -> 58261.381 | AC82: =L82*12 -> 9710.28 | AD82: =Z82-$L82 -> 57452.191 | AE82: =AD82-$L82 -> 56643.001 | AF82: =AE82-$L82 -> 55833.811 | AG82: =AF82-$L82 -> 55024.621 | AH82: =AG82-$L82 -> 54215.431 | AI82: =AH82-$L82 -> 53406.241 | AJ82: =AI82-$L82 -> 52597.051 | AK82: =AJ82-$L82 -> 51787.861 | AL82: =AK82-$L82 -> 50978.671 | ... AO82: =AN82-$L82 -> 48551.101 | AQ82: 809.19 | AR82: =AN82-AO82 -> 809.19 | AS82: =AR82-AQ82 -> 2.2737368e-12 | AT82: =L82*12 -> 9710.28 | AU82: =AO82-$L82 -> 47741.911 | AV82: =AU82-$L82 -> 46932.721 | AW82: =AV82-$L82 -> 46123.531 | AX82: =AW82-$L82 -> 45314.341 | AY82: =AX82-$L82 -> 44505.151 | AZ82: =AY82-$L82 -> 43695.961 | BA82: =AZ82-$L82 -> 42886.771 | BB82: =BA82-$L82 -> 42077.581 | BC82: =BB82-$L82 -> 41268.391 | ... BF82: =BE82-$L82 -> 38840.821 | BG82: =IF(K82<1,0,SUM(AU82:BF82,AO82)/13*$BG$1) -> 0 | BH82: 809.19 | BI82: =BH82*12 -> 9710.28 | BJ82: =BF82-BH82 -> 38031.631 | BK82: =BJ82-$L82 -> 37222.441 | BL82: =BK82-$L82 -> 36413.251 | BM82: =BL82-$L82 -> 35604.061 | BN82: =BM82-$L82 -> 34794.871 | BO82: =BN82-$L82 -> 33985.681 | BP82: =BO82-$L82 -> 33176.491 | BQ82: =BP82-$L82 -> 32367.301 | BR82: =BQ82-$L82 -> 31558.111 | ... BU82: =BT82-$L82 -> 29130.541 | BV82: 0 | BW82: 809.19 | BX82: =BW82*12 -> 9710.28 | BY82: =BU82-BW82 -> 28321.351 | BZ82: =BY82-$L82 -> 27512.161 | CA82: =BZ82-$L82 -> 26702.971 | CB82: =CA82-$L82 -> 25893.781 | CC82: =CB82-$L82 -> 25084.591 | CD82: =CC82-$L82 -> 24275.401 | CE82: =CD82-$L82 -> 23466.211 | CF82: =CE82-$L82 -> 22657.021 | CG82: =CF82-$L82 -> 21847.831 | ... CJ82: =CI82-$L82 -> 19420.261 | CK82: 0 | CL82: 809.19 | CM82: =CL82*12 -> 9710.28 | CN82: =CJ82-CL82 -> 18611.071 | CO82: =CN82-$L82 -> 17801.881 | CP82: =CO82-$L82 -> 16992.691 | CQ82: =CP82-$L82 -> 16183.501 | CR82: =CQ82-$L82 -> 15374.311 | CS82: =CR82-$L82 -> 14565.121 | CT82: =CS82-$L82 -> 13755.931 | CU82: =CT82-$L82 -> 12946.741 | CV82: =CU82-$L82 -> 12137.551 | ... CY82: =CX82-$L82 -> 9709.9813 | CZ82: 0
A83: ='[1]2021 УГРЦТ'!A86 -> Распределительный шкаф РШ-10 (Береговая водонасосная станция) | B83: ='[1]2021 УГРЦТ'!B86 -> 000001661 | C83: ='[1]2021 УГРЦТ'!C86 -> ПРОИЗВОДСТВО | D83: ='[1]2021 УГРЦТ'!D86 -> Машины и оборудование (кроме офисного) | E83: ='[1]2021 УГРЦТ'!E86 -> 31.07.2015 | F83: ='[1]2021 УГРЦТ'!F86 -> Электрический цех | G83: ='[1]2021 УГРЦТ'!AC86 -> 180 | H83: ='[1]2021 УГРЦТ'!X86 -> 190397.71 | I83: ='[1]2021 УГРЦТ'!Y86 -> 81448.231 | J83: ='[1]2021 УГРЦТ'!Z86 -> 108949.48 | K83: 0 | L83: 1057.76 | N83: =L83*12 -> 12693.12 | O83: =J83-$L83 -> 107891.72 | P83: =O83-$L83 -> 106833.96 | Q83: =P83-$L83 -> 105776.2 | R83: =Q83-$L83 -> 104718.44 | S83: =R83-$L83 -> 103660.68 | T83: =S83-$L83 -> 102602.92 | U83: =T83-$L83 -> 101545.16 | V83: =U83-$L83 -> 100487.4 | W83: =V83-$L83 -> 99429.639 | ... Z83: =Y83-$L83 -> 96256.359 | AC83: =L83*12 -> 12693.12 | AD83: =Z83-$L83 -> 95198.599 | AE83: =AD83-$L83 -> 94140.839 | AF83: =AE83-$L83 -> 93083.079 | AG83: =AF83-$L83 -> 92025.319 | AH83: =AG83-$L83 -> 90967.559 | AI83: =AH83-$L83 -> 89909.799 | AJ83: =AI83-$L83 -> 88852.039 | AK83: =AJ83-$L83 -> 87794.279 | AL83: =AK83-$L83 -> 86736.519 | ... AO83: =AN83-$L83 -> 83563.239 | AQ83: 1057.76 | AR83: =AN83-AO83 -> 1057.76 | AS83: =AR83-AQ83 -> -5.2295945e-12 | AT83: =L83*12 -> 12693.12 | AU83: =AO83-$L83 -> 82505.479 | AV83: =AU83-$L83 -> 81447.719 | AW83: =AV83-$L83 -> 80389.959 | AX83: =AW83-$L83 -> 79332.199 | AY83: =AX83-$L83 -> 78274.439 | AZ83: =AY83-$L83 -> 77216.679 | BA83: =AZ83-$L83 -> 76158.919 | BB83: =BA83-$L83 -> 75101.159 | BC83: =BB83-$L83 -> 74043.399 | ... BF83: =BE83-$L83 -> 70870.119 | BG83: =IF(K83<1,0,SUM(AU83:BF83,AO83)/13*$BG$1) -> 0 | BH83: 1057.76 | BI83: =BH83*12 -> 12693.12 | BJ83: =BF83-BH83 -> 69812.359 | BK83: =BJ83-$L83 -> 68754.599 | BL83: =BK83-$L83 -> 67696.839 | BM83: =BL83-$L83 -> 66639.079 | BN83: =BM83-$L83 -> 65581.319 | BO83: =BN83-$L83 -> 64523.559 | BP83: =BO83-$L83 -> 63465.799 | BQ83: =BP83-$L83 -> 62408.039 | BR83: =BQ83-$L83 -> 61350.279 | ... BU83: =BT83-$L83 -> 58176.999 | BV83: 0 | BW83: 1057.76 | BX83: =BW83*12 -> 12693.12 | BY83: =BU83-BW83 -> 57119.239 | BZ83: =BY83-$L83 -> 56061.479 | CA83: =BZ83-$L83 -> 55003.719 | CB83: =CA83-$L83 -> 53945.959 | CC83: =CB83-$L83 -> 52888.199 | CD83: =CC83-$L83 -> 51830.439 | CE83: =CD83-$L83 -> 50772.679 | CF83: =CE83-$L83 -> 49714.919 | CG83: =CF83-$L83 -> 48657.159 | ... CJ83: =CI83-$L83 -> 45483.879 | CK83: 0 | CL83: 1057.76 | CM83: =CL83*12 -> 12693.12 | CN83: =CJ83-CL83 -> 44426.119 | CO83: =CN83-$L83 -> 43368.359 | CP83: =CO83-$L83 -> 42310.599 | CQ83: =CP83-$L83 -> 41252.839 | CR83: =CQ83-$L83 -> 40195.079 | CS83: =CR83-$L83 -> 39137.319 | CT83: =CS83-$L83 -> 38079.559 | CU83: =CT83-$L83 -> 37021.799 | CV83: =CU83-$L83 -> 35964.039 | ... CY83: =CX83-$L83 -> 32790.759 | CZ83: 0
A84: ='[1]2021 УГРЦТ'!A87 -> Распределительный шкаф РШ-11 ( Водонасосная (новая) | B84: ='[1]2021 УГРЦТ'!B87 -> 000001606 | C84: ='[1]2021 УГРЦТ'!C87 -> ПРОИЗВОДСТВО | D84: ='[1]2021 УГРЦТ'!D87 -> Машины и оборудование (кроме офисного) | E84: ='[1]2021 УГРЦТ'!E87 -> 31.12.2013 | F84: ='[1]2021 УГРЦТ'!F87 -> Электрический цех | G84: ='[1]2021 УГРЦТ'!AC87 -> 180 | H84: ='[1]2021 УГРЦТ'!X87 -> 145653.02 | I84: ='[1]2021 УГРЦТ'!Y87 -> 77681.321 | J84: ='[1]2021 УГРЦТ'!Z87 -> 67971.699 | K84: 0 | L84: 809.19 | N84: =L84*12 -> 9710.28 | O84: =J84-$L84 -> 67162.509 | P84: =O84-$L84 -> 66353.319 | Q84: =P84-$L84 -> 65544.129 | R84: =Q84-$L84 -> 64734.939 | S84: =R84-$L84 -> 63925.749 | T84: =S84-$L84 -> 63116.559 | U84: =T84-$L84 -> 62307.369 | V84: =U84-$L84 -> 61498.179 | W84: =V84-$L84 -> 60688.989 | ... Z84: =Y84-$L84 -> 58261.419 | AC84: =L84*12 -> 9710.28 | AD84: =Z84-$L84 -> 57452.229 | AE84: =AD84-$L84 -> 56643.039 | AF84: =AE84-$L84 -> 55833.849 | AG84: =AF84-$L84 -> 55024.659 | AH84: =AG84-$L84 -> 54215.469 | AI84: =AH84-$L84 -> 53406.279 | AJ84: =AI84-$L84 -> 52597.089 | AK84: =AJ84-$L84 -> 51787.899 | AL84: =AK84-$L84 -> 50978.709 | ... AO84: =AN84-$L84 -> 48551.139 | AQ84: 809.19 | AR84: =AN84-AO84 -> 809.19 | AS84: =AR84-AQ84 -> 2.2737368e-12 | AT84: =L84*12 -> 9710.28 | AU84: =AO84-$L84 -> 47741.949 | AV84: =AU84-$L84 -> 46932.759 | AW84: =AV84-$L84 -> 46123.569 | AX84: =AW84-$L84 -> 45314.379 | AY84: =AX84-$L84 -> 44505.189 | AZ84: =AY84-$L84 -> 43695.999 | BA84: =AZ84-$L84 -> 42886.809 | BB84: =BA84-$L84 -> 42077.619 | BC84: =BB84-$L84 -> 41268.429 | ... BF84: =BE84-$L84 -> 38840.859 | BG84: =IF(K84<1,0,SUM(AU84:BF84,AO84)/13*$BG$1) -> 0 | BH84: 809.19 | BI84: =BH84*12 -> 9710.28 | BJ84: =BF84-BH84 -> 38031.669 | BK84: =BJ84-$L84 -> 37222.479 | BL84: =BK84-$L84 -> 36413.289 | BM84: =BL84-$L84 -> 35604.099 | BN84: =BM84-$L84 -> 34794.909 | BO84: =BN84-$L84 -> 33985.719 | BP84: =BO84-$L84 -> 33176.529 | BQ84: =BP84-$L84 -> 32367.339 | BR84: =BQ84-$L84 -> 31558.149 | ... BU84: =BT84-$L84 -> 29130.579 | BV84: 0 | BW84: 809.19 | BX84: =BW84*12 -> 9710.28 | BY84: =BU84-BW84 -> 28321.389 | BZ84: =BY84-$L84 -> 27512.199 | CA84: =BZ84-$L84 -> 26703.009 | CB84: =CA84-$L84 -> 25893.819 | CC84: =CB84-$L84 -> 25084.629 | CD84: =CC84-$L84 -> 24275.439 | CE84: =CD84-$L84 -> 23466.249 | CF84: =CE84-$L84 -> 22657.059 | CG84: =CF84-$L84 -> 21847.869 | ... CJ84: =CI84-$L84 -> 19420.299 | CK84: 0 | CL84: 809.19 | CM84: =CL84*12 -> 9710.28 | CN84: =CJ84-CL84 -> 18611.109 | CO84: =CN84-$L84 -> 17801.919 | CP84: =CO84-$L84 -> 16992.729 | CQ84: =CP84-$L84 -> 16183.539 | CR84: =CQ84-$L84 -> 15374.349 | CS84: =CR84-$L84 -> 14565.159 | CT84: =CS84-$L84 -> 13755.969 | CU84: =CT84-$L84 -> 12946.779 | CV84: =CU84-$L84 -> 12137.589 | ... CY84: =CX84-$L84 -> 9710.0187 | CZ84: 0
